Workbook
Name Bdgt_ADEME: ADEME!$E$6:$E$30
Name Bdgt_EDF: EDF!$E$6:$E$84
Name Bdgt_ETG_SALE: 'ETANG-SALE'!$D$5:$D$11
Name Bdgt_FRAFU: 'FRAFU DEAL'!$H$6:$H$152
Name Bdgt_LBU: 'LBU DEAL'!$I$6:$I$397
Name Bdgt_P_Ile: 'PETITE ILE'!$C$6:$C$16
Name Bdgt_Rectorat: RECTORAT!$G$6:$G$13
Name Bdgt_Region: REGION!$G$6:$G$29
Name Bdgt_Rehab: 'LBU REHAB'!$I$6:$I$48
Name Bdgt_ST_JO: 'ST JOSEPH'!$D$5:$D$16
Name Date_AF_FRAFU: 'FRAFU DEAL'!$K$6:$K$152
Name DateAF: 'FRAFU DEAL'!$K$6:$K$152
Name DateAF_ADEME: ADEME!$H$6:$H$30
Name DateAF_CAF: CAF!$H$6:$H$41
Name DateAF_EAU: 'OFFICE DE L''EAU'!$G$7:$G$14
Name DateAF_EDF: EDF!$H$7:$H$59
Name DateAF_FEDER: FEDER!$J$7:$J$13
Name DateAF_LBU: 'LBU DEAL'!$L$6:$L$397
Name DateAF_LBU_rehab: 'LBU REHAB'!$L$6:$L$48
Name DateAF_P_ILE: 'PETITE ILE'!$F$7:$F$16
Name DateAF_Region: REGION!$J$6:$J$29
Name DateAF_ST_JOSEPH: 'ST JOSEPH'!$G$6:$G$15
Name DateAF_ST_LEU: 'ST LEU'!$G$6:$G$45
Name DateAF_TCO: TCO!$H$7:$H$15
Name DatePmt: 'FRAFU DEAL'!$M$6:$M$152
Name DatePmt_ADEME: ADEME!$J$6:$J$30
Name DatePmt_caf: CAF!$J$6:$J$41
Name DatePmt_EAU: 'OFFICE DE L''EAU'!$I$7:$I$14
Name DatePmt_EDF: EDF!$J$7:$J$59
Name DatePmt_FEDER: FEDER!$L$7:$L$13
Name DatePmt_LBU: 'LBU DEAL'!$N$6:$N$397
Name DatePmt_P_ILE: 'PETITE ILE'!$H$7:$H$16
Name DatePmt_Region: REGION!$L$6:$L$29
Name DatePmt_ST_JOSEPH: 'ST JOSEPH'!$I$5:$I$16
Name DatePmt_ST_LEU: 'ST LEU'!$I$6:$I$45
Name DatePmt_TCO: TCO!$J$7:$J$15
Name DatePmtRehab: 'LBU REHAB'!$N$6:$N$48
Name MontantAF: 'FRAFU DEAL'!$I$6:$I$152
Name MontantAF_ADEME: ADEME!$F$6:$F$30
Name MontantAF_CAF: CAF!$F$6:$F$41
Name MontantAF_EAU: 'OFFICE DE L''EAU'!$E$7:$E$14
Name MontantAF_EDF: EDF!$F$7:$F$59
Name MontantAF_FEDER: FEDER!$H$7:$H$13
Name MontantAF_FRAFU: 'FRAFU DEAL'!$I$6:$I$152
Name MontantAF_LBU: 'LBU DEAL'!$J$6:$J$397
Name MontantAF_LBU_rehab: 'LBU REHAB'!$J$6:$J$48
Name MontantAF_P_ILE: 'PETITE ILE'!$D$7:$D$16
Name MontantAF_Region: REGION!$H$6:$H$29
Name MontantAF_ST_JOSEPH: 'ST JOSEPH'!$E$6:$E$15
Name MontantAF_ST_LEU: 'ST LEU'!$E$6:$E$45
Name MontantAF_TCO: TCO!$F$7:$F$15
Name MontantPaye: 'FRAFU DEAL'!$L$6:$L$152
Name MontantPayeRehab: 'LBU REHAB'!$M$6:$M$48
Name MtntPaye_ADEME: ADEME!$I$6:$I$30
Name MtntPaye_CAF: CAF!$I$6:$I$41
Name MtntPaye_EAU: 'OFFICE DE L''EAU'!$H$7:$H$14
Name MtntPaye_EDF: EDF!$I$7:$I$59
Name MtntPaye_FEDER: FEDER!$K$7:$K$13
Name MtntPaye_LBU: 'LBU DEAL'!$M$6:$M$397
Name MtntPaye_P_ILE: 'PETITE ILE'!$G$7:$G$16

Sheet SYNTHESE
B1: Budget | C1: Versé | D1: Appelé (Non payé) | E1: Non appelé
A2: FRAFU DEAL | B2: ='FRAFU DEAL'!H153 -> 26941525 | C2: ='FRAFU DEAL'!L153 -> 18793761 | D2: ='FRAFU DEAL'!O153 -> 712517.92 | E2: ='FRAFU DEAL'!P153 -> 7397110.5 | F2: =B2-(C2+D2+E2) -> 38134.822 | G2: DESIRE 1/2
A3: LBU DEAL | B3: ='LBU DEAL'!I398 -> 38901471 | C3: ='LBU DEAL'!M398 -> 25452869 | D3: ='LBU DEAL'!P398 -> 523812 | E3: ='LBU DEAL'!Q398 -> 12924786 | F3: =B3-(C3+D3+E3) -> 4
A4: SAINT-LEU | B4: ='ST LEU'!D38+'ST LEU'!D40 -> 4270508.3 | C4: ='ST LEU'!H38+'ST LEU'!H46 -> 3896551 | D4: ='ST LEU'!K38+'ST LEU'!K46 -> 551506.14 | E4: ='ST LEU'!L38+'ST LEU'!L46 -> 0 | F4: =B4-(C4+D4+E4) -> -177548.87 | G4: VERIF SOBEPRE
A5: CAF | B5: =CAF!E42 -> 1370000 | C5: =CAF!I42 -> 1210000 | D5: =CAF!L42 -> 0 | E5: =CAF!M42 -> 160000 | F5: =B5-(C5+D5+E5) -> 0
A6: REGION | B6: =REGION!G30 -> 3829151.4 | C6: =REGION!K30 -> 2700924.1 | D6: =REGION!N30 -> 18394.2 | E6: =REGION!O30 -> 941484.5 | F6: =B6-(C6+D6+E6) -> 168348.64 | G6: Pepinière : dépenses pas atteintes
A7: DIECCTE | B7: =DIECCTE!D6 -> 66848.64 | C7: =DIECCTE!H11 -> 57101.89 | D7: =DIECCTE!K11 -> 0 | E7: =DIECCTE!L11 -> 0 | F7: =B7-(C7+D7+E7) -> 9746.75
A8: FEDER | B8: =FEDER!G14 -> 1712805.3 | C8: =FEDER!K14 -> 1492522.4 | D8: =FEDER!N14 -> 0 | E8: =FEDER!O14 -> 0 | F8: =B8-(C8+D8+E8) -> 220282.86
A9: TCO | B9: =TCO!E16 -> 500814.33 | C9: =TCO!I16 -> 359788.59 | D9: =TCO!L16 -> 90808.98 | E9: =TCO!M16 -> 50211.41 | F9: =B9-(C9+D9+E9) -> 5.3523194
A10: EDF | B10: =+EDF!E84 -> 2197461.4 | C10: =+EDF!I84 -> 1009076.5 | D10: =+EDF!L84 -> 294933.79 | E10: =+EDF!M84 -> 715764.07 | F10: =B10-(C10+D10+E10) -> 177687.05
A11: SAINT-JOSEPH | B11: ='ST JOSEPH'!D17 -> 510715.38 | C11: ='ST JOSEPH'!H17 -> 364604.28 | D11: ='ST JOSEPH'!K17 -> 0 | E11: ='ST JOSEPH'!L17 -> 146111.1 | F11: =B11-(C11+D11+E11) -> 0
A12: OFFICE EAU | B12: =+'OFFICE DE L''EAU'!D15 -> 350572.66 | C12: =+'OFFICE DE L''EAU'!H15 -> 225067.56 | D12: =+'OFFICE DE L''EAU'!K15 -> 125505.1 | E12: =+'OFFICE DE L''EAU'!L15 -> 0 | F12: =B12-(C12+D12+E12) -> 0
A13: ADEME | B13: =+ADEME!E10 -> 0 | C13: =+ADEME!I10 -> 25600 | D13: =+ADEME!L10 -> 0 | E13: =+ADEME!M10 -> 0 | F13: =B13-(C13+D13+E13) -> -25600
A14: ETG SALE | B14: =+'ETANG-SALE'!D12 -> 1085000 | C14: =+'ETANG-SALE'!H12 -> 1627500 | D14: =+'ETANG-SALE'!K12 -> 1085000 | E14: =+'ETANG-SALE'!L12 -> 0 | F14: =B14-(C14+D14+E14) -> -1627500
A15: PETITE-ILE | B15: ='PETITE ILE'!C17 -> 1924239.6 | C15: ='PETITE ILE'!G17 -> 1872435.3 | D15: ='PETITE ILE'!J17 -> 0 | E15: ='PETITE ILE'!K17 -> 46021.32 | F15: =B15-(C15+D15+E15) -> 5783
A16: Total | B16: =SUM(B4:B15) -> 17818117 | C16: =SUM(C4:C15) -> 14841172 | D16: =SUM(D4:D15) -> 2166148.2 | E16: =SUM(E4:E15) -> 2059592.4 | F16: =B16-(C16+D16+E16) -> -1248795.2
E18: 26105888 | F18: au 31/05/15
B22: AF REALISES | D22: FRAFU DEAL | E22: LBU DEAL | F22: LBU REHAB | G22: ST LEU | H22: CAF | I22: REGION | J22: RECTORAT | K22: DIECCTE | L22: FEDER | M22: TCO | N22: ADEME | O22: PETITE ILE | P22: EDF | Q22: OFFICE EAU | R22: ETG SALE | S22: ST JOSEPH
B23: 2006 | C23: =SUM(D23:Q23) -> 1558057.8 | D23: ='FRAFU DEAL'!I157 -> 1558057.8 | E23: 0 | F23: 0 | G23: 0 | H23: 0 | I23: 0 | J23: 0 | K23: 0 | L23: 0 | M23: 0 | N23: 0 | O23: 0 | P23: 0 | Q23: 0
B24: 2007 | C24: =SUM(D24:Q24) -> 170100 | D24: ='FRAFU DEAL'!I158 -> 170100 | E24: ='LBU DEAL'!J402 -> 0 | F24: 0 | G24: 0 | H24: 0 | I24: 0 | J24: 0 | K24: 0 | L24: 0 | M24: 0 | N24: 0 | O24: 0 | P24: 0 | Q24: 0
B25: 2010 | C25: =SUM(D25:Q25) -> 2779598.6 | D25: ='FRAFU DEAL'!I159 -> 63180 | E25: ='LBU DEAL'!J403 -> 2578304 | F25: 0 | G25: 0 | H25: 0 | I25: 0 | J25: 0 | K25: 0 | L25: 0 | M25: =+TCO!L21 -> 68000 | N25: 0 | O25: 0 | P25: 0 | Q25: =+'OFFICE DE L''EAU'!K19 -> 70114.53
B26: 2011 | C26: =SUM(D26:Q26) -> 3985527.6 | D26: ='FRAFU DEAL'!I160 -> 1113274 | E26: ='LBU DEAL'!J404 -> 1379921.7 | F26: 0 | G26: 0 | H26: 0 | I26: =REGION!H34 -> 735403.9 | J26: 0 | K26: 0 | L26: =+FEDER!N18 -> 124127.96 | M26: 0 | N26: =ADEME!F34 -> 12800 | O26: =+'PETITE ILE'!J22 -> 620000 | P26: 0 | Q26: 0
B27: 2012 | C27: =SUM(D27:Q27) -> 4881672.7 | D27: ='FRAFU DEAL'!I161 -> 1260319.3 | E27: ='LBU DEAL'!J405 -> 2290444.1 | F27: 0 | G27: ='ST LEU'!K58 -> 369138.64 | H27: =CAF!L48 -> 28000 | I27: =REGION!H35 -> 0 | J27: 0 | K27: 0 | L27: =+FEDER!N19 -> 117869.62 | M27: =+TCO!L22 -> 204000 | N27: =ADEME!F35 -> 0 | O27: =+'PETITE ILE'!K23 -> 611901 | P27: 0 | Q27: 0
B28: 2013 | C28: =SUM(D28:Q28) -> 6376229.2 | D28: ='FRAFU DEAL'!I162 -> 2866858.3 | E28: ='LBU DEAL'!J406 -> 2713185.8 | F28: 0 | G28: ='ST LEU'!K59 -> 328396.61 | H28: =CAF!L49 -> 175000 | I28: =REGION!H36 -> 205000 | J28: 0 | K28: 0 | L28: 0 | M28: =+TCO!L23 -> 87788.59 | N28: =ADEME!F36 -> 0 | O28: 0 | P28: 0 | Q28: 0
B29: 2014 | C29: =SUM(D29:Q29) -> 8649914.8 | D29: ='FRAFU DEAL'!I163 -> 2269922.4 | E29: ='LBU DEAL'!J407 -> 2180533.4 | F29: 0 | G29: ='ST LEU'!K60 -> 3077009.7 | H29: =CAF!L50 -> 190000 | I29: =REGION!H37 -> 94683.18 | J29: 0 | K29: 0 | L29: =+FEDER!N20 -> 809277.2 | M29: =+TCO!L24 -> 20808.98 | N29: =ADEME!F37 -> 7680 | O29: 0 | P29: 0 | Q29: 0
B30: 2015 | C30: =SUM(D30:Q30) -> 9923576.8 | D30: ='FRAFU DEAL'!I164 -> 3264503.6 | E30: ='LBU DEAL'!J408 -> 3885594.5 | F30: 0 | G30: ='ST LEU'!K61 -> 443115.66 | H30: =CAF!L51 -> 269500 | I30: =REGION!H38 -> 544244.53 | J30: 0 | K30: =DIECCTE!E7 -> 66848.64 | L30: =+FEDER!N21 -> 499678.77 | M30: =+TCO!L25 -> 70000 | N30: =ADEME!F38 -> 5120 | O30: =+'PETITE ILE'!J24 -> 594513 | P30: 0 | Q30: =+'OFFICE DE L''EAU'!K20 -> 280458.13 | R30: =+'ETANG-SALE'!E12 -> 1085000
B31: 2016 | C31: =SUM(D31:Q31) -> 5882024.6 | D31: ='FRAFU DEAL'!I165 -> 3128172.5 | E31: ='LBU DEAL'!J409 -> 2177727.8 | F31: 0 | G31: ='ST LEU'!K62 -> 0 | H31: =CAF!L52 -> 135000 | I31: =REGION!H39 -> 205000 | J31: 0 | K31: 0 | L31: =+FEDER!N22 -> 0 | M31: 0 | N31: =ADEME!F39 -> 0 | O31: =+'PETITE ILE'!J25 -> 0 | P31: =+EDF!L88 -> 236124.36 | Q31: 0 | S31: =+'ST JOSEPH'!K21 -> 109246.59
A32: =C32/C31 -> 1.0827911 | B32: 2017 | C32: =SUM(D32:Q32) -> 6369003.9 | D32: ='FRAFU DEAL'!I166 -> 1630791.1 | E32: ='LBU DEAL'!J410 -> 3905691.4 | F32: 0 | G32: ='ST LEU'!K63 -> 41383.38 | H32: =CAF!L53 -> 288000 | I32: =REGION!H40 -> 0 | J32: 0 | K32: 0 | L32: =+FEDER!N23 -> 0 | M32: 0 | N32: =ADEME!F40 -> 7700 | O32: 0 | P32: =+EDF!L89 -> 495438.09 | Q32: 0 | S32: =+'ST JOSEPH'!K22 -> 146111.1
B33: 2018 | C33: =SUM(D33:Q33) -> 7887775.3 | D33: ='FRAFU DEAL'!I167 -> 1325881.8 | E33: ='LBU DEAL'!J411 -> 3811521.1 | F33: ='LBU REHAB'!J54 -> 244390 | G33: ='ST LEU'!K64 -> 0 | H33: =CAF!L54 -> 124500 | I33: =REGION!H41 -> 941484.5 | J33: =RECTORAT!H7+RECTORAT!H11 -> 941484.5 | K33: 0 | L33: 0 | M33: 0 | N33: =ADEME!F41 -> 16660 | O33: =+'PETITE ILE'!J26 -> 46021.32 | P33: =+EDF!L90 -> 435832.06 | R33: ='ETANG-SALE'!E8+'ETANG-SALE'!E10 -> 1085000 | S33: =+'ST JOSEPH'!K23 -> 109246.59
B34: 2019 | C34: =SUM(D34:Q34) -> 1335940.6 | D34: ='FRAFU DEAL'!I168 -> 136252.48 | E34: ='LBU DEAL'!J412 -> 1060448.2 | F34: ='LBU REHAB'!J55 -> 0 | G34: 0 | H34: 0 | I34: =REGION!H42 -> 0 | K34: 0 | L34: 0 | M34: 0 | N34: =ADEME!F42 -> 1575 | O34: ='PETITE ILE'!J27 -> 0 | P34: =EDF!L91 -> 137664.93
C35: =SUM(C23:C34) -> 59799422 | D35: =SUM(D23:D34) -> 18787313 | E35: =SUM(E23:E34) -> 25983372 | G35: =SUM(G23:G34) -> 4259044 | H35: =SUM(H23:H34) -> 1210000 | I35: =SUM(I23:I34) -> 2725816.1 | J35: =SUM(J23:J34) -> 941484.5 | K35: =SUM(K23:K34) -> 66848.64 | L35: =SUM(L23:L34) -> 1550953.6 | M35: =SUM(M23:M34) -> 450597.57 | N35: =SUM(N23:N34) -> 51535 | ... S35: =SUM(S23:S34) -> 364604.28
D36: =D35-'FRAFU DEAL'!I169 -> 0 | E36: =E35-'LBU DEAL'!J413 -> 1060448.2 | G36: =G35-'ST LEU'!K65 -> 0 | H36: =H35-CAF!L55 -> 0 | I36: =I35-REGION!$H$43 -> 0 | L36: =+L35-FEDER!N24 -> 0 | M36: =+M35-TCO!L26 -> 0 | N36: =+N35-ADEME!F31 -> 0 | O36: =+O35-'PETITE ILE'!J28 -> 0 | P36: =+P35-EDF!L92 -> 0 | Q36: =+Q35-'OFFICE DE L''EAU'!K21 -> 0 | R36: =+R35-'ETANG-SALE'!E12 -> 1085000 | S36: =+S35-'ST JOSEPH'!K25 -> 0

Sheet FRAFU DEAL
A2: ETAT DES CREANCES : FRAFU DEAL | P2: =TODAY() -> 43593
I4: APPELS DE FONDS | O4: RESTE A PERCEVOIR | Q4: Observations
A5: Opération | C5: Signature | D5: Date limite démarrage | E5: Date DCEO | F5: Fin convention | G5: Date DAT | H5: BUDGET | I5: Montant | J5: N° | K5: Date | L5: Payé | M5: Date | N5: Nbre js d'impayés | O5: A payer | P5: Non appelé
A6: FRAFU JULES VIENNE | C6: 40506 | D6: =DATE(YEAR(C6)+2,MONTH(C6),DAY(C6)) -> 41237 | E6: 40945 | F6: =DATE(YEAR(E6)+4,MONTH(E6),DAY(E6)) -> 42406 | G6: 41669 | H6: 555000 | L6: =SUM(L7:L12) -> 555000 | O6: =SUM(O7:O12) -> 0 | P6: =SUM(P7:P12) -> 0 | R6: =H6-(L6+O6+P6) -> 0
A7: FRAFU JULES VIENNE | I7: 242850 | J7: 1 | K7: 40648 | L7: 242850 | M7: 40787 | N7: =IF(M7="",$P$2-K7,M7-K7) -> 139 | O7: =IF(L7="en attente",I7,"") | P7: =IF(K7="",I7-L7,0) -> 0
A8: FRAFU JULES VIENNE | I8: 45966.39 | J8: 2 | K8: 41073 | L8: 45966.39 | M8: 41170 | N8: =IF(M8="",$P$2-K8,M8-K8) -> 97 | O8: =IF(L8="en attente",I8,"") | P8: =IF(K8="",I8-L8,0) -> 0
A9: FRAFU JULES VIENNE | I9: 45329.07 | J9: 3 | K9: 41143 | L9: 45329.07 | M9: 41187 | N9: =IF(M9="",$P$2-K9,M9-K9) -> 44 | O9: =IF(L9="en attente",I9,"") | P9: =IF(K9="",I9-L9,0) -> 0
A10: FRAFU JULES VIENNE | I10: 70348.05 | J10: 4 | K10: 41192 | L10: 70348.05 | M10: 41243 | N10: =IF(M10="",$P$2-K10,M10-K10) -> 51 | O10: =IF(L10="en attente",I10,"") | P10: =IF(K10="",I10-L10,0) -> 0
A11: FRAFU JULES VIENNE | I11: 40785.4 | J11: 5 | K11: 41387 | L11: 40785.4 | M11: 41551 | N11: =IF(M11="",$P$2-K11,M11-K11) -> 164 | O11: =IF(L11="en attente",I11,"") | P11: =IF(K11="",I11-L11,0) -> 0
A12: FRAFU JULES VIENNE | I12: 109721.09 | J12: 6 | K12: 41957 | L12: 109721.09 | M12: 42104 | N12: =IF(M12="",$P$2-K12,M12-K12) -> 147 | O12: =IF(L12="en attente",I12,"") | P12: =IF(K12="",I12-L12,0) -> 0
A13: FRAFU P'TIT CANAL | C13: 40491 | D13: =DATE(YEAR(C13)+2,MONTH(C13),DAY(C13)) -> 41222 | E13: 40939 | F13: =DATE(YEAR(E13)+4,MONTH(E13),DAY(E13)) -> 42400 | G13: 41709 | H13: 400000 | L13: =SUM(L14:L19) -> 400000 | O13: =SUM(O14:O19) -> 0 | P13: =SUM(P14:P19) -> 0 | R13: =H13-(L13+O13+P13) -> 0
A14: FRAFU P'TIT CANAL | H14: =I14/$H$13 -> 0.2373 | I14: 94920 | J14: 1 | K14: 40561 | L14: 94920 | M14: 40877 | N14: =IF(M14="",$P$2-K14,M14-K14) -> 316 | O14: =IF(L14="en attente",I14,"") | P14: =IF(K14="",I14-L14,0) -> 0
A15: FRAFU P'TIT CANAL | H15: =I15/$H$13+H14 -> 0.4149225 | I15: 71049 | J15: 2 | K15: 41143 | L15: 71049 | M15: 41257 | N15: =IF(M15="",$P$2-K15,M15-K15) -> 114 | O15: =IF(L15="en attente",I15,"") | P15: =IF(K15="",I15-L15,0) -> 0
A16: FRAFU P'TIT CANAL | H16: =I16/$H$13+H15 -> 0.54004782 | I16: 50050.13 | J16: 3 | K16: 41191 | L16: 50050.13 | M16: 41987 | N16: =IF(M16="",$P$2-K16,M16-K16) -> 796 | O16: =IF(L16="en attente",I16,"") | P16: =IF(K16="",I16-L16,0) -> 0
A17: FRAFU P'TIT CANAL | H17: =I17/$H$13+H16 -> 0.65286377 | I17: 45126.38 | J17: 4 | K17: 41361 | L17: 45126.38 | M17: 41508 | N17: =IF(M17="",$P$2-K17,M17-K17) -> 147 | O17: =IF(L17="en attente",I17,"") | P17: =IF(K17="",I17-L17,0) -> 0
A18: FRAFU P'TIT CANAL | H18: =I18/$H$13+H17 -> 0.7868041 | I18: 53576.13 | J18: 5 | K18: 41549 | L18: 53576.13 | M18: 41680 | N18: =IF(M18="",$P$2-K18,M18-K18) -> 131 | O18: =IF(L18="en attente",I18,"") | P18: =IF(K18="",I18-L18,0) -> 0
A19: FRAFU P'TIT CANAL | H19: =I19/$H$13+H18 -> 1 | I19: 85278.36 | J19: 6 | K19: 42037 | L19: 85278.36 | M19: 42314 | N19: =IF(M19="",$P$2-K19,M19-K19) -> 277 | O19: =IF(L19="en attente",I19,"") | P19: =IF(K19="",I19-L19,0) -> 0
A20: FRAFU DESIRE | C20: 40506 | D20: =DATE(YEAR(C20)+2,MONTH(C20),DAY(C20)) -> 41237 | E20: 40721 | F20: =DATE(YEAR(E20)+4,MONTH(E20),DAY(E20)) -> 42182 | G20: 41605 | H20: 660000 | L20: =SUM(L21:L27) -> 656094.66 | O20: =SUM(O21:O27) -> 0 | P20: =SUM(P21:P27) -> 0 | R20: =H20-(L20+O20+P20) -> 3905.34
A21: FRAFU DESIRE | H21: =I21/$H$20 -> 0.23835909 | I21: 157317 | J21: 1 | K21: 40648 | L21: 157317 | M21: 40787 | N21: =IF(M21="",$P$2-K21,M21-K21) -> 139 | O21: =IF(L21="en attente",I21,"") | P21: =IF(K21="",I21-L21,0) -> 0 | R21: recalcul FRAFU ?
A22: FRAFU DESIRE | H22: =I22/$H$20+H21 -> 0.40604545 | I22: 110673 | J22: 2 | K22: 40830 | L22: 110673 | M22: 40876 | N22: =IF(M22="",$P$2-K22,M22-K22) -> 46 | O22: =IF(L22="en attente",I22,"") | P22: =IF(K22="",I22-L22,0) -> 0
A23: FRAFU DESIRE | H23: =I23/$H$20+H22 -> 0.4722313 | I23: 43682.66 | J23: 3 | K23: 41143 | L23: 43682.66 | M23: 41187 | N23: =IF(M23="",$P$2-K23,M23-K23) -> 44 | O23: =IF(L23="en attente",I23,"") | P23: =IF(K23="",I23-L23,0) -> 0
A24: FRAFU DESIRE | H24: =I24/$H$20+H23 -> 0.68728847 | I24: 141937.73 | J24: 4 | K24: 41362 | L24: 141937.73 | M24: 41428 | N24: =IF(M24="",$P$2-K24,M24-K24) -> 66 | O24: =IF(L24="en attente",I24,"") | P24: =IF(K24="",I24-L24,0) -> 0
A25: FRAFU DESIRE | H25: =I25/$H$20+H24 -> 0.76837297 | I25: 53515.77 | J25: 5 | K25: 41549 | L25: 53515.77 | M25: 41638 | N25: =IF(M25="",$P$2-K25,M25-K25) -> 89 | O25: =IF(L25="en attente",I25,"") | P25: =IF(K25="",I25-L25,0) -> 0
A26: FRAFU DESIRE | H26: =I26/$H$20+H25 -> 0.8 | I26: 20873.84 | J26: 6 | K26: 41673 | L26: 20873.84 | M26: 41743 | N26: =IF(M26="",$P$2-K26,M26-K26) -> 70 | O26: =IF(L26="en attente",I26,"") | P26: =IF(K26="",I26-L26,0) -> 0
A27: FRAFU DESIRE | H27: =I27/$H$20+H26 -> 1 | I27: 132000 | J27: 7 | K27: 42214 | L27: 128094.66 | M27: 42307 | N27: =IF(M27="",$P$2-K27,M27-K27) -> 93 | O27: =IF(L27="en attente",I27,"") | P27: =IF(K27="",I27-L27,0) -> 0
A28: FRAFU LAVOIR | C28: 40795 | H28: 280000 | L28: =SUM(L29:L32) -> 280000 | O28: =SUM(O29:O32) -> 0 | P28: =SUM(P29:P32) -> 0 | R28: =H28-(L28+O28+P28) -> 0
A29: FRAFU LAVOIR | I29: 129444 | J29: 1 | K29: 41143 | L29: 129444 | M29: 41199 | N29: =IF(M29="",$P$2-K29,M29-K29) -> 56 | O29: =IF(L29="en attente",I29,"") | P29: =IF(K29="",I29-L29,0) -> 0
A30: FRAFU LAVOIR | I30: 41989.59 | J30: 2 | K30: 41423 | L30: 41989.59 | M30: 41551 | N30: =IF(M30="",$P$2-K30,M30-K30) -> 128 | O30: =IF(L30="en attente",I30,"") | P30: =IF(K30="",I30-L30,0) -> 0
A31: FRAFU LAVOIR | I31: 52566.41 | J31: 3 | K31: 41673 | L31: 52566.41 | M31: 41743 | N31: =IF(M31="",$P$2-K31,M31-K31) -> 70 | O31: =IF(L31="en attente",I31,"") | P31: =IF(K31="",I31-L31,0) -> 0
A32: FRAFU LAVOIR | I32: 56000 | J32: 4 | K32: 42034 | L32: 56000 | M32: 42069 | N32: =IF(M32="",$P$2-K32,M32-K32) -> 35 | O32: =IF(L32="en attente",I32,"") | P32: =IF(K32="",I32-L32,0) -> 0 | Q32: Soldé - ok
A33: FRAFU AUBEPINES | B33: N° SHLS-FRAFU-11-0016 | C33: 40864 | D33: =DATE(YEAR(C33)+2,MONTH(C33),DAY(C33)) -> 41595 | E33: 41309 | F33: =DATE(YEAR(E33)+4,MONTH(E33),DAY(E33)) -> 42770 | G33: 42788 | H33: 340000 | L33: =SUM(L34:L37) -> 335175.78 | O33: =SUM(O34:O37) -> 0 | P33: =SUM(P34:P37) -> 0 | R33: =H33-(L33+O33+P33) -> 4824.22
A34: FRAFU AUBEPINES | C34: ok | E34: ok | F34: dde avenant faite | H34: =I34/$H$33 -> 0.4381 | I34: 148954 | J34: 1 | K34: 40892 | L34: 148954 | M34: 40994 | N34: =IF(M34="",$P$2-K34,M34-K34) -> 102 | O34: =IF(L34="en attente",I34,"") | P34: =IF(K34="",I34-L34,0) -> 0
A35: FRAFU AUBEPINES | H35: =I35/$H$33+H34 -> 0.569 | I35: 44506 | J35: 2 | K35: 41549 | L35: 44506 | M35: 41680 | N35: =IF(M35="",$P$2-K35,M35-K35) -> 131 | O35: =IF(L35="en attente",I35,"") | P35: =IF(K35="",I35-L35,0) -> 0
A36: FRAFU AUBEPINES | H36: 0.7603 | I36: 65042 | J36: 3 | K36: 42325 | L36: 65042 | M36: 42422 | O36: =IF(L36="en attente",I36,"") | P36: =IF(K36="",I36-L36,0) -> 0
A37: FRAFU AUBEPINES | H37: 0.9858 | I37: 76673.78 | J37: 4 | K37: 42997 | L37: 76673.78 | M37: 43448 | O37: =IF(L37="en attente",I37,"") | P37: =IF(K37="",I37-L37,0) -> 0 | Q37: Solde à réalisation de fin de trvx à 98,58 %
A38: FRAFU BOUTON D'OR | B38: N° SHLS-FRAFU-11-0024 | C38: 40864 | D38: =DATE(YEAR(C38)+2,MONTH(C38),DAY(C38)) -> 41595 | E38: 41303 | F38: 44175 | G38: 42954 | H38: 1300000 | L38: =SUM(L39:L44) -> 1286871.6 | O38: =SUM(O39:O44) -> 0 | P38: =SUM(P39:P44) -> 0 | R38: =H38-(L38+O38+P38) -> 13128.41
A39: FRAFU BOUTON D'OR | C39: ok | E39: ok | F39: suite à prorogation | H39: =I39/$H$38 -> 0.4863 | I39: 632190 | J39: 1 | K39: 40962 | L39: 632190 | M39: 41067 | N39: =IF(M39="",$P$2-K39,M39-K39) -> 105 | O39: =IF(L39="en attente",I39,"") | P39: =IF(K39="",I39-L39,0) -> 0
A40: FRAFU BOUTON D'OR | H40: =I40/$H$38+H39 -> 0.56350457 | I40: 100365.94 | J40: 2 | K40: 41549 | L40: 100365.94 | M40: 41653 | N40: =IF(M40="",$P$2-K40,M40-K40) -> 104 | O40: =IF(L40="en attente",I40,"") | P40: =IF(K40="",I40-L40,0) -> 0
A41: FRAFU BOUTON D'OR | H41: =I41/$H$38+H40 -> 0.68899496 | I41: 163137.51 | J41: 3 | K41: 41673 | L41: 163137.51 | M41: 41731 | N41: =IF(M41="",$P$2-K41,M41-K41) -> 58 | O41: =IF(L41="en attente",I41,"") | P41: =IF(K41="",I41-L41,0) -> 0
A42: FRAFU BOUTON D'OR | H42: =I42/$H$38+H41 -> 0.7155204 | I42: 34483.07 | J42: 4 | K42: 41941 | L42: 34483.07 | M42: 42030 | N42: =IF(M42="",$P$2-K42,M42-K42) -> 89 | O42: =IF(L42="en attente",I42,"") | P42: =IF(K42="",I42-L42,0) -> 0
A43: FRAFU BOUTON D'OR | H43: =I43/$H$38+H42 -> 0.8 | I43: 109823.48 | J43: 5 | K43: 42264 | L43: 109823.48 | M43: 42325 | N43: =IF(M43="",$P$2-K43,M43-K43) -> 61 | O43: =IF(L43="en attente",I43,"") | P43: =IF(K43="",I43-L43,0) -> 0
A44: FRAFU BOUTON D'OR | H44: =I44/$H$38+H43 -> 0.98990122 | I44: 246871.59 | J44: 6 | K44: 39596 | L44: 246871.59 | M44: 43304 | N44: =IF(M44="",$P$2-K44,M44-K44) -> 3708 | O44: =IF(L44="en attente",I44,"") | P44: =IF(K44="",I44-L44,0) -> 0 | Q44: Solde à réalisation de fin de trx à 98,99%
A45: FRAFU MIMOSAS | B45: N° SHLS-FRAFU-11-0023 | C45: 40864 | D45: =DATE(YEAR(C45)+2,MONTH(C45),DAY(C45)) -> 41595 | E45: 41309 | F45: =DATE(YEAR(E45)+4,MONTH(E45),DAY(E45)) -> 42770 | G45: 42202 | H45: 800000 | L45: =SUM(L46:L48) -> 800000 | O45: =SUM(O46:O48) -> 0 | P45: =SUM(P46:P48) -> 0 | R45: =H45-(L45+O45+P45) -> 0
A46: FRAFU MIMOSAS | C46: ok | E46: ok | H46: =I46/$H$45 -> 0.19969689 | I46: 159757.51 | J46: 1 | K46: 41701 | L46: 159757.51 | M46: 41758 | N46: =IF(M46="",$P$2-K46,M46-K46) -> 57 | O46: =IF(L46="en attente",I46,"") | P46: =IF(K46="",I46-L46,0) -> 0
A47: FRAFU MIMOSAS | H47: =I47/$H$45+H46 -> 0.40336768 | I47: 162936.63 | J47: 2 | K47: 42032 | L47: 162936.63 | M47: 42075 | N47: =IF(M47="",$P$2-K47,M47-K47) -> 43 | O47: =IF(L47="en attente",I47,"") | P47: =IF(K47="",I47-L47,0) -> 0
A48: FRAFU MIMOSAS | H48: =I48/$H$45+H47 -> 1 | I48: =H45-I46-I47 -> 477305.86 | J48: 3 | K48: 42697 | L48: 477305.86 | M48: 42758 | O48: =IF(L48="en attente",I48,"") | P48: =IF(K48="",I48-L48,0) -> 0
A49: FRAFU LAURENCY | B49: N° SHLS-FRAFU-12-0006 | C49: 41207 | D49: =DATE(YEAR(C49)+2,MONTH(C49),DAY(C49)) -> 41937 | E49: 41295 | F49: =DATE(YEAR(E49)+4,MONTH(E49),DAY(E49)) -> 42756 | G49: 42326 | H49: 440000 | L49: =SUM(L50:L52) -> 440000 | O49: =SUM(O50:O52) -> 0 | P49: =SUM(P50:P52) -> 0 | R49: =H49-(L49+O49+P49) -> 0
A50: FRAFU LAURENCY | C50: ok | E50: ok | H50: =I50/$H$49 -> 0.39935325 | I50: 175715.43 | J50: 1 | K50: 41554 | L50: 175715.43 | M50: 41683 | N50: =IF(M50="",$P$2-K50,M50-K50) -> 129 | O50: =IF(L50="en attente",I50,"") | P50: =IF(K50="",I50-L50,0) -> 0
A51: FRAFU LAURENCY | H51: =I51/$H$49+H50 -> 0.8 | I51: 176284.57 | J51: 2 | K51: 42261 | L51: 176284.57 | M51: 42314 | O51: =IF(L51="en attente",I51,"") | P51: =IF(K51="",I51-L51,0) -> 0
A52: FRAFU LAURENCY | H52: =I52/$H$49+H51 -> 1 | I52: 88000 | J52: 3 | K52: 42740 | L52: 88000 | M52: 42794 | O52: =IF(L52="en attente",I52,"") | P52: =IF(K52="",I52-L52,0) -> 0
A53: FRAFU LE CAP | B53: N° SHLS-FRAFU- 12-0007 | C53: 41185 | D53: =DATE(YEAR(C53)+2,MONTH(C53),DAY(C53)) -> 41915 | E53: 41491 | F53: =DATE(YEAR(E53)+4,MONTH(E53),DAY(E53)) -> 42952 | G53: 42633 | H53: 480000 | L53: =SUM(L54:L57) -> 480000 | O53: =SUM(O54:O57) -> 0 | P53: =SUM(P54:P57) -> 0 | R53: =H53-(L53+O53+P53) -> 0
A54: FRAFU LE CAP | C54: ok | H54: =I54/$H$53 -> 0.37244579 | I54: 178773.98 | J54: 1 | K54: 41674 | L54: 178773.98 | M54: 41736 | N54: =IF(M54="",$P$2-K54,M54-K54) -> 62 | O54: =IF(L54="en attente",I54,"") | P54: =IF(K54="",I54-L54,0) -> 0
A55: FRAFU LE CAP | H55: =I55/$H$53+H54 -> 0.55404971 | I55: 87169.88 | J55: 2 | K55: 41869 | L55: 87169.88 | M55: 41915 | N55: =IF(M55="",$P$2-K55,M55-K55) -> 46 | O55: =IF(L55="en attente",I55,"") | P55: =IF(K55="",I55-L55,0) -> 0
A56: FRAFU LE CAP | H56: 0.7333 | I56: 86025.01 | J56: 3 | K56: 42327 | L56: 86025.01 | M56: 42422 | N56: =IF(M56="",$P$2-K56,M56-K56) -> 95 | O56: =IF(L56="en attente",I56,"") | P56: =IF(K56="",I56-L56,0) -> 0
A57: FRAFU LE CAP | H57: 1 | I57: =H53-SUM(I54:I56) -> 128031.13 | J57: 4 | K57: 42920 | L57: 128031.13 | M57: 43018 | O57: =IF(L57="en attente",I57,"") | P57: =IF(K57="",I57-L57,0) -> 0
A58: FRAFU DESIRE 2 | B58: N° SHLS-FRAFU-12-0002 | C58: 41185 | D58: =DATE(YEAR(C58)+2,MONTH(C58),DAY(C58)) -> 41915 | E58: 41316 | F58: =DATE(YEAR(E58)+4,MONTH(E58),DAY(E58)) -> 42777 | G58: 41873 | H58: 138200 | L58: =SUM(L59:L60) -> 122205.97 | O58: =SUM(O59:O60) -> 0 | P58: =SUM(P59:P60) -> 0 | R58: =H58-(L58+O58+P58) -> 15994.03
A59: FRAFU DESIRE 2 | C59: ok | E59: corrigé | H59: =I59/$H$58 -> 0.79594233 | I59: 109999.23 | J59: 1 | K59: 41746 | L59: 109999.23 | M59: 41827 | N59: =IF(M59="",$P$2-K59,M59-K59) -> 81 | O59: =IF(L59="en attente",I59,"") | P59: =IF(K59="",I59-L59,0) -> 0
A60: FRAFU DESIRE 2 | H60: =I60/$H$58+H59 -> 0.88426896 | I60: 12206.74 | J60: 2 | K60: 42486 | L60: 12206.74 | M60: 42555 | O60: =IF(L60="en attente",I60,"") | P60: =IF(K60="",I60-L60,0) -> 0 | Q60: Solde à réalisation de fin de trvx à 88,43 %
A61: FRAFU TAKAMAKA | B61: N° SHLS-FRAFU-13-0009 | C61: 41600 | D61: =DATE(YEAR(C61)+2,MONTH(C61),DAY(C61)) -> 42330 | E61: 41848 | F61: =DATE(YEAR(E61)+4,MONTH(E61),DAY(E61)) -> 43309 | G61: 42333 | H61: 238500 | L61: =SUM(L62:L64) -> 238500 | O61: =SUM(O62:O64) -> 0 | P61: =SUM(P62:P64) -> 0 | R61: =H61-(L61+O61+P61) -> 0
A62: FRAFU TAKAMAKA | C62: ok | E62: ok | H62: =I62/$H$61 -> 0.52422373 | I62: 125027.36 | J62: 1 | K62: 41869 | L62: 125027.36 | M62: 41925 | N62: =IF(M62="",$P$2-K62,M62-K62) -> 56 | O62: =IF(L62="en attente",I62,"") | P62: =IF(K62="",I62-L62,0) -> 0
A63: FRAFU TAKAMAKA | H63: =I63/$H$61+H62 -> 0.8 | I63: 65772.64 | J63: 2 | K63: 42264 | L63: 65772.64 | M63: 42325 | O63: =IF(L63="en attente",I63,"") | P63: =IF(K63="",I63-L63,0) -> 0
A64: FRAFU TAKAMAKA | H64: =I64/$H$61+H63 -> 1 | I64: =H61-SUM(I62:I63) -> 47700 | J64: 3 | K64: 42898 | L64: 47700 | M64: 42940 | O64: =IF(L64="en attente",I64,"") | P64: =IF(K64="",I64-L64,0) -> 0
A65: FRAFU AMARYLLIS | B65: N° SHLS-FRAFU-13-0002 | C65: 41570 | D65: =DATE(YEAR(C65)+2,MONTH(C65),DAY(C65)) -> 42300 | E65: 41900 | F65: =DATE(YEAR(E65)+4,MONTH(E65),DAY(E65)) -> 43361 | G65: 42576 | H65: 180000 | L65: =SUM(L66:L69) -> 180000 | O65: =SUM(O66) -> 0 | P65: =SUM(P66:P69) -> 0 | R65: =H65-(L65+O65+P65) -> 0
A66: FRAFU AMARYLLIS | C66: ok | E66: ok | H66: 0.3512 | I66: 63214 | J66: 1 | K66: 42376 | L66: 63214 | M66: 42433 | O66: =IF(L66="en attente",I66,"") | P66: =IF(K66="",I66-L66,0) -> 0
A67: FRAFU AMARYLLIS | H67: 0.5694 | I67: 39277.52 | J67: 2 | K67: 42528 | L67: 39277.52 | M67: 42562 | O67: =IF(L67="en attente",I67,"") | P67: =IF(K67="",I67-L67,0) -> 0
A68: FRAFU AMARYLLIS | H68: 0.8 | I68: =(H65*H68)-(I66+I67) -> 41508.48 | J68: 3 | K68: 42900 | L68: 77508.48 | M68: 42940 | P68: =IF(K68="",I68-L68,0) -> 0
A69: FRAFU AMARYLLIS | H69: =I69/$H$65+H68 -> 1 | I69: =H65-(I66+I67+I68) -> 36000 | P69: =O68 -> 0
A70: FRAFU TAMARINIERS | B70: N° SHLS-FRAFU-13-0007 | C70: 41544 | D70: =DATE(YEAR(C70)+2,MONTH(C70),DAY(C70)) -> 42274 | E70: 41801 | F70: =DATE(YEAR(E70)+4,MONTH(E70),DAY(E70)) -> 43262 | G70: 42726 | H70: 1303101.7 | L70: =SUM(L71:L76) -> 1303101.7 | O70: =SUM(O71:O76) -> 0 | P70: =SUM(P71:P76) -> 0 | R70: =H70-(L70+O70+P70) -> 0
A71: FRAFU TAMARINIERS | C71: ok | E71: ok | H71: =I71/$H$70 -> 0.47003907 | I71: 612508.7 | J71: 1 | K71: 42226 | L71: 612508.7 | M71: 42307 | O71: =IF(L71="en attente",I71,"") | P71: =IF(K71="",I71-L71,0) -> 0
A72: FRAFU TAMARINIERS | H72: 0.5724 | I72: 133340.8 | J72: 2 | K72: 42409 | L72: 133340.8 | M72: 42488 | O72: =IF(L72="en attente",I72,"") | P72: =IF(K72="",I72-L72,0) -> 0
A73: FRAFU TAMARINIERS | H73: 0.6802 | I73: 140471.13 | J73: 3 | K73: 42544 | L73: 140471.13 | M73: 42578 | O73: =IF(L73="en attente",I73,"") | P73: =IF(K73="",I73-L73,0) -> 0
A74: FRAFU TAMARINIERS | H74: 0.7684 | I74: 114954.43 | J74: 4 | K74: 42635 | L74: 114954.43 | M74: 42667 | O74: =IF(L74="en attente",I74,"") | P74: =IF(K74="",I74-L74,0) -> 0
A75: FRAFU TAMARINIERS | H75: 0.8 | I75: =H70*80%-(I71+I72+I73+I74) -> 41206.292 | J75: 5 | K75: 42678 | L75: 41206.29 | M75: 42752 | O75: =IF(L75="en attente",I75,"") | P75: =IF(K75="",I75-L75,0) -> 0
A76: FRAFU TAMARINIERS | H76: =I76/$H$70+H75 -> 1 | I76: =H70-(I71+I72+I73+I74+I75) -> 260620.34 | J76: 6 | K76: 43251 | L76: 260620.34 | M76: 43412 | O76: =IF(L76="en attente",I76,"") | P76: =IF(K76="",I76-L76,0) -> 0
A77: FRAFU JOSEPHA FONTAINE | B77: N° SHLS-FRAFU-13-0001 | C77: 41612 | D77: =DATE(YEAR(C77)+2,MONTH(C77),DAY(C77)) -> 42342 | E77: 42339 | F77: =DATE(YEAR(E77)+4,MONTH(E77),DAY(E77)) -> 43800 | G77: 42865 | H77: 300000 | L77: =SUM(L78:L82) -> 299999.9 | O77: =SUM(O78:O82) -> 0 | P77: =SUM(P78:P82) -> 0 | R77: =H77-(L77+O77+P77) -> 0.1
A78: FRAFU JOSEPHA FONTAINE | C78: ok | D78: Prorogat° faite | H78: 0.4415 | I78: 132435.64 | J78: 1 | K78: 42355 | L78: 133435.64 | M78: 42481 | O78: =IF(L78="en attente",I78,"") | P78: =IF(K78="",I78-L78,0) -> 0 | Q78: écart 1000 € dû erreur DEAL
A79: FRAFU JOSEPHA FONTAINE | H79: 0.5236 | I79: =24650.71 -> 24650.71 | J79: 2 | K79: 42513 | L79: 23650.71 | M79: 42562 | O79: =IF(L79="en attente",I79,"") | P79: =IF(K79="",I79-L79,0) -> 0 | Q79: rattrapage des 1000 €
A80: FRAFU JOSEPHA FONTAINE | H80: 0.6929 | I80: 50793.72 | J80: 3 | K80: 42761 | L80: 50793.72 | M80: 42795 | O80: =IF(L80="en attente",I80,"") | P80: =IF(K80="",I80-L80,0) -> 0
A81: FRAFU JOSEPHA FONTAINE | H81: 0.8 | I81: =H77*H81-(I78+I79+I80) -> 32119.93 | J81: 4 | K81: 42817 | L81: 32119.83 | M81: 42843 | O81: =IF(L81="en attente",I81,"") | P81: =IF(K81="",I81-L81,0) -> 0
A82: FRAFU JOSEPHA FONTAINE | H82: 1 | I82: 60000.1 | J82: 5 | K82: 43439 | L82: 60000 | M82: 43455 | O82: =IF(L82="en attente",I82,"") | P82: =IF(K82="",I82-L82,0) -> 0
A83: FRAFU MANAPANY | B83: N° SHLS-FRAFU-14-0003 | C83: 41841 | D83: =DATE(YEAR(C83)+3,MONTH(C83),DAY(C83)) -> 42937 | E83: 42933 | F83: 3ème trimestre 2018 | H83: 315000 | L83: =SUM(L84:L85) -> 314717.28 | O83: =SUM(O85) -> 0 | P83: =SUM(P84:P85) -> 0 | R83: =H83-(L83+O83+P83) -> 282.72
A84: FRAFU MANAPANY | F84: ATTENTION | H84: 0.5326 | I84: 167784.32 | J84: 1 | K84: 42942 | L84: 167784.32 | M84: 43006 | O84: =IF(L84="en attente",I84,"") | P84: =IF(K84="",I84-L84,0) -> 0 | Q84: Solde à réalisation de fin de trvx à 99,91 %
A85: FRAFU MANAPANY | H85: 0.9991 | I85: 146932.96 | J85: 2 | K85: 43392 | L85: 146932.96 | M85: 43424 | O85: =IF(L85="en attente",I85,"") | P85: =IF(K85="",I85-L85,0) -> 0
A86: PARC A MOUTON | B86: N° SHLS-FRAFU-13-0006 | C86: 41544 | D86: =DATE(YEAR(C86)+2,MONTH(C86),DAY(C86)) -> 42274 | E86: 41729 | F86: =DATE(YEAR(E86)+4,MONTH(E86),DAY(E86)) -> 43190 | G86: 43131 | H86: 680000 | L86: =SUM(L87:L89) -> 543734.56 | O86: =SUM(O87:O89) -> 136265.44 | P86: =SUM(P87:P89) -> 0 | R86: =H86-(L86+O86+P86) -> 0
C87: ok | E87: ok | H87: =I87/$H$86 -> 0.47570762 | I87: 323481.18 | J87: 1 | K87: 41746 | L87: 323481.18 | M87: 41814 | N87: =IF(M87="",$P$2-K87,M87-K87) -> 68 | O87: =IF(L87="en attente",I87,"") | P87: =IF(K87="",I87-L87,0) -> 0
H88: =I88/$H$86+H87 -> 0.79960965 | I88: 220253.38 | J88: 2 | K88: 42264 | L88: 220253.38 | M88: 42325 | O88: =IF(L88="en attente",I88,"") | P88: =IF(K88="",I88-L88,0) -> 0
H89: =I89/$H$86+H88 -> 1 | I89: =H86-SUM(I87:I88) -> 136265.44 | J89: 3 | K89: 43181 | L89: En attente | O89: =IF(L89="en attente",I89,"") -> 136265.44 | P89: =IF(K89="",I89-L89,0) -> 0 | Q89: Solde conditionné à la vente des parcelles
A90: BARRAGE | B90: N° SHLS-FRAFU-13-0005 | C90: 41544 | D90: =DATE(YEAR(C90)+2,MONTH(C90),DAY(C90)) -> 42274 | E90: 42142 | F90: =DATE(YEAR(E90)+4,MONTH(E90),DAY(E90)) -> 43603 | G90: 43075 | H90: 2200000 | L90: =SUM(L91:L98) -> 1623747.5 | O90: =SUM(O91:O98) -> 576252.48 | P90: =SUM(P91:P98) -> 0 | R90: =H90-(L90+O90+P90) -> 0
C91: ok | E91: ok | H91: 0.5016 | I91: 1125520 | J91: 1 | K91: 42314 | L91: 1125520 | M91: 42384 | O91: =IF(L91="en attente",I91,"") | P91: =IF(K91="",I91-L91,0) -> 0
H92: 0.5655 | I92: 118555.58 | J92: 2 | K92: 42598 | L92: 118555.58 | M92: 42667 | O92: =IF(L92="en attente",I92,"") | P92: =IF(K92="",I92-L92,0) -> 0
H93: 0.5982 | I93: 71864.31 | J93: 3 | K93: 42717 | L93: 71864.31 | M93: 42779 | O93: =IF(L93="en attente",I93,"") | P93: =IF(K93="",I93-L93,0) -> 0
H94: 0.6569 | I94: 129139.31 | J94: 4 | K94: 42787 | L94: 129139.31 | M94: 42843 | O94: =IF(L94="en attente",I94,"") | P94: =IF(K94="",I94-L94,0) -> 0
H95: 0.701 | I95: 97223.02 | J95: 5 | K95: 42954 | L95: 97223.02 | M95: 43010 | O95: =IF(L95="en attente",I95,"") | P95: =IF(K95="",I95-L95,0) -> 0
H96: 0.7381 | I96: 81445.3 | J96: 6 | K96: 43067 | L96: 81445.3 | M96: 43119 | O96: =IF(L96="en attente",I96,"") | P96: =IF(K96="",I96-L96,0) -> 0
H97: 0.8 | I97: =H90*H97-I91-I92-I93-I94-I95-I96 -> 136252.48 | J97: 7 | K97: 43556 | L97: En attente | O97: =IF(L97="en attente",I97,"") -> 136252.48 | P97: =IF(K97="",I97-L97,0) -> 0
H98: 1 | I98: =H90-I91-I92-I93-I94-I95-I97-I96 -> 440000 | L98: En attente | O98: =IF(L98="en attente",I98,"") -> 440000
A99: FANFAN | B99: N° SHLS-FRAFU-13-0003 | C99: 41544 | D99: =DATE(YEAR(C99)+2,MONTH(C99),DAY(C99)) -> 42274 | E99: 41876 | F99: 44798 | G99: 42796 | H99: 480000 | L99: =SUM(L100:L103) -> 384000 | O99: =SUM(O100:O103) -> 0 | P99: =SUM(P100:P103) -> 96000 | R99: =H99-(L99+O99+P99) -> 0
C100: ok | E100: ok | F100: Suite à prorogation | H100: =I100/$H$99 -> 0.47207869 | I100: 226597.77 | J100: 1 | K100: 42264 | L100: 226597.77 | M100: 42440 | O100: =IF(L100="en attente",I100,"") | P100: =IF(K100="",I100-L100,0) -> 0 | Q100: Montant dépenses éligibles faux --> avenant 1
H101: 0.5612 | I101: 42771.26 | J101: 2 | K101: 42513 | L101: 42771.26 | M101: 42562 | O101: =IF(L101="en attente",I101,"") | P101: =IF(K101="",I101-L101,0) -> 0
H102: 0.8 | I102: =0.8*H99-I100-I101 -> 114630.97 | J102: 3 | K102: 42761 | L102: 114630.97 | M102: 42795 | O102: =IF(L102="en attente",I102,"") | P102: =IF(K102="",I102-L102,0) -> 0
...

Sheet LBU REHAB
A2: ETAT DES CREANCES : LBU REHABILITATION DEAL | Q2: =TODAY() -> 43593
A4: Opération | B4: Libellé | C4: Signature | D4: Date limite DROC (12 mois) | E4: Date de la DROC | F4: Date OS | G4: Date limite DAT (2 ans à la signature de la convention) | H4: Date DAT | I4: BUDGET | J4: APPELS DE FONDS | P4: RESTE A PERCEVOIR | R4: Observations
J5: Montant | K5: N° | L5: Date | M5: Payé | N5: Date | O5: Nbre js d'impayés | P5: A payer | Q5: Non appelé
A6: 100 MARCHES (10 LLS) | B6: SHLS N° 17-0445 | C6: 43005 | D6: =DATE(YEAR(C6),MONTH(C6)+12,DAY(C6)) -> 43370 | E6: 43328 | G6: =DATE(YEAR(C6)+2,MONTH(C6),DAY(C6)) -> 43735 | I6: 18200 | M6: =SUM(M7:M9) -> 3640 | P6: =SUM(P7:P9) -> 0 | Q6: =SUM(Q7:Q9) -> 14560 | S6: =I6-(M6+P6+Q6) -> 0
I7: 0.2 | J7: =+I6*I7 -> 3640 | K7: 1 | L7: 43333 | M7: 3640 | N7: 43385 | P7: =IF(M7="en attente",J7,"") | Q7: =IF(L7="",J7-M7,0) -> 0
I8: 0.8 | J8: =+I6*I8-J7 -> 10920 | K8: 2 | P8: =IF(M8="en attente",J8,"") | Q8: =IF(L8="",J8-M8,0) -> 10920
I9: 1 | J9: =+I6-J7-J8 -> 3640 | K9: 3 | P9: =IF(M9="en attente",J9,"") | Q9: =IF(L9="",J9-M9,0) -> 3640
A10: BOUGAINVILLEES ( 26 LLS) | B10: SHLS N° 17-0446 | C10: 43005 | D10: =DATE(YEAR(C10),MONTH(C10)+12,DAY(C10)) -> 43370 | E10: 43328 | G10: =DATE(YEAR(C10)+2,MONTH(C10),DAY(C10)) -> 43735 | I10: 47320 | M10: =SUM(M11:M13) -> 9464 | P10: =SUM(P11:P13) -> 0 | Q10: =SUM(Q11:Q13) -> 37856 | S10: =I10-(M10+P10+Q10) -> 0
I11: 0.2 | J11: =+I10*20% -> 9464 | K11: 1 | L11: 43333 | M11: 9464 | N11: 43385 | P11: =IF(M11="en attente",J11,"")
I12: 0.8 | J12: =+I10*I12-J11 -> 28392 | K12: 2 | P12: =IF(M12="en attente",J12,"") | Q12: =IF(L12="",J12-M12,0) -> 28392
I13: 1 | J13: =+I10-J11-J12 -> 9464 | K13: 3 | P13: =IF(M13="en attente",J13,"") | Q13: =IF(L13="",J13-M13,0) -> 9464
A14: CARAMBOLES (6 LLS) | B14: SHLS N° 17-0447 | C14: 43005 | D14: =DATE(YEAR(C14),MONTH(C14)+12,DAY(C14)) -> 43370 | E14: 43368 | G14: =DATE(YEAR(C14)+2,MONTH(C14),DAY(C14)) -> 43735 | I14: 10920 | M14: =SUM(M15:M17) -> 2184 | P14: =SUM(P15:P17) -> 0 | Q14: =SUM(Q15:Q17) -> 8736 | S14: =I14-(M14+P14+Q14) -> 0
I15: 0.2 | J15: =+I14*I15 -> 2184 | K15: 1 | L15: 43370 | M15: 2184 | N15: 43420 | P15: =IF(M15="en attente",J15,"")
I16: 0.8 | J16: =+I14*I16-J15 -> 6552 | K16: 2 | P16: =IF(M16="en attente",J16,"") | Q16: =IF(L16="",J16-M16,0) -> 6552
I17: 1 | J17: =+I14-J15-J16 -> 2184 | K17: 3 | P17: =IF(M17="en attente",J17,"") | Q17: =IF(L17="",J17-M17,0) -> 2184
A18: CITRONNELLES (45 LLS) | B18: SHLS N° 17-0448 | C18: 43032 | D18: =DATE(YEAR(C18),MONTH(C18)+12,DAY(C18)) -> 43397 | E18: 43362 | G18: =DATE(YEAR(C18)+2,MONTH(C18),DAY(C18)) -> 43762 | I18: 281250 | M18: =SUM(M19:M21) -> 56250 | P18: =SUM(P19:P21) -> 0 | Q18: =SUM(Q19:Q21) -> 225000 | S18: =I18-(M18+P18+Q18) -> 0
I19: 0.2 | J19: =+I18*I19 -> 56250 | K19: 1 | L19: 43370 | M19: 56250 | N19: 43420 | P19: =IF(M19="en attente",J19,"")
I20: 0.8 | J20: =+I18*I20-J19 -> 168750 | K20: 2 | P20: =IF(M20="en attente",J20,"") | Q20: =IF(L20="",J20-M20,0) -> 168750
I21: 1 | J21: =+I18-J19-J20 -> 56250 | K21: 3 | P21: =IF(M21="en attente",J21,"") | Q21: =IF(L21="",J21-M21,0) -> 56250
A22: HUBERT DELISLE (74 LLS) | B22: SHLS N°17-0382 | C22: 43039 | D22: =DATE(YEAR(C22),MONTH(C22)+12,DAY(C22)) -> 43404 | E22: 43355 | G22: =DATE(YEAR(C22)+2,MONTH(C22),DAY(C22)) -> 43769 | I22: 462500 | M22: =SUM(M23:M25) -> 92500 | P22: =SUM(P23:P25) -> 0 | Q22: =SUM(Q23:Q25) -> 370000 | S22: =I22-(M22+P22+Q22) -> 0
I23: 0.2 | J23: =+I22*I23 -> 92500 | K23: 1 | L23: 43370 | M23: 92500 | N23: 43420 | P23: =IF(M23="en attente",J23,"")
I24: 0.8 | J24: =+I22*I24-J23 -> 277500 | K24: 2 | P24: =IF(M24="en attente",J24,"") | Q24: =IF(L24="",J24-M24,0) -> 277500
I25: 1 | J25: =+I22-J23-J24 -> 92500 | K25: 3 | P25: =IF(M25="en attente",J25,"") | Q25: =IF(L25="",J25-M25,0) -> 92500
A26: BRAS DES ETANGS (31 LLS) | B26: SHLS N° 17-0415 | C26: 43039 | D26: =DATE(YEAR(C26),MONTH(C26)+12,DAY(C26)) -> 43404 | E26: 43388 | G26: =DATE(YEAR(C26)+2,MONTH(C26),DAY(C26)) -> 43769 | I26: 401760 | M26: =SUM(M27:M29) -> 80352 | P26: =SUM(P27:P29) -> 0 | Q26: =SUM(Q27:Q29) -> 321408 | S26: =I26-(M26+P26+Q26) -> 0
I27: 0.2 | J27: =I26*I27 -> 80352 | K27: 1 | L27: 43391 | M27: 80352 | N27: 43448 | P27: =IF(M27="en attente",J27,"") | Q27: =IF(L27="",J27-M27,0) -> 0
I28: 0.8 | J28: =I26*I28-J27 -> 241056 | K28: 2 | P28: =IF(M28="en attente",J28,"") | Q28: =IF(L28="",J28-M28,0) -> 241056
I29: 1 | J29: =I26-J27-J28 -> 80352 | K29: 3 | P29: =IF(M29="en attente",J29,"") | Q29: =IF(L29="",J29-M29,0) -> 80352
A30: BELLEVUE (128 LLS) | B30: SHLS N° 18-0127 | C30: 43334 | D30: =DATE(YEAR(C30),MONTH(C30)+12,DAY(C30)) -> 43699 | G30: =DATE(YEAR(C30)+2,MONTH(C30),DAY(C30)) -> 44065 | I30: =524564.45+131141.11 -> 655705.56 | M30: =SUM(M31) -> 0 | P30: =SUM(P31:P33) -> 0 | Q30: =SUM(Q31:Q33) -> 655705.56 | S30: =I30-(M30+P30+Q30) -> 0
D31: ATTENTION | I31: 0.2 | J31: =I30*I31 -> 131141.11 | K31: 1 | P31: =IF(M31="en attente",J31,"") | Q31: =IF(L31="",J31-M31,0) -> 131141.11
I32: 0.8 | J32: =I30*I32-J31 -> 393423.34 | K32: 2 | P32: =IF(M32="en attente",J32,"") | Q32: =IF(L32="",J32-M32,0) -> 393423.34
I33: 1 | J33: =I30-J31-J32 -> 131141.11 | K33: 3 | P33: =IF(M33="en attente",J33,"") | Q33: =IF(L33="",J33-M33,0) -> 131141.11
A34: POINSETIAS (31 LLS) | B34: SHLS N° 18-0122 | C34: 43335 | D34: =DATE(YEAR(C34),MONTH(C34)+12,DAY(C34)) -> 43700 | G34: =DATE(YEAR(C34)+2,MONTH(C34),DAY(C34)) -> 44066 | I34: 136000 | M34: =SUM(M35:M37) -> 0 | P34: =SUM(P35:P37) -> 0 | Q34: =SUM(Q35:Q37) -> 136000 | S34: =I34-(M34+P34+Q34) -> 0
D35: ATTENTION | I35: 0.2 | J35: =I34*I35 -> 27200 | K35: 1 | P35: =IF(M35="en attente",J35,"") | Q35: =IF(L35="",J35-M35,0) -> 27200
I36: 0.8 | J36: =I34*I36-J35 -> 81600 | K36: 2 | P36: =IF(M36="en attente",J36,"") | Q36: =IF(L36="",J36-M36,0) -> 81600
I37: 1 | J37: =I34-J35-J36 -> 27200 | K37: 3 | P37: =IF(M37="en attente",J37,"") | Q37: =IF(L37="",J37-M37,0) -> 27200
A38: LA CURE 1 | B38: SHLS N° 18-0123 | C38: 43335 | D38: =DATE(YEAR(C38),MONTH(C38)+12,DAY(C38)) -> 43700 | G38: =DATE(YEAR(C38)+2,MONTH(C38),DAY(C38)) -> 44066 | I38: 150000 | M38: =SUM(M39:M41) -> 0 | P38: =SUM(P39:P41) -> 0 | Q38: =SUM(Q39:Q41) -> 150000 | S38: =I38-(M38+P38+Q38) -> 0
D39: ATTENTION | I39: 0.2 | J39: =I38*I39 -> 30000 | K39: 1 | P39: =IF(M39="en attente",J39,"") | Q39: =IF(L39="",J39-M39,0) -> 30000
I40: 0.8 | J40: =I38*I40-J39 -> 90000 | K40: 2 | P40: =IF(M40="en attente",J40,"") | Q40: =IF(L40="",J40-M40,0) -> 90000
I41: 1 | J41: =I38-J39-J40 -> 30000 | K41: 3 | P41: =IF(M41="en attente",J41,"") | Q41: =IF(L41="",J41-M41,0) -> 30000
A42: CANAL LILIS (23 LLS) | B42: SHLS N° 18-0125 | C42: 43335 | D42: =DATE(YEAR(C42),MONTH(C42)+12,DAY(C42)) -> 43700 | G42: =DATE(YEAR(C42)+2,MONTH(C42),DAY(C42)) -> 44066 | I42: 115000 | M42: =SUM(M43:M45) -> 0 | P42: =SUM(P43:P45) -> 0 | Q42: =SUM(Q43:Q45) -> 115000 | S42: =I42-(M42+P42+Q42) -> 0
D43: ATTENTION | I43: 0.2 | J43: =I42*I43 -> 23000 | K43: 1 | P43: =IF(M43="en attente",J43,"") | Q43: =IF(L43="",J43-M43,0) -> 23000
I44: 0.8 | J44: =I42*I44-J43 -> 69000 | K44: 2 | P44: =IF(M44="en attente",J44,"") | Q44: =IF(L44="",J44-M44,0) -> 69000
I45: 1 | J45: =I42-J43-J44 -> 23000 | K45: 3 | P45: =IF(M45="en attente",J45,"") | Q45: =IF(L45="",J45-M45,0) -> 23000
I49: =I6+I14+I10+I18+I22+I26+I30+I34+I38+I42 -> 2278655.6 | J49: =SUMPRODUCT((DateAF_LBU_rehab<>"")*(MontantAF_LBU_rehab)) -> 244390 | M49: =M6+M10+M14+M18+M22+M26+M30 -> 244390 | P49: =P6+P14+P10+P18+P22+P26+P30 -> 0 | Q49: =Q6+Q14+Q10+Q18+Q22+Q26+Q30+Q34+Q38+Q42 -> 2034265.6 | S49: =I49-(M49+P49+Q49) -> 0
P50: =SUM(P49:Q49) -> 2034265.6
J53: APPELE | M53: PAYE
I54: 2018 | J54: =SUMPRODUCT((YEAR($I$60:$I$76)=I54)*$J$60:$J$76) -> 244390 | M54: =SUMPRODUCT((YEAR($I$60:$I$76)=I54)*$M$60:$M$76) -> 244390
I55: 2019 | J55: =SUMPRODUCT((YEAR($I$60:$I$76)=I55)*$J$60:$J$76) -> 0 | M55: =SUMPRODUCT((YEAR($I$60:$I$76)=I55)*$M$60:$M$76) -> 0
J56: =SUM(J54:J55) -> 244390 | M56: =SUM(M54:M55) -> 244390
J57: =J56-J49 -> 0 | M57: =M56-M49 -> 0
J59: APPELE | M59: PAYE
I60: 43313 | J60: =SUMPRODUCT((DateAF_LBU_rehab<>"")*(MONTH(DateAF_LBU_rehab)=MONTH(I60))*(YEAR(DateAF_LBU_rehab)=YEAR(I60))*MontantAF_LBU_rehab) -> 13104 | M60: =SUMPRODUCT((DatePmtRehab<>"")*(DatePmtRehab<>"en attente")*(MONTH(DatePmtRehab)=MONTH(I60))*(YEAR(DatePmtRehab)=YEAR(I60))*(ISNUMBER(MontantPayeRehab)),MontantPayeRehab) -> 0
I61: 43344 | J61: =SUMPRODUCT((DateAF_LBU_rehab<>"")*(MONTH(DateAF_LBU_rehab)=MONTH(I61))*(YEAR(DateAF_LBU_rehab)=YEAR(I61))*MontantAF_LBU_rehab) -> 150934 | M61: =SUMPRODUCT((DatePmtRehab<>"")*(DatePmtRehab<>"en attente")*(MONTH(DatePmtRehab)=MONTH(I61))*(YEAR(DatePmtRehab)=YEAR(I61))*(ISNUMBER(MontantPayeRehab)),MontantPayeRehab) -> 0
I62: 43374 | J62: =SUMPRODUCT((DateAF_LBU_rehab<>"")*(MONTH(DateAF_LBU_rehab)=MONTH(I62))*(YEAR(DateAF_LBU_rehab)=YEAR(I62))*MontantAF_LBU_rehab) -> 80352 | M62: =SUMPRODUCT((DatePmtRehab<>"")*(DatePmtRehab<>"en attente")*(MONTH(DatePmtRehab)=MONTH(I62))*(YEAR(DatePmtRehab)=YEAR(I62))*(ISNUMBER(MontantPayeRehab)),MontantPayeRehab) -> 13104
I63: 43405 | J63: =SUMPRODUCT((DateAF_LBU_rehab<>"")*(MONTH(DateAF_LBU_rehab)=MONTH(I63))*(YEAR(DateAF_LBU_rehab)=YEAR(I63))*MontantAF_LBU_rehab) -> 0 | M63: =SUMPRODUCT((DatePmtRehab<>"")*(DatePmtRehab<>"en attente")*(MONTH(DatePmtRehab)=MONTH(I63))*(YEAR(DatePmtRehab)=YEAR(I63))*(ISNUMBER(MontantPayeRehab)),MontantPayeRehab) -> 150934
I64: 43435 | J64: =SUMPRODUCT((DateAF_LBU_rehab<>"")*(MONTH(DateAF_LBU_rehab)=MONTH(I64))*(YEAR(DateAF_LBU_rehab)=YEAR(I64))*MontantAF_LBU_rehab) -> 0 | M64: =SUMPRODUCT((DatePmtRehab<>"")*(DatePmtRehab<>"en attente")*(MONTH(DatePmtRehab)=MONTH(I64))*(YEAR(DatePmtRehab)=YEAR(I64))*(ISNUMBER(MontantPayeRehab)),MontantPayeRehab) -> 80352
I65: 43466 | J65: =SUMPRODUCT((DateAF_LBU_rehab<>"")*(MONTH(DateAF_LBU_rehab)=MONTH(I65))*(YEAR(DateAF_LBU_rehab)=YEAR(I65))*MontantAF_LBU_rehab) -> 0 | M65: =SUMPRODUCT((DatePmtRehab<>"")*(DatePmtRehab<>"en attente")*(MONTH(DatePmtRehab)=MONTH(I65))*(YEAR(DatePmtRehab)=YEAR(I65))*(ISNUMBER(MontantPayeRehab)),MontantPayeRehab) -> 0
I66: 43497 | J66: =SUMPRODUCT((DateAF_LBU_rehab<>"")*(MONTH(DateAF_LBU_rehab)=MONTH(I66))*(YEAR(DateAF_LBU_rehab)=YEAR(I66))*MontantAF_LBU_rehab) -> 0 | M66: =SUMPRODUCT((DatePmtRehab<>"")*(DatePmtRehab<>"en attente")*(MONTH(DatePmtRehab)=MONTH(I66))*(YEAR(DatePmtRehab)=YEAR(I66))*(ISNUMBER(MontantPayeRehab)),MontantPayeRehab) -> 0
I67: 43525 | J67: =SUMPRODUCT((DateAF_LBU_rehab<>"")*(MONTH(DateAF_LBU_rehab)=MONTH(I67))*(YEAR(DateAF_LBU_rehab)=YEAR(I67))*MontantAF_LBU_rehab) -> 0 | M67: =SUMPRODUCT((DatePmtRehab<>"")*(DatePmtRehab<>"en attente")*(MONTH(DatePmtRehab)=MONTH(I67))*(YEAR(DatePmtRehab)=YEAR(I67))*(ISNUMBER(MontantPayeRehab)),MontantPayeRehab) -> 0
I68: 43556 | J68: =SUMPRODUCT((DateAF_LBU_rehab<>"")*(MONTH(DateAF_LBU_rehab)=MONTH(I68))*(YEAR(DateAF_LBU_rehab)=YEAR(I68))*MontantAF_LBU_rehab) -> 0 | M68: =SUMPRODUCT((DatePmtRehab<>"")*(DatePmtRehab<>"en attente")*(MONTH(DatePmtRehab)=MONTH(I68))*(YEAR(DatePmtRehab)=YEAR(I68))*(ISNUMBER(MontantPayeRehab)),MontantPayeRehab) -> 0
I69: 43586 | J69: =SUMPRODUCT((DateAF_LBU_rehab<>"")*(MONTH(DateAF_LBU_rehab)=MONTH(I69))*(YEAR(DateAF_LBU_rehab)=YEAR(I69))*MontantAF_LBU_rehab) -> 0 | M69: =SUMPRODUCT((DatePmtRehab<>"")*(DatePmtRehab<>"en attente")*(MONTH(DatePmtRehab)=MONTH(I69))*(YEAR(DatePmtRehab)=YEAR(I69))*(ISNUMBER(MontantPayeRehab)),MontantPayeRehab) -> 0
I70: 43617 | J70: =SUMPRODUCT((DateAF_LBU_rehab<>"")*(MONTH(DateAF_LBU_rehab)=MONTH(I70))*(YEAR(DateAF_LBU_rehab)=YEAR(I70))*MontantAF_LBU_rehab) -> 0 | M70: =SUMPRODUCT((DatePmtRehab<>"")*(DatePmtRehab<>"en attente")*(MONTH(DatePmtRehab)=MONTH(I70))*(YEAR(DatePmtRehab)=YEAR(I70))*(ISNUMBER(MontantPayeRehab)),MontantPayeRehab) -> 0
I71: 43647 | J71: =SUMPRODUCT((DateAF_LBU_rehab<>"")*(MONTH(DateAF_LBU_rehab)=MONTH(I71))*(YEAR(DateAF_LBU_rehab)=YEAR(I71))*MontantAF_LBU_rehab) -> 0 | M71: =SUMPRODUCT((DatePmtRehab<>"")*(DatePmtRehab<>"en attente")*(MONTH(DatePmtRehab)=MONTH(I71))*(YEAR(DatePmtRehab)=YEAR(I71))*(ISNUMBER(MontantPayeRehab)),MontantPayeRehab) -> 0
... I76: 43800 | J76: =SUMPRODUCT((DateAF_LBU_rehab<>"")*(MONTH(DateAF_LBU_rehab)=MONTH(I76))*(YEAR(DateAF_LBU_rehab)=YEAR(I76))*MontantAF_LBU_rehab) -> 0 | M76: =SUMPRODUCT((DatePmtRehab<>"")*(DatePmtRehab<>"en attente")*(MONTH(DatePmtRehab)=MONTH(I76))*(YEAR(DatePmtRehab)=YEAR(I76))*(ISNUMBER(MontantPayeRehab)),MontantPayeRehab) -> 0
J77: =SUM(J60:J76) -> 244390 | M77: =SUM(M60:M76) -> 244390
J78: =J77-K50 -> 244390 | M78: =M77-N50 -> 244390

Sheet LBU DEAL
J1: =J538 -> 25983372
A2: ETAT DES CREANCES : LBU DEAL | Q2: =TODAY() -> 43593
A4: Opération | B4: Libellé | C4: Signature | D4: Date limite DROC (18 mois) | E4: Date de la DROC | F4: Date OS | G4: Date limite DAT (4 ans) | H4: Date DAT | I4: BUDGET | J4: APPELS DE FONDS | P4: RESTE A PERCEVOIR | R4: Observations
J5: Montant | K5: N° | L5: Date | M5: Payé | N5: Date | O5: Nbre js d'impayés | P5: A payer | Q5: Non appelé
A6: COMBAVAS | C6: 40389 | D6: =DATE(YEAR(C6),MONTH(C6)+18,DAY(C6)) -> 40938 | F6: 40499 | G6: =DATE(YEAR(C6)+4,MONTH(C6),DAY(C6)) -> 41850 | H6: 40910 | I6: 832014 | M6: =SUM(M7:M12) -> 832014 | P6: =SUM(P7:P12) -> 0 | Q6: =SUM(Q7:Q12) -> 0 | S6: =I6-(M6+P6+Q6) -> 0
A7: COMBAVAS | I7: =J7/$I$6 -> 0.3 | J7: 249604.2 | K7: 1 | L7: 40519 | M7: 249604.2 | N7: 40632 | O7: =IF(N7="",$Q$2-L7,N7-L7) -> 113 | P7: =IF(M7="en attente",J7,"") | Q7: =IF(L7="",J7-M7,0) -> 0
A8: COMBAVAS | I8: =J8/$I$6+I7 -> 0.4123 | J8: 93435.17 | K8: 2 | L8: 40711 | M8: 93435.17 | N8: 40779 | O8: =IF(N8="",$Q$2-L8,N8-L8) -> 68 | P8: =IF(M8="en attente",J8,"") | Q8: =IF(L8="",J8-M8,0) -> 0
A9: COMBAVAS | I9: =J9/$I$6+I8 -> 0.6045 | J9: 159913.09 | K9: 3 | L9: 40799 | M9: 159913.09 | N9: 40969 | O9: =IF(N9="",$Q$2-L9,N9-L9) -> 170 | P9: =IF(M9="en attente",J9,"") | Q9: =IF(L9="",J9-M9,0) -> 0
A10: COMBAVAS | I10: =J10/$I$6+I9 -> 0.66970001 | J10: 54247.32 | K10: 4 | L10: 40826 | M10: 54247.32 | N10: 40969 | O10: =IF(N10="",$Q$2-L10,N10-L10) -> 143 | P10: =IF(M10="en attente",J10,"") | Q10: =IF(L10="",J10-M10,0) -> 0
A11: COMBAVAS | I11: =J11/$I$6+I10 -> 0.8 | J11: 108411.42 | K11: 5 | L11: 40947 | M11: 108411.42 | N11: 40994 | O11: =IF(N11="",$Q$2-L11,N11-L11) -> 47 | P11: =IF(M11="en attente",J11,"") | Q11: =IF(L11="",J11-M11,0) -> 0
A12: COMBAVAS | I12: =J12/$I$6+I11 -> 1 | J12: 166402.8 | K12: 5 | L12: 42179 | M12: 166402.8 | N12: 42254 | O12: =IF(N12="",$Q$2-L12,N12-L12) -> 75 | P12: =IF(M12="en attente",J12,"") | Q12: =IF(L12="",J12-M12,0) -> 0
A13: RESERVOIRS DE STELLA | C13: 40361 | I13: 1425198 | M13: =SUM(M14:M22) -> 1425198 | P13: =+IF(L13="",0,J13-M13) -> 0 | Q13: =SUM(Q14:Q22) -> 0
A14: RESERVOIRS DE STELLA | J14: 427559.4 | K14: 1 | L14: 40484 | M14: 427559.4 | N14: 40613 | O14: =IF(N14="",$Q$2-L14,N14-L14) -> 129 | P14: =+IF(L14="",0,J14-M14) -> 0 | Q14: =IF(L14="",J14-M14,0) -> 0
A15: RESERVOIRS DE STELLA | J15: 94205.59 | K15: 2 | L15: 40763 | M15: 94205.59 | N15: 40828 | O15: =IF(N15="",$Q$2-L15,N15-L15) -> 65 | P15: =+IF(L15="",0,J15-M15) -> 0 | Q15: =IF(L15="",J15-M15,0) -> 0
A16: RESERVOIRS DE STELLA | J16: 65131.54 | K16: 3 | L16: 40800 | M16: 65131.54 | N16: 40868 | O16: =IF(N16="",$Q$2-L16,N16-L16) -> 68 | P16: =+IF(L16="",0,J16-M16) -> 0 | Q16: =IF(L16="",J16-M16,0) -> 0
A17: RESERVOIRS DE STELLA | J17: 151213.51 | K17: 4 | L17: 40826 | M17: 151213.51 | N17: 40871 | O17: =IF(N17="",$Q$2-L17,N17-L17) -> 45 | P17: =+IF(L17="",0,J17-M17) -> 0 | Q17: =IF(L17="",J17-M17,0) -> 0
A18: RESERVOIRS DE STELLA | J18: 97483.55 | K18: 5 | L18: 40883 | M18: 97483.55 | N18: 40995 | O18: =IF(N18="",$Q$2-L18,N18-L18) -> 112 | P18: =+IF(L18="",0,J18-M18) -> 0 | Q18: =IF(L18="",J18-M18,0) -> 0
A19: RESERVOIRS DE STELLA | J19: 99193.78 | K19: 6 | L19: 40945 | M19: 99193.78 | N19: 41023 | O19: =IF(N19="",$Q$2-L19,N19-L19) -> 78 | P19: =+IF(L19="",0,J19-M19) -> 0 | Q19: =IF(L19="",J19-M19,0) -> 0
A20: RESERVOIRS DE STELLA | J20: 129693.02 | K20: 7 | L20: 41038 | M20: 129693.02 | N20: 41093 | O20: =IF(N20="",$Q$2-L20,N20-L20) -> 55 | P20: =+IF(L20="",0,J20-M20) -> 0 | Q20: =IF(L20="",J20-M20,0) -> 0
A21: RESERVOIRS DE STELLA | J21: 75678.01 | K21: 8 | L21: 41129 | M21: 75678.01 | N21: 41185 | O21: =IF(N21="",$Q$2-L21,N21-L21) -> 56 | P21: =+IF(L21="",0,J21-M21) -> 0 | Q21: =IF(L21="",J21-M21,0) -> 0
A22: RESERVOIRS DE STELLA | J22: 285039.6 | K22: 9 | L22: 41969 | M22: 285039.6 | N22: 42153 | O22: =IF(N22="",$Q$2-L22,N22-L22) -> 184 | P22: =+IF(L22="",0,J22-M22) -> 0 | Q22: =IF(L22="",J22-M22,0) -> 0
A23: CAMPHRIER | C23: 39818 | D23: =DATE(YEAR(C23),MONTH(C23)+18,DAY(C23)) -> 40364 | F23: 39986 | G23: =DATE(YEAR(C23)+4,MONTH(C23),DAY(C23)) -> 41279 | H23: 40749 | I23: 2766905 | M23: =SUM(M24:M33) -> 2766905 | P23: =SUM(P24:P33) -> 0 | Q23: =SUM(Q24:Q33) -> 0 | S23: =I23-(M23+P23+Q23) -> 0
A24: CAMPHRIER | I24: =J24/$I$23 -> 0.3 | J24: 830071.5 | K24: 1 | L24: 40483 | M24: 830071.5 | N24: 40038 | P24: =IF(M24="en attente",J24,"") | Q24: =IF(L24="",J24-M24,0) -> 0
A25: CAMPHRIER | I25: =J25/$I$23+I24 -> 0.3268 | J25: 74153.05 | K25: 2 | L25: 40483 | M25: 74153.05 | N25: 40315 | P25: =IF(M25="en attente",J25,"") | Q25: =IF(L25="",J25-M25,0) -> 0
A26: CAMPHRIER | I26: =J26/$I$23+I25 -> 0.359 | J26: 89094.34 | K26: 3 | L26: 40483 | M26: 89094.34 | N26: 40347 | P26: =IF(M26="en attente",J26,"") | Q26: =IF(L26="",J26-M26,0) -> 0
A27: CAMPHRIER | I27: =J27/$I$23+I26 -> 0.4132 | J27: 149966.26 | K27: 4 | L27: 40483 | M27: 149966.26 | N27: 40366 | P27: =IF(M27="en attente",J27,"") | Q27: =IF(L27="",J27-M27,0) -> 0
A28: CAMPHRIER | I28: =J28/$I$23+I27 -> 0.4773 | J28: 177358.61 | K28: 5 | L28: 40483 | M28: 177358.61 | N28: 40396 | P28: =IF(M28="en attente",J28,"") | Q28: =IF(L28="",J28-M28,0) -> 0
A29: CAMPHRIER | I29: =J29/$I$23+I28 -> 0.6112 | J29: 370488.58 | K29: 6 | L29: 40483 | M29: 370488.58 | N29: 40497 | P29: =IF(M29="en attente",J29,"") | Q29: =IF(L29="",J29-M29,0) -> 0
A30: CAMPHRIER | I30: =J30/$I$23+I29 -> 0.6871 | J30: 210008.09 | K30: 7 | L30: 40483 | M30: 210008.09 | N30: 40528 | P30: =IF(M30="en attente",J30,"") | Q30: =IF(L30="",J30-M30,0) -> 0
A31: CAMPHRIER | I31: =J31/$I$23+I30 -> 0.7814 | J31: 260919.14 | K31: 8 | L31: 40591 | M31: 260919.14 | N31: 40687 | O31: =IF(N31="",$Q$2-L31,N31-L31) -> 96 | P31: =IF(M31="en attente",J31,"") | Q31: =IF(L31="",J31-M31,0) -> 0
A32: CAMPHRIER | I32: =J32/$I$23+I31 -> 0.8 | J32: 51464.43 | K32: 9 | L32: 40641 | M32: 51464.43 | N32: 40716 | O32: =IF(N32="",$Q$2-L32,N32-L32) -> 75 | P32: =IF(M32="en attente",J32,"") | Q32: =IF(L32="",J32-M32,0) -> 0
A33: CAMPHRIER | I33: =J33/$I$23+I32 -> 1 | J33: 553381 | K33: 10 | L33: 42149 | M33: 553381 | N33: 42222 | O33: =IF(N33="",$Q$2-L33,N33-L33) -> 73 | P33: =IF(M33="en attente",J33,"") | Q33: =IF(L33="",J33-M33,0) -> 0
A34: JULES VIENNE | C34: 40491 | D34: =DATE(YEAR(C34),MONTH(C34)+18,DAY(C34)) -> 41038 | F34: 40945 | G34: =DATE(YEAR(C34)+4,MONTH(C34),DAY(C34)) -> 41952 | H34: 41670 | I34: 1269605 | M34: =SUM(M35:M43) -> 1269605 | P34: =SUM(P35:P43) -> 0 | Q34: =SUM(Q35:Q43) -> 0 | S34: =I34-(M34+P34+Q34) -> 0
A35: JULES VIENNE | I35: =J35/$I$34 -> 0.3 | J35: 380881.5 | K35: 1 | L35: 40966 | M35: 380881.5 | N35: 41092 | O35: =IF(N35="",$Q$2-L35,N35-L35) -> 126 | P35: =IF(M35="en attente",J35,"") | Q35: =IF(L35="",J35-M35,0) -> 0
A36: JULES VIENNE | I36: =J36/$I$34+I35 -> 0.3344 | J36: 43674.41 | K36: 2 | L36: 41211 | M36: 43674.41 | N36: 41243 | O36: =IF(N36="",$Q$2-L36,N36-L36) -> 32 | P36: =IF(M36="en attente",J36,"") | Q36: =IF(L36="",J36-M36,0) -> 0
A37: JULES VIENNE | I37: =J37/$I$34+I36 -> 0.4037 | J37: 87983.63 | K37: 3 | L37: 41240 | M37: 87983.63 | N37: 41391 | O37: =IF(N37="",$Q$2-L37,N37-L37) -> 151 | P37: =IF(M37="en attente",J37,"") | Q37: =IF(L37="",J37-M37,0) -> 0
A38: JULES VIENNE | I38: =J38/$I$34+I37 -> 0.479 | J38: 95601.26 | K38: 4 | L38: 41313 | M38: 95601.26 | N38: 41416 | O38: =IF(N38="",$Q$2-L38,N38-L38) -> 103 | P38: =IF(M38="en attente",J38,"") | Q38: =IF(L38="",J38-M38,0) -> 0
A39: JULES VIENNE | I39: =J39/$I$34+I38 -> 0.5478 | J39: 87348.82 | K39: 5 | L39: 41360 | M39: 87348.82 | N39: 41430 | O39: =IF(N39="",$Q$2-L39,N39-L39) -> 70 | P39: =IF(M39="en attente",J39,"") | Q39: =IF(L39="",J39-M39,0) -> 0
A40: JULES VIENNE | I40: =J40/$I$34+I39 -> 0.6186 | J40: 89888.03 | K40: 6 | L40: 41422 | M40: 89888.03 | N40: 41473 | O40: =IF(N40="",$Q$2-L40,N40-L40) -> 51 | P40: =IF(M40="en attente",J40,"") | Q40: =IF(L40="",J40-M40,0) -> 0
A41: JULES VIENNE | I41: =J41/$I$34+I40 -> 0.7272 | J41: 137879.11 | K41: 7 | L41: 41466 | M41: 137879.11 | N41: 41533 | O41: =IF(N41="",$Q$2-L41,N41-L41) -> 67 | P41: =IF(M41="en attente",J41,"") | Q41: =IF(L41="",J41-M41,0) -> 0
A42: JULES VIENNE | I42: =J42/$I$34+I41 -> 0.8 | J42: 92427.24 | K42: 8 | L42: 41547 | M42: 92427.24 | N42: 41584 | O42: =IF(N42="",$Q$2-L42,N42-L42) -> 37 | P42: =IF(M42="en attente",J42,"") | Q42: =IF(L42="",J42-M42,0) -> 0
A43: JULES VIENNE | I43: =J43/$I$34+I42 -> 1 | J43: 253921 | K43: 9 | L43: 42262 | M43: 253921 | N43: 42325 | O43: =IF(N43="",$Q$2-L43,N43-L43) -> 63 | P43: =IF(M43="en attente",J43,"") | Q43: =IF(L43="",J43-M43,0) -> 0
A44: DESIRE | B44: N° 10-0731 | C44: 40491 | D44: =DATE(YEAR(C44),MONTH(C44)+18,DAY(C44)) -> 41038 | E44: 40721 | F44: 40721 | G44: =DATE(YEAR(C44)+4,MONTH(C44),DAY(C44)) -> 41952 | H44: 41479 | I44: 1173028 | M44: =SUM(M45:M53) -> 1173028 | P44: =SUM(P45:P53) -> 0 | Q44: =SUM(Q45:Q53) -> 0 | S44: =I44-(M44+P44+Q44) -> 0
A45: DESIRE | C45: ok | I45: =J45/$I$44 -> 0.3 | J45: 351908.4 | K45: 1 | L45: 40756 | M45: 351908.4 | N45: 40836 | O45: =IF(N45="",$Q$2-L45,N45-L45) -> 80 | P45: =IF(M45="en attente",J45,"") | Q45: =IF(L45="",J45-M45,0) -> 0
A46: DESIRE | I46: =J46/$I$44+I45 -> 0.3624 | J46: 73196.95 | K46: 2 | L46: 41038 | M46: 73196.95 | N46: 41142 | O46: =IF(N46="",$Q$2-L46,N46-L46) -> 104 | P46: =IF(M46="en attente",J46,"") | Q46: =IF(L46="",J46-M46,0) -> 0
A47: DESIRE | I47: =J47/$I$44+I46 -> 0.4201 | J47: 67683.71 | K47: 3 | L47: 41072 | M47: 67683.71 | N47: 41142 | O47: =IF(N47="",$Q$2-L47,N47-L47) -> 70 | P47: =IF(M47="en attente",J47,"") | Q47: =IF(L47="",J47-M47,0) -> 0
A48: DESIRE | I48: =J48/$I$44+I47 -> 0.5042 | J48: 98651.66 | K48: 4 | L48: 41129 | M48: 98651.66 | N48: 41170 | O48: =IF(N48="",$Q$2-L48,N48-L48) -> 41 | P48: =IF(M48="en attente",J48,"") | Q48: =IF(L48="",J48-M48,0) -> 0
A49: DESIRE | I49: =J49/$I$44+I48 -> 0.571 | J49: 78358.27 | K49: 5 | L49: 41190 | M49: 78358.27 | N49: 41219 | O49: =IF(N49="",$Q$2-L49,N49-L49) -> 29 | P49: =IF(M49="en attente",J49,"") | Q49: =IF(L49="",J49-M49,0) -> 0
A50: DESIRE | I50: =J50/$I$44+I49 -> 0.6235 | J50: 61583.97 | K50: 6 | L50: 41360 | M50: 61583.97 | N50: 41430 | O50: =IF(N50="",$Q$2-L50,N50-L50) -> 70 | P50: =IF(M50="en attente",J50,"") | Q50: =IF(L50="",J50-M50,0) -> 0
A51: DESIRE | I51: =J51/$I$44+I50 -> 0.7226 | J51: 116247.07 | K51: 7 | L51: 41305 | M51: 116247.07 | N51: 41444 | O51: =IF(N51="",$Q$2-L51,N51-L51) -> 139 | P51: =IF(M51="en attente",J51,"") | Q51: =IF(L51="",J51-M51,0) -> 0
A52: DESIRE | I52: =J52/$I$44+I51 -> 0.8 | J52: 90792.37 | K52: 8 | L52: 41463 | M52: 90792.37 | N52: 41505 | O52: =IF(N52="",$Q$2-L52,N52-L52) -> 42 | P52: =IF(M52="en attente",J52,"") | Q52: =IF(L52="",J52-M52,0) -> 0
A53: DESIRE | I53: =J53/$I$44+I52 -> 1 | J53: 234605.6 | K53: 9 | L53: 42166 | M53: 234605.6 | N53: 42614 | O53: =IF(N53="",$Q$2-L53,N53-L53) -> 448 | P53: =IF(M53="en attente",J53,"") | Q53: =IF(L53="",J53-M53,0) -> 0
A54: P'TIT CANAL | B54: N° 11-0390 | C54: 40730 | D54: =DATE(YEAR(C54),MONTH(C54)+18,DAY(C54)) -> 41280 | E54: 40889 | F54: 40939 | G54: =DATE(YEAR(C54)+4,MONTH(C54),DAY(C54)) -> 42191 | H54: 41689 | I54: 119398 | M54: =SUM(M55:M61) -> 119398 | P54: =SUM(P55:P61) -> 0 | Q54: =SUM(Q55:Q61) -> 0 | S54: =I54-(M54+P54+Q54) -> 0
A55: P'TIT CANAL | C55: ok | I55: =J55/I54 -> 0.3 | J55: 35819.4 | K55: 1 | L55: 40953 | M55: 35819.4 | N55: 41023 | O55: =IF(N55="",$Q$2-L55,N55-L55) -> 70 | P55: =IF(M55="en attente",J55,"") | Q55: =IF(L55="",J55-M55,0) -> 0
A56: P'TIT CANAL | I56: =J56/$I$54+I55 -> 0.36399998 | J56: 7641.47 | K56: 2 | L56: 41227 | M56: 7641.47 | N56: 41317 | O56: =IF(N56="",$Q$2-L56,N56-L56) -> 90 | P56: =IF(M56="en attente",J56,"") | Q56: =IF(L56="",J56-M56,0) -> 0
A57: P'TIT CANAL | I57: =J57/$I$54+I56 -> 0.49319997 | J57: 15426.22 | K57: 3 | L57: 41348 | M57: 15426.22 | N57: 41416 | O57: =IF(N57="",$Q$2-L57,N57-L57) -> 68 | P57: =IF(M57="en attente",J57,"") | Q57: =IF(L57="",J57-M57,0) -> 0
A58: P'TIT CANAL | I58: =J58/$I$54+I57 -> 0.6349 | J58: 16918.7 | K58: 4 | L58: 41463 | M58: 16918.7 | N58: 41522 | O58: =IF(N58="",$Q$2-L58,N58-L58) -> 59 | P58: =IF(M58="en attente",J58,"") | Q58: =IF(L58="",J58-M58,0) -> 0
A59: P'TIT CANAL | I59: =J59/$I$54+I58 -> 0.72769996 | J59: 11080.13 | K59: 5 | L59: 41547 | M59: 11080.13 | N59: 41582 | O59: =IF(N59="",$Q$2-L59,N59-L59) -> 35 | P59: =IF(M59="en attente",J59,"") | Q59: =IF(L59="",J59-M59,0) -> 0
A60: P'TIT CANAL | I60: =J60/$I$54+I59 -> 0.8 | J60: 8632.48 | K60: 6 | L60: 41697 | M60: 8632.48 | N60: 41859 | O60: =IF(N60="",$Q$2-L60,N60-L60) -> 162 | P60: =IF(M60="en attente",J60,"") | Q60: =IF(L60="",J60-M60,0) -> 0
A61: P'TIT CANAL | I61: =J61/$I$54+I60 -> 1 | J61: =I54-SUM(J55:J60) -> 23879.6 | K61: 7 | L61: 42423 | M61: 23879.6 | N61: 42520 | O61: =IF(N61="",$Q$2-L61,N61-L61) -> 97 | P61: =IF(M61="en attente",J61,"") | Q61: =IF(L61="",J61-M61,0) -> 0
A62: P'TIT CANAL | B62: N° 11-0391 | C62: 40722 | D62: =DATE(YEAR(C62),MONTH(C62)+18,DAY(C62)) -> 41271 | E62: 40889 | F62: 40939 | G62: =DATE(YEAR(C62)+4,MONTH(C62),DAY(C62)) -> 42183 | H62: 41689 | I62: 380000 | M62: =SUM(M63:M69) -> 380000 | P62: =SUM(P63:P69) -> 0 | Q62: =SUM(Q63:Q69) -> 0 | S62: =I62-(M62+P62+Q62) -> 0
A63: P'TIT CANAL | C63: ok | I63: =J63/$I$62 -> 0.3 | J63: 114000 | K63: 1 | L63: 40953 | M63: 114000 | N63: 41023 | O63: =IF(N63="",$Q$2-L63,N63-L63) -> 70 | P63: =IF(M63="en attente",J63,"") | Q63: =IF(L63="",J63-M63,0) -> 0
A64: P'TIT CANAL | I64: =J64/$I$62+I63 -> 0.364 | J64: 24320 | K64: 2 | L64: 41227 | M64: 24320 | N64: 41317 | O64: =IF(N64="",$Q$2-L64,N64-L64) -> 90 | P64: =IF(M64="en attente",J64,"") | Q64: =IF(L64="",J64-M64,0) -> 0
A65: P'TIT CANAL | I65: =J65/$I$62+I64 -> 0.4967 | J65: 50426 | K65: 3 | L65: 41348 | M65: 50426 | N65: 41416 | O65: =IF(N65="",$Q$2-L65,N65-L65) -> 68 | P65: =IF(M65="en attente",J65,"") | Q65: =IF(L65="",J65-M65,0) -> 0
A66: P'TIT CANAL | I66: =J66/$I$62+I65 -> 0.6393 | J66: 54188 | K66: 4 | L66: 41463 | M66: 54188 | N66: 41522 | O66: =IF(N66="",$Q$2-L66,N66-L66) -> 59 | P66: =IF(M66="en attente",J66,"") | Q66: =IF(L66="",J66-M66,0) -> 0
A67: P'TIT CANAL | I67: =J67/$I$62+I66 -> 0.7328 | J67: 35530 | K67: 5 | L67: 41547 | M67: 35530 | N67: 41582 | O67: =IF(N67="",$Q$2-L67,N67-L67) -> 35 | P67: =IF(M67="en attente",J67,"") | Q67: =IF(L67="",J67-M67,0) -> 0
A68: P'TIT CANAL | I68: =J68/$I$62+I67 -> 0.8 | J68: 25536 | K68: 6 | L68: 41697 | M68: 25536 | N68: 41859 | O68: =IF(N68="",$Q$2-L68,N68-L68) -> 162 | P68: =IF(M68="en attente",J68,"") | Q68: =IF(L68="",J68-M68,0) -> 0
A69: P'TIT CANAL | I69: =J69/$I$62+I68 -> 1 | J69: 76000 | K69: 7 | L69: 42423 | M69: 76000 | N69: 42520 | O69: =IF(N69="",$Q$2-L69,N69-L69) -> 97 | P69: =IF(M69="en attente",J69,"") | Q69: =IF(L69="",J69-M69,0) -> 0
A70: LE LAVOIR | B70: N° 11-0608 | C70: 40884 | D70: =DATE(YEAR(C70),MONTH(C70)+18,DAY(C70)) -> 41432 | E70: 40903 | F70: 40970 | G70: =DATE(YEAR(C70)+4,MONTH(C70),DAY(C70)) -> 42345 | H70: 41627 | I70: 620464 | M70: =SUM(M71:M77) -> 620464 | P70: =SUM(P71:P77) -> 0 | Q70: =SUM(Q71:Q77) -> 0 | S70: =I70-(M70+P70+Q70) -> 0
A71: LE LAVOIR | C71: ok | I71: =J71/$I$70 -> 0.3 | J71: 186139.2 | K71: 1 | L71: 41003 | M71: 186139.2 | N71: 41065 | O71: =IF(N71="",$Q$2-L71,N71-L71) -> 62 | P71: =IF(M71="en attente",J71,"") | Q71: =IF(L71="",J71-M71,0) -> 0
A72: LE LAVOIR | I72: =J72/$I$70+I71 -> 0.37989999 | J72: 49575.07 | K72: 2 | L72: 41235 | M72: 49575.07 | N72: 41317 | O72: =IF(N72="",$Q$2-L72,N72-L72) -> 82 | P72: =IF(M72="en attente",J72,"") | Q72: =IF(L72="",J72-M72,0) -> 0
A73: LE LAVOIR | I73: =J73/$I$70+I72 -> 0.5258 | J73: 90525.7 | K73: 3 | L73: 41313 | M73: 90525.7 | N73: 41388 | O73: =IF(N73="",$Q$2-L73,N73-L73) -> 75 | P73: =IF(M73="en attente",J73,"") | Q73: =IF(L73="",J73-M73,0) -> 0
A74: LE LAVOIR | I74: =J74/$I$70+I73 -> 0.5916 | J74: 40826.53 | K74: 4 | L74: 41361 | M74: 40826.53 | N74: 41416 | O74: =IF(N74="",$Q$2-L74,N74-L74) -> 55 | P74: =IF(M74="en attente",J74,"") | Q74: =IF(L74="",J74-M74,0) -> 0
A75: LE LAVOIR | I75: =J75/$I$70+I74 -> 0.6998 | J75: 67134.21 | K75: 5 | L75: 41423 | M75: 67134.21 | N75: 41473 | O75: =IF(N75="",$Q$2-L75,N75-L75) -> 50 | P75: =IF(M75="en attente",J75,"") | Q75: =IF(L75="",J75-M75,0) -> 0
A76: LE LAVOIR | I76: =J76/$I$70+I75 -> 0.8 | J76: 62170.49 | K76: 6 | L76: 41463 | M76: 62170.49 | N76: 41522 | O76: =IF(N76="",$Q$2-L76,N76-L76) -> 59 | P76: =IF(M76="en attente",J76,"") | Q76: =IF(L76="",J76-M76,0) -> 0
A77: LE LAVOIR | I77: =J77/$I$70+I76 -> 1 | J77: 124092.8 | K77: 7 | L77: 42318 | M77: 124092.8 | N77: 42558 | O77: =IF(N77="",$Q$2-L77,N77-L77) -> 240 | P77: =IF(M77="en attente",J77,"") | Q77: =IF(L77="",J77-M77,0) -> 0
A78: LES PECHERS | C78: 40848 | D78: =DATE(YEAR(C78),MONTH(C78)+18,DAY(C78)) -> 41395 | F78: 40924 | G78: =DATE(YEAR(C78)+4,MONTH(C78),DAY(C78)) -> 42309 | H78: 41429 | I78: 355000 | M78: =SUM(M79:M83) -> 355000 | P78: =SUM(P79:P83) -> 0 | Q78: =SUM(Q79:Q83) -> 0 | S78: =I78-(M78+P78+Q78) -> 0
A79: LES PECHERS | I79: =J79/$I$78 -> 0.3 | J79: 106500 | K79: 1 | L79: 41052 | M79: 106500 | N79: 41102 | O79: =IF(N79="",$Q$2-L79,N79-L79) -> 50 | P79: =IF(M79="en attente",J79,"") | Q79: =IF(L79="",J79-M79,0) -> 0
A80: LES PECHERS | I80: =J80/$I$78+I79 -> 0.5566 | J80: 91093 | K80: 2 | L80: 41200 | M80: 91093 | N80: 41243 | O80: =IF(N80="",$Q$2-L80,N80-L80) -> 43 | P80: =IF(M80="en attente",J80,"") | Q80: =IF(L80="",J80-M80,0) -> 0
A81: LES PECHERS | I81: =J81/$I$78+I80 -> 0.6524 | J81: 34009 | K81: 3 | L81: 41362 | M81: 34009 | N81: 41444 | O81: =IF(N81="",$Q$2-L81,N81-L81) -> 82 | P81: =IF(M81="en attente",J81,"") | Q81: =IF(L81="",J81-M81,0) -> 0
A82: LES PECHERS | I82: =J82/$I$78+I81 -> 0.8 | J82: 52398 | K82: 4 | L82: 41466 | M82: 52398 | N82: 41522 | O82: =IF(N82="",$Q$2-L82,N82-L82) -> 56 | P82: =IF(M82="en attente",J82,"") | Q82: =IF(L82="",J82-M82,0) -> 0
A83: LES PECHERS | I83: =J83/$I$78+I82 -> 1 | J83: 71000 | K83: 5 | L83: 42271 | M83: 71000 | N83: 42325 | O83: =IF(N83="",$Q$2-L83,N83-L83) -> 54 | P83: =IF(M83="en attente",J83,"") | Q83: =IF(L83="",J83-M83,0) -> 0
A84: VEFA ROSIERS 51 LLS | C84: 40848 | D84: =DATE(YEAR(C84),MONTH(C84)+18,DAY(C84)) -> 41395 | F84: 40910 | G84: =DATE(YEAR(C84)+4,MONTH(C84),DAY(C84)) -> 42309 | H84: 41606 | I84: 300000 | M84: =SUM(M85:M88) -> 300000 | P84: =SUM(P85:P88) -> 0 | Q84: =SUM(Q85:Q88) -> 0 | S84: =I84-(M84+P84+Q84) -> 0
A85: VEFA ROSIERS 51 LLS | I85: =J85/$I$84 -> 0.3 | J85: 90000 | K85: 1 | L85: 41038 | M85: 90000 | N85: 41102 | O85: =IF(N85="",$Q$2-L85,N85-L85) -> 64 | P85: =IF(M85="en attente",J85,"") | Q85: =IF(L85="",J85-M85,0) -> 0
A86: VEFA ROSIERS 51 LLS | I86: =J86/$I$84+I85 -> 0.6006 | J86: 90180 | K86: 2 | L86: 41240 | M86: 90180 | N86: 41416 | O86: =IF(N86="",$Q$2-L86,N86-L86) -> 176 | P86: =IF(M86="en attente",J86,"") | Q86: =IF(L86="",J86-M86,0) -> 0
A87: VEFA ROSIERS 51 LLS | I87: =J87/$I$84+I86 -> 0.8 | J87: 59820 | K87: 3 | L87: 41423 | M87: 59820 | N87: 41505 | O87: =IF(N87="",$Q$2-L87,N87-L87) -> 82 | P87: =IF(M87="en attente",J87,"") | Q87: =IF(L87="",J87-M87,0) -> 0
A88: VEFA ROSIERS 51 LLS | I88: =J88/$I$84+I87 -> 1 | J88: 60000 | K88: 4 | L88: 42278 | M88: 60000 | N88: 42325 | O88: =IF(N88="",$Q$2-L88,N88-L88) -> 47 | P88: =IF(M88="en attente",J88,"") | Q88: =IF(L88="",J88-M88,0) -> 0
A89: VEFA ROSIERS 6 LLTS | C89: 40848 | D89: =DATE(YEAR(C89),MONTH(C89)+18,DAY(C89)) -> 41395 | F89: 40910 | G89: =DATE(YEAR(C89)+4,MONTH(C89),DAY(C89)) -> 42309 | H89: 41606 | I89: 100000 | M89: =SUM(M90:M93) -> 100000 | P89: =SUM(P90:P93) -> 0 | Q89: =SUM(Q90:Q93) -> 0 | S89: =I89-(M89+P89+Q89) -> 0
A90: VEFA ROSIERS 6 LLTS | I90: =J90/$I$89 -> 0.3 | J90: 30000 | K90: 1 | L90: 41038 | M90: 30000 | N90: 41102 | O90: =IF(N90="",$Q$2-L90,N90-L90) -> 64 | P90: =IF(M90="en attente",J90,"") | Q90: =IF(L90="",J90-M90,0) -> 0
A91: VEFA ROSIERS 6 LLTS | I91: =J91/$I$89+I90 -> 0.601 | J91: 30100 | K91: 2 | L91: 41240 | M91: 30100 | N91: 41416 | O91: =IF(N91="",$Q$2-L91,N91-L91) -> 176 | P91: =IF(M91="en attente",J91,"") | Q91: =IF(L91="",J91-M91,0) -> 0
A92: VEFA ROSIERS 6 LLTS | I92: =J92/$I$89+I91 -> 0.8 | J92: 19900 | K92: 3 | L92: 41423 | M92: 19900 | N92: 41505 | O92: =IF(N92="",$Q$2-L92,N92-L92) -> 82 | P92: =IF(M92="en attente",J92,"") | Q92: =IF(L92="",J92-M92,0) -> 0
A93: VEFA ROSIERS 6 LLTS | I93: =J93/$I$89+I92 -> 1 | J93: 20000 | K93: 4 | L93: 42278 | M93: 20000 | N93: 42312 | O93: =IF(N93="",$Q$2-L93,N93-L93) -> 34 | P93: =IF(M93="en attente",J93,"") | Q93: =IF(L93="",J93-M93,0) -> 0
A94: POKER D'AS | B94: N° 12-0419 | C94: 41081 | D94: =DATE(YEAR(C94),MONTH(C94)+18,DAY(C94)) -> 41629 | E94: 41253 | F94: 41309 | G94: =DATE(YEAR(C94)+4,MONTH(C94),DAY(C94)) -> 42542 | H94: 41992 | I94: 60000 | M94: =SUM(M95:M97) -> 60000 | P94: =SUM(P95:P97) -> 0 | Q94: =SUM(Q95:Q97) -> 0 | S94: =I94-(M94+P94+Q94) -> 0
A95: POKER D'AS | C95: ok | I95: =J95/I94 -> 0.3 | J95: 18000 | K95: 1 | L95: 41313 | M95: 18000 | N95: 41388 | O95: =IF(N95="",$Q$2-L95,N95-L95) -> 75 | P95: =IF(M95="en attente",J95,"") | Q95: =IF(L95="",J95-M95,0) -> 0 | R95: Mqe conformité
A96: POKER D'AS | I96: 0.8 | J96: =I94*I96-J95 -> 30000 | K96: 2 | L96: 42803 | M96: 30000 | N96: 42886 | O96: =IF(N96="",$Q$2-L96,N96-L96) -> 83 | P96: =IF(M96="en attente",J96,"") | Q96: =IF(L96="",J96-M96,0) -> 0
A97: POKER D'AS | I97: 1 | J97: =I94-J95-J96 -> 12000 | K97: 3 | L97: 43077 | M97: 12000 | N97: 43186 | P97: =IF(M97="en attente",J97,"") | Q97: =IF(L97="",J97-M97,0) -> 0
A98: POKER D'AS | B98: N° 12-0416 | C98: 41053 | D98: =DATE(YEAR(C98),MONTH(C98)+18,DAY(C98)) -> 41602 | E98: 41253 | F98: 41309 | G98: =DATE(YEAR(C98)+4,MONTH(C98),DAY(C98)) -> 42514 | H98: 41992 | I98: 1 | M98: =SUM(M99) -> 0 | P98: =SUM(P99) -> 0 | Q98: =SUM(Q99) -> 0 | S98: =I98-(M98+P98+Q98) -> 1
A99: POKER D'AS | C99: ok | J99: 1 | K99: 1 | L99: 43077 | M99: opérat° clôturée par DEAL (voir CA) | P99: =IF(M99="en attente",J99,"") | Q99: =IF(L99="",J99-M99,0) -> 0
A100: LAURENCY | B100: N° 12-0655 | C100: 41177 | D100: =DATE(YEAR(C100),MONTH(C100)+18,DAY(C100)) -> 41723 | E100: 41256 | F100: 41295 | G100: =DATE(YEAR(C100)+4,MONTH(C100),DAY(C100)) -> 42638 | H100: 42326 | I100: 558000 | M100: =SUM(M101:M107) -> 558000 | P100: =SUM(P101:P107) -> 0 | Q100: =SUM(Q101:Q107) -> 0 | S100: =I100-(M100+P100+Q100) -> 0
A101: LAURENCY | C101: ok | I101: =J101/$I$100 -> 0.3 | J101: 167400 | K101: 1 | L101: 41281 | M101: 167400 | N101: 41415 | O101: =IF(N101="",$Q$2-L101,N101-L101) -> 134 | P101: =IF(M101="en attente",J101,"") | Q101: =IF(L101="",J101-M101,0) -> 0
...

Sheet ST LEU
O1: Base | P1: Tx d'intérêts
A2: ETAT DES CREANCES : MAIRIE DE SAINT LEU | L2: 42155 | P2: 0.0294
A4: Opération | B4: Libellé | C4: Signature | D4: BUDGET | E4: APPELS DE FONDS | K4: RESTE A PERCEVOIR | M4: Observations | P4: 41967 | Q4: 42185
E5: Montant | F5: N° | G5: Date | H5: Payé | I5: Date | J5: Nbre js d'impayés | K5: A payer | L5: Non appelé
A6: PTIT CANAL | B6: FRAFU SECONDAIRE | C6: 40870 | D6: =341529.23+0.02 -> 341529.25 | H6: =SUM(H7:H11) -> 273223.4 | K6: =SUM(K7:K11) -> 68305.85 | L6: =SUM(L7:L11) -> 0 | N6: =D6-(H6+K6+L6) -> 0
A7: PTIT CANAL | E7: 68305.85 | F7: 1 | G7: 40968 | H7: 68305.85 | I7: 42051 | J7: =$L$2-G7 -> 1187 | K7: =E7-H7 -> 0 | L7: =IF(G7="",E7,"") | O7: =K7 -> 0 | P7: =O7*$P$2*J7/365 -> 0
A8: PTIT CANAL | E8: 68305.85 | F8: 2 | G8: 41040 | H8: 68305.85 | I8: 42051 | J8: =$L$2-G8 -> 1115 | K8: =E8-H8 -> 0 | L8: =IF(G8="",E8,"") | O8: =K8 -> 0 | P8: =O8*$P$2*J8/365 -> 0
A9: PTIT CANAL | E9: 68305.85 | F9: 3 | G9: 41134 | H9: 68305.85 | I9: 42051 | J9: =$L$2-G9 -> 1021 | K9: =E9-H9 -> 0 | L9: =IF(G9="",E9,"") | O9: =K9 -> 0 | P9: =O9*$P$2*J9/365 -> 0
A10: PTIT CANAL | E10: 68305.85 | F10: 4 | G10: 41192 | H10: 68305.85 | I10: 42051 | J10: =$L$2-G10 -> 963 | K10: =E10-H10 -> 0 | L10: =IF(G10="",E10,"") | O10: =K10 -> 0 | P10: =O10*$P$2*J10/365 -> 0
A11: PTIT CANAL | E11: 68305.85 | F11: 5 | G11: 42037 | H11: en attente | J11: =$L$2-G11 -> 118 | K11: =E11 -> 68305.85 | L11: =IF(G11="",E11,"") | O11: =K11 -> 68305.85 | P11: =O11*$P$2*J11/365 -> 649.22371
A12: LAVOIR | B12: FRAFU SECONDAIRE | C12: 40984 | D12: =119894.04+0.01 -> 119894.05 | H12: =SUM(H13:H17) -> 95915.24 | K12: =SUM(K13:K17) -> 23978.81 | L12: =SUM(L13:L17) -> 0 | N12: =D12-(H12+K12+L12) -> 0 | O12: =K12 -> 23978.81
A13: LAVOIR | E13: 23978.81 | F13: 1 | G13: 40989 | H13: 23978.81 | I13: 41059 | J13: =I13-G13 -> 70 | K13: =E13-H13 -> 0 | L13: =IF(G13="",E13,"") | O13: =E13 -> 23978.81 | P13: =O13*$P$2*J13/365 -> 135.20107
A14: LAVOIR | E14: 23978.81 | F14: 2 | G14: 41040 | H14: 23978.81 | I14: 41652 | J14: =I14-G14 -> 612 | K14: =E14-H14 -> 0 | L14: =IF(G14="",E14,"") | O14: =E14 -> 23978.81 | P14: =O14*$P$2*J14/365 -> 1182.0437
A15: LAVOIR | E15: 23978.81 | F15: 3 | G15: 41134 | H15: 23978.81 | I15: 41652 | J15: =I15-G15 -> 518 | K15: =E15-H15 -> 0 | L15: =IF(G15="",E15,"") | O15: =E15 -> 23978.81 | P15: =O15*$P$2*J15/365 -> 1000.4879
A16: LAVOIR | E16: 23978.81 | F16: 4 | G16: 41192 | H16: 23978.81 | I16: 41652 | J16: =I16-G16 -> 460 | K16: =E16-H16 -> 0 | L16: =IF(G16="",E16,"") | O16: =E16 -> 23978.81 | P16: =O16*$P$2*J16/365 -> 888.46418
A17: LAVOIR | E17: 23978.81 | F17: 5 | G17: 42037 | H17: en attente | K17: =E17 -> 23978.81 | L17: =IF(G17="",E17,"")
A18: LAURENCY | B18: FRAFU SOCIAL | C18: 41145 | D18: =150077.39 -> 150077.39 | H18: =SUM(H19:H23) -> 120061.92 | K18: =SUM(K19:K23) -> 30015.47 | L18: =SUM(L19:L23) -> 0 | N18: =D18-(H18+K18+L18) -> 0
A19: LAURENCY | E19: 30015.48 | F19: 1 | G19: 41317 | H19: 30015.48 | I19: 42073 | J19: =I19-G19 -> 756 | K19: =E19-H19 -> 0 | L19: =IF(G19="",E19,"") | O19: =K19 -> 0 | P19: =O19*$P$2*J19/365 -> 0
A20: LAURENCY | E20: 30015.48 | F20: 2 | G20: 41387 | H20: 30015.48 | I20: 42073 | J20: =I20-G20 -> 686 | K20: =E20-H20 -> 0 | L20: =IF(G20="",E20,"") | O20: =K20 -> 0 | P20: =O20*$P$2*J20/365 -> 0
A21: LAURENCY | E21: 30015.48 | F21: 3 | G21: 41423 | H21: 30015.48 | I21: 42073 | J21: =I21-G21 -> 650 | K21: =E21-H21 -> 0 | L21: =IF(G21="",E21,"") | O21: =K21 -> 0 | P21: =O21*$P$2*J21/365 -> 0
A22: LAURENCY | E22: 30015.48 | F22: 4 | G22: 41466 | H22: 30015.48 | I22: 42073 | J22: =I22-G22 -> 607 | K22: =E22-H22 -> 0 | L22: =IF(G22="",E22,"") | O22: =K22 -> 0 | P22: =O22*$P$2*J22/365 -> 0
A23: LAURENCY | E23: 30015.47 | F23: 5 | G23: 42811 | H23: en attente | J23: =I23-G23 -> -42811 | K23: =E23 -> 30015.47 | L23: =IF(G23="",E23,"") | O23: =K23 -> 30015.47 | P23: =O23*$P$2*J23/365 -> -103503.49
A24: PRZA LAURENCY | B24: PARTICIPATION CH 624 & 93 | C24: 41145 | D24: 114200 | H24: =SUM(H25) -> 114200 | K24: =SUM(K25) -> 0 | L24: =SUM(L25) -> 0 | N24: =D24-(H24+K24+L24) -> 0 | O24: =K25 -> 0 | P24: =O24*$P$2*J25/365 -> 0
A25: PRZA LAURENCY | E25: 114200 | F25: 1 | G25: 41554 | H25: 114200 | I25: 42234 | J25: =$L$2-G25 -> 601 | K25: =E25-H24 -> 0 | L25: =IF(G25="",E25,"")
A26: LE CAP | B26: FRAFU SECONDAIRE | C26: 41047 | D26: =184958.11+0.04 -> 184958.15 | H26: =SUM(H27:H31) -> 147966.52 | K26: =SUM(K27:K31) -> 36991.63 | L26: =SUM(L27:L31) -> 0 | N26: =D26-(H26+K26+L26) -> 0
A27: LE CAP | E27: 36991.63 | F27: 1 | G27: 41715 | H27: 36991.63 | I27: 43384 | J27: =$L$2-G27 -> 440 | K27: =E27-H27 -> 0 | L27: =IF(G27="",E27,"") | O27: =K27 -> 0 | P27: =O27*$P$2*J27/365 -> 0
A28: LE CAP | E28: 36991.63 | F28: 2 | G28: 41715 | H28: 36991.63 | I28: 43384 | J28: =$L$2-G28 -> 440 | K28: =E28-H28 -> 0 | L28: =IF(G28="",E28,"") | O28: =K28 -> 0 | P28: =O28*$P$2*J28/365 -> 0
A29: LE CAP | E29: 36991.63 | F29: 3 | G29: 41715 | H29: 36991.63 | I29: 43384 | J29: =$L$2-G29 -> 440 | K29: =E29-H29 -> 0 | L29: =IF(G29="",E29,"") | O29: =K29 -> 0 | P29: =O29*$P$2*J29/365 -> 0
A30: LE CAP | E30: 36991.63 | F30: 4 | G30: 41715 | H30: 36991.63 | I30: 43384 | J30: =$L$2-G30 -> 440 | K30: =E30-H30 -> 0 | L30: =IF(G30="",E30,"") | O30: =K30 -> 0 | P30: =O30*$P$2*J30/365 -> 0
A31: LE CAP | E31: 36991.63 | F31: 5 | G31: 43000 | H31: en attente | J31: =$L$2-G31 -> -845 | K31: =+E31 -> 36991.63 | L31: =IF(G31="",E31,"") | O31: =K31 -> 36991.63 | P31: =O31*$P$2*J31/365 -> -2517.7618
A32: CHALOUPE | B32: FRAFU SOCIAL | C32: 41150 | D32: =206916.91 -> 206916.91 | H32: =SUM(H33:H37) -> 165533.56 | K32: =SUM(K33:K37) -> 41383.38 | L32: =SUM(L33:L37) -> 0 | N32: =D32-(H32+K32+L32) -> -0.03
A33: CHALOUPE | E33: 41383.39 | F33: 1 | G33: 41561 | H33: 41383.39 | I33: 43356 | J33: =$L$2-G33 -> 594 | K33: 0 | L33: =IF(G33="",E33,"") | O33: =K33 -> 0 | P33: =O33*$P$2*J33/365 -> 0
A34: CHALOUPE | E34: 41383.39 | F34: 2 | G34: 41561 | H34: 41383.39 | I34: 43368 | J34: =$L$2-G34 -> 594 | K34: 0 | L34: =IF(G34="",E34,"") | O34: =K34 -> 0 | P34: =O34*$P$2*J34/365 -> 0
A35: CHALOUPE | E35: 41383.39 | F35: 3 | G35: 41582 | H35: 41383.39 | I35: 43368 | J35: =$L$2-G35 -> 573 | K35: 0 | L35: =IF(G35="",E35,"") | O35: =K35 -> 0 | P35: =O35*$P$2*J35/365 -> 0
A36: CHALOUPE | E36: 41383.39 | F36: 4 | G36: 41646 | H36: 41383.39 | I36: 43369 | J36: =$L$2-G36 -> 509 | K36: 0 | L36: =IF(G36="",E36,"") | O36: =K36 -> 0 | P36: =O36*$P$2*J36/365 -> 0
A37: CHALOUPE | E37: 41383.38 | F37: 5 | G37: 42782 | H37: en attente | J37: =$L$2-G37 -> -627 | K37: =E37 -> 41383.38 | L37: =IF(G37="",E37,"")
D38: =SUM(D6:D37) -> 1117575.8 | E38: =SUM(E6:E37) -> 1117575.8 | H38: =H6+H12+H18+H24+H26+H32 -> 916900.64 | K38: =K6+K12+K18+K24+K26+K32 -> 200675.14 | L38: =L6+L12+L18+L24+L26+L32 -> 0 | O38: =SUM(O6:O37) -> 255207 | P38: =SUM(P6:P37) -> -102165.83
K39: =SUM(K38:L38) -> 200675.14
A40: SOBEPRE | B40: Mandats | C40: 41131 | D40: 3152932.5 | J40: =I40-G40 -> 0 | O40: =H40 -> 0 | P40: =O40*$P$2*J40/365 -> 0
A41: SOBEPRE | E41: 91990.6 | F41: 1 | G41: 41443 | H41: 91990.6 | I41: 41548 | J41: =I41-G41 -> 105 | K41: =E41-H41 -> 0
A42: SOBEPRE | E42: 319852 | F42: 2 | G42: 41939 | H42: 319852 | I42: 42277 | J42: =$L$2-G42 -> 216 | K42: =E42-H42 -> 0 | O42: =K42 -> 0 | Q42: =O42*P2*180/365 -> 0
A43: SOBEPRE | B43: Etat des dépenses au 24/11/2014 | E43: 1442192.8 | F43: 3 | G43: 41960 | H43: 1442192.8 | I43: 42387 | J43: =$L$2-G43 -> 195 | K43: 0 | L43: =IF(G43="",E43,"") | R43: AF à lancer
A44: SOBEPRE | B44: prévision 4tr restants à dépenser | E44: 1125615 | F44: 4 | G44: 41960 | H44: 1125615 | I44: 42885 | K44: =+E44-H44 -> 0 | L44: =IF(G44="",E44,"") | R44: AF à lancer
E45: =138324+14698+197809 -> 350831 | F45: 5 | G45: 42355 | H45: en attente | K45: =E45 -> 350831 | L45: =IF(G45="",E45,"") | R45: AF à lancer
E46: =SUM(E41:E45) -> 3330481.4 | H46: =SUM(H41:H45) -> 2979650.4 | K46: =SUM(K41:K45) -> 350831 | L46: =SUM(L41:L45) -> 0 | N46: =D40-(H46+K46+L46) -> -177548.84 | O46: =SUM(O40:O42) -> 0 | P46: =SUM(P40:P42) -> 0 | Q46: =SUM(Q40:Q42) -> 0
E47: =E46+E38 -> 4448057.2 | H47: =H46+H38 -> 3896551 | K47: =SUM(K46:L46) -> 350831
K48: =K47+K39 -> 551506.14 | N48: =E47-(H47+K48) -> 0
J49: A payer | K49: =K38 -> 200675.14 | L49: FRAFU
E50: 3470270 | J50: A payer | K50: =K46 -> 350831 | L50: Sobepre
K51: =SUM(K49:K50) -> 551506.14
J52: non encore appelé | K52: =L38 -> 0 | L52: FRAFU
J53: somme à appeler | K53: =L46 -> 0 | L53: Sobepre
K54: =SUM(K51:K53) -> 551506.14
E57: APPELE | H57: PAYE | K57: APPELE | L57: PAYE
D58: 40940 | E58: =SUMPRODUCT((DateAF_ST_LEU<>"")*(MONTH(DateAF_ST_LEU)=MONTH(D58))*(YEAR(DateAF_ST_LEU)=YEAR(D58))*MontantAF_ST_LEU) -> 68305.85 | G58: 40940 | H58: =SUMPRODUCT((DatePmt_ST_LEU<>"")*(DatePmt_ST_LEU<>"en attente")*(MONTH(DatePmt_ST_LEU)=MONTH(G58))*(YEAR(DatePmt_ST_LEU)=YEAR(G58))*(ISNUMBER(MtntPaye_ST_LEU)),MtntPaye_ST_LEU) -> 0 | J58: 2012 | K58: =SUMPRODUCT((YEAR($D$58:$D$78)=J58)*($E$58:$E$78)) -> 369138.64 | L58: =SUMPRODUCT((YEAR($D$58:$D$78)=J58)*($H$58:$H$78)) -> 23978.81
D59: 40969 | E59: =SUMPRODUCT((DateAF_ST_LEU<>"")*(MONTH(DateAF_ST_LEU)=MONTH(D59))*(YEAR(DateAF_ST_LEU)=YEAR(D59))*MontantAF_ST_LEU) -> 23978.81 | G59: 40969 | H59: =SUMPRODUCT((DatePmt_ST_LEU<>"")*(DatePmt_ST_LEU<>"en attente")*(MONTH(DatePmt_ST_LEU)=MONTH(G59))*(YEAR(DatePmt_ST_LEU)=YEAR(G59))*(ISNUMBER(MtntPaye_ST_LEU)),MtntPaye_ST_LEU) -> 0 | J59: 2013 | K59: =SUMPRODUCT((YEAR($D$58:$D$78)=J59)*($E$58:$E$78)) -> 328396.61 | L59: =SUMPRODUCT((YEAR($D$58:$D$78)=J59)*($H$58:$H$78)) -> 91990.6
D60: 41030 | E60: =SUMPRODUCT((DateAF_ST_LEU<>"")*(MONTH(DateAF_ST_LEU)=MONTH(D60))*(YEAR(DateAF_ST_LEU)=YEAR(D60))*MontantAF_ST_LEU) -> 92284.66 | G60: 41030 | H60: =SUMPRODUCT((DatePmt_ST_LEU<>"")*(DatePmt_ST_LEU<>"en attente")*(MONTH(DatePmt_ST_LEU)=MONTH(G60))*(YEAR(DatePmt_ST_LEU)=YEAR(G60))*(ISNUMBER(MtntPaye_ST_LEU)),MtntPaye_ST_LEU) -> 23978.81 | J60: 2014 | K60: =SUMPRODUCT((YEAR($D$58:$D$78)=J60)*($E$58:$E$78)) -> 3077009.7 | L60: =SUMPRODUCT((YEAR($D$58:$D$78)=J60)*($H$58:$H$78)) -> 71936.43
D61: 41122 | E61: =SUMPRODUCT((DateAF_ST_LEU<>"")*(MONTH(DateAF_ST_LEU)=MONTH(D61))*(YEAR(DateAF_ST_LEU)=YEAR(D61))*MontantAF_ST_LEU) -> 92284.66 | G61: 41122 | H61: =SUMPRODUCT((DatePmt_ST_LEU<>"")*(DatePmt_ST_LEU<>"en attente")*(MONTH(DatePmt_ST_LEU)=MONTH(G61))*(YEAR(DatePmt_ST_LEU)=YEAR(G61))*(ISNUMBER(MtntPaye_ST_LEU)),MtntPaye_ST_LEU) -> 0 | J61: 2015 | K61: =SUMPRODUCT((YEAR($D$58:$D$78)=J61)*($E$58:$E$78)) -> 443115.66 | L61: =SUMPRODUCT((YEAR($D$58:$D$78)=J61)*($H$58:$H$78)) -> 827337.32
D62: 41183 | E62: =SUMPRODUCT((DateAF_ST_LEU<>"")*(MONTH(DateAF_ST_LEU)=MONTH(D62))*(YEAR(DateAF_ST_LEU)=YEAR(D62))*MontantAF_ST_LEU) -> 92284.66 | G62: 41183 | H62: =SUMPRODUCT((DatePmt_ST_LEU<>"")*(DatePmt_ST_LEU<>"en attente")*(MONTH(DatePmt_ST_LEU)=MONTH(G62))*(YEAR(DatePmt_ST_LEU)=YEAR(G62))*(ISNUMBER(MtntPaye_ST_LEU)),MtntPaye_ST_LEU) -> 0 | J62: 2016 | K62: =SUMPRODUCT((YEAR($D$58:$D$78)=J62)*($E$58:$E$78)) -> 0 | L62: =SUMPRODUCT((YEAR($D$58:$D$78)=J62)*($H$58:$H$78)) -> 1442192.8
D63: 41306 | E63: =SUMPRODUCT((DateAF_ST_LEU<>"")*(MONTH(DateAF_ST_LEU)=MONTH(D63))*(YEAR(DateAF_ST_LEU)=YEAR(D63))*MontantAF_ST_LEU) -> 30015.48 | G63: 41306 | H63: =SUMPRODUCT((DatePmt_ST_LEU<>"")*(DatePmt_ST_LEU<>"en attente")*(MONTH(DatePmt_ST_LEU)=MONTH(G63))*(YEAR(DatePmt_ST_LEU)=YEAR(G63))*(ISNUMBER(MtntPaye_ST_LEU)),MtntPaye_ST_LEU) -> 0 | J63: 2017 | K63: =SUMPRODUCT((YEAR($D$58:$D$78)=J63)*($E$58:$E$78)) -> 41383.38 | L63: =SUMPRODUCT((YEAR($D$58:$D$78)=J63)*($H$58:$H$78)) -> 0
D64: 41365 | E64: =SUMPRODUCT((DateAF_ST_LEU<>"")*(MONTH(DateAF_ST_LEU)=MONTH(D64))*(YEAR(DateAF_ST_LEU)=YEAR(D64))*MontantAF_ST_LEU) -> 30015.48 | G64: 41365 | H64: =SUMPRODUCT((DatePmt_ST_LEU<>"")*(DatePmt_ST_LEU<>"en attente")*(MONTH(DatePmt_ST_LEU)=MONTH(G64))*(YEAR(DatePmt_ST_LEU)=YEAR(G64))*(ISNUMBER(MtntPaye_ST_LEU)),MtntPaye_ST_LEU) -> 0 | J64: 2018 | K64: =SUMPRODUCT((YEAR($D$58:$D$78)=J64)*($E$58:$E$78)) -> 0 | L64: =SUMPRODUCT((YEAR($D$58:$D$78)=J64)*($H$58:$H$78)) -> 0
D65: 41395 | E65: =SUMPRODUCT((DateAF_ST_LEU<>"")*(MONTH(DateAF_ST_LEU)=MONTH(D65))*(YEAR(DateAF_ST_LEU)=YEAR(D65))*MontantAF_ST_LEU) -> 30015.48 | G65: 41395 | H65: =SUMPRODUCT((DatePmt_ST_LEU<>"")*(DatePmt_ST_LEU<>"en attente")*(MONTH(DatePmt_ST_LEU)=MONTH(G65))*(YEAR(DatePmt_ST_LEU)=YEAR(G65))*(ISNUMBER(MtntPaye_ST_LEU)),MtntPaye_ST_LEU) -> 0 | K65: =SUM(K58:K64) -> 4259044 | L65: =SUM(L58:L64) -> 2457435.9
D66: 41548 | E66: =SUMPRODUCT((DateAF_ST_LEU<>"")*(MONTH(DateAF_ST_LEU)=MONTH(D66))*(YEAR(DateAF_ST_LEU)=YEAR(D66))*MontantAF_ST_LEU) -> 196966.78 | G66: 41548 | H66: =SUMPRODUCT((DatePmt_ST_LEU<>"")*(DatePmt_ST_LEU<>"en attente")*(MONTH(DatePmt_ST_LEU)=MONTH(G66))*(YEAR(DatePmt_ST_LEU)=YEAR(G66))*(ISNUMBER(MtntPaye_ST_LEU)),MtntPaye_ST_LEU) -> 91990.6 | K66: =K65-E80 -> 0 | L66: =L65-H80 -> 0
D67: 41579 | E67: =SUMPRODUCT((DateAF_ST_LEU<>"")*(MONTH(DateAF_ST_LEU)=MONTH(D67))*(YEAR(DateAF_ST_LEU)=YEAR(D67))*MontantAF_ST_LEU) -> 41383.39 | G67: 41579 | H67: =SUMPRODUCT((DatePmt_ST_LEU<>"")*(DatePmt_ST_LEU<>"en attente")*(MONTH(DatePmt_ST_LEU)=MONTH(G67))*(YEAR(DatePmt_ST_LEU)=YEAR(G67))*(ISNUMBER(MtntPaye_ST_LEU)),MtntPaye_ST_LEU) -> 0
D68: 41640 | E68: =SUMPRODUCT((DateAF_ST_LEU<>"")*(MONTH(DateAF_ST_LEU)=MONTH(D68))*(YEAR(DateAF_ST_LEU)=YEAR(D68))*MontantAF_ST_LEU) -> 41383.39 | G68: 41640 | H68: =SUMPRODUCT((DatePmt_ST_LEU<>"")*(DatePmt_ST_LEU<>"en attente")*(MONTH(DatePmt_ST_LEU)=MONTH(G68))*(YEAR(DatePmt_ST_LEU)=YEAR(G68))*(ISNUMBER(MtntPaye_ST_LEU)),MtntPaye_ST_LEU) -> 71936.43
D69: 41699 | E69: =SUMPRODUCT((DateAF_ST_LEU<>"")*(MONTH(DateAF_ST_LEU)=MONTH(D69))*(YEAR(DateAF_ST_LEU)=YEAR(D69))*MontantAF_ST_LEU) -> 147966.52 | G69: 41699 | H69: =SUMPRODUCT((DatePmt_ST_LEU<>"")*(DatePmt_ST_LEU<>"en attente")*(MONTH(DatePmt_ST_LEU)=MONTH(G69))*(YEAR(DatePmt_ST_LEU)=YEAR(G69))*(ISNUMBER(MtntPaye_ST_LEU)),MtntPaye_ST_LEU) -> 0
D70: 41913 | E70: =SUMPRODUCT((DateAF_ST_LEU<>"")*(MONTH(DateAF_ST_LEU)=MONTH(D70))*(YEAR(DateAF_ST_LEU)=YEAR(D70))*MontantAF_ST_LEU) -> 319852 | G70: 41913 | H70: =SUMPRODUCT((DatePmt_ST_LEU<>"")*(DatePmt_ST_LEU<>"en attente")*(MONTH(DatePmt_ST_LEU)=MONTH(G70))*(YEAR(DatePmt_ST_LEU)=YEAR(G70))*(ISNUMBER(MtntPaye_ST_LEU)),MtntPaye_ST_LEU) -> 0
D71: 41944 | E71: =SUMPRODUCT((DateAF_ST_LEU<>"")*(MONTH(DateAF_ST_LEU)=MONTH(D71))*(YEAR(DateAF_ST_LEU)=YEAR(D71))*MontantAF_ST_LEU) -> 2567807.8 | G71: 41944 | H71: =SUMPRODUCT((DatePmt_ST_LEU<>"")*(DatePmt_ST_LEU<>"en attente")*(MONTH(DatePmt_ST_LEU)=MONTH(G71))*(YEAR(DatePmt_ST_LEU)=YEAR(G71))*(ISNUMBER(MtntPaye_ST_LEU)),MtntPaye_ST_LEU) -> 0
D72: 42036 | E72: =SUMPRODUCT((DateAF_ST_LEU<>"")*(MONTH(DateAF_ST_LEU)=MONTH(D72))*(YEAR(DateAF_ST_LEU)=YEAR(D72))*MontantAF_ST_LEU) -> 92284.66 | G72: 42036 | H72: =SUMPRODUCT((DatePmt_ST_LEU<>"")*(DatePmt_ST_LEU<>"en attente")*(MONTH(DatePmt_ST_LEU)=MONTH(G72))*(YEAR(DatePmt_ST_LEU)=YEAR(G72))*(ISNUMBER(MtntPaye_ST_LEU)),MtntPaye_ST_LEU) -> 273223.4
D73: 42064 | E73: =SUMPRODUCT((DateAF_ST_LEU<>"")*(MONTH(DateAF_ST_LEU)=MONTH(D73))*(YEAR(DateAF_ST_LEU)=YEAR(D73))*MontantAF_ST_LEU) -> 0 | G73: 42064 | H73: =SUMPRODUCT((DatePmt_ST_LEU<>"")*(DatePmt_ST_LEU<>"en attente")*(MONTH(DatePmt_ST_LEU)=MONTH(G73))*(YEAR(DatePmt_ST_LEU)=YEAR(G73))*(ISNUMBER(MtntPaye_ST_LEU)),MtntPaye_ST_LEU) -> 120061.92
D74: 42217 | E74: =SUMPRODUCT((DateAF_ST_LEU<>"")*(MONTH(DateAF_ST_LEU)=MONTH(D74))*(YEAR(DateAF_ST_LEU)=YEAR(D74))*MontantAF_ST_LEU) -> 0 | G74: 42217 | H74: =SUMPRODUCT((DatePmt_ST_LEU<>"")*(DatePmt_ST_LEU<>"en attente")*(MONTH(DatePmt_ST_LEU)=MONTH(G74))*(YEAR(DatePmt_ST_LEU)=YEAR(G74))*(ISNUMBER(MtntPaye_ST_LEU)),MtntPaye_ST_LEU) -> 114200
D75: 42248 | E75: =SUMPRODUCT((DateAF_ST_LEU<>"")*(MONTH(DateAF_ST_LEU)=MONTH(D75))*(YEAR(DateAF_ST_LEU)=YEAR(D75))*MontantAF_ST_LEU) -> 0 | G75: 42248 | H75: =SUMPRODUCT((DatePmt_ST_LEU<>"")*(DatePmt_ST_LEU<>"en attente")*(MONTH(DatePmt_ST_LEU)=MONTH(G75))*(YEAR(DatePmt_ST_LEU)=YEAR(G75))*(ISNUMBER(MtntPaye_ST_LEU)),MtntPaye_ST_LEU) -> 319852
D76: 42339 | E76: =SUMPRODUCT((DateAF_ST_LEU<>"")*(MONTH(DateAF_ST_LEU)=MONTH(D76))*(YEAR(DateAF_ST_LEU)=YEAR(D76))*MontantAF_ST_LEU) -> 350831 | G76: 42339 | H76: =SUMPRODUCT((DatePmt_ST_LEU<>"")*(DatePmt_ST_LEU<>"en attente")*(MONTH(DatePmt_ST_LEU)=MONTH(G76))*(YEAR(DatePmt_ST_LEU)=YEAR(G76))*(ISNUMBER(MtntPaye_ST_LEU)),MtntPaye_ST_LEU) -> 0
D77: 42370 | E77: =SUMPRODUCT((DateAF_ST_LEU<>"")*(MONTH(DateAF_ST_LEU)=MONTH(D77))*(YEAR(DateAF_ST_LEU)=YEAR(D77))*MontantAF_ST_LEU) -> 0 | G77: 42370 | H77: =SUMPRODUCT((DatePmt_ST_LEU<>"")*(DatePmt_ST_LEU<>"en attente")*(MONTH(DatePmt_ST_LEU)=MONTH(G77))*(YEAR(DatePmt_ST_LEU)=YEAR(G77))*(ISNUMBER(MtntPaye_ST_LEU)),MtntPaye_ST_LEU) -> 1442192.8
D78: 42767 | E78: =SUMPRODUCT((DateAF_ST_LEU<>"")*(MONTH(DateAF_ST_LEU)=MONTH(D78))*(YEAR(DateAF_ST_LEU)=YEAR(D78))*MontantAF_ST_LEU) -> 41383.38 | G78: 42767 | H78: =SUMPRODUCT((DatePmt_ST_LEU<>"")*(DatePmt_ST_LEU<>"en attente")*(MONTH(DatePmt_ST_LEU)=MONTH(G78))*(YEAR(DatePmt_ST_LEU)=YEAR(G78))*(ISNUMBER(MtntPaye_ST_LEU)),MtntPaye_ST_LEU) -> 0
E80: =SUM(E58:E78) -> 4259044 | H80: =SUM(H58:H78) -> 2457435.9
E81: =E80-E47 -> -189013.18 | H81: =H80-H47 -> -1439115.1

Sheet CAF
A2: ETAT DES CREANCES : CAF | M2: =TODAY() -> 43593
A4: Opération | B4: Signature | C4: Date limite demande de solde | D4: DAT | E4: BUDGET | F4: APPELS DE FONDS | L4: RESTE A PERCEVOIR | N4: observations
F5: Montant | G5: N° | H5: Date | I5: Payé | J5: Date | K5: Nbre js d'impayés | L5: A payer | M5: Non appelé
A6: LA FONTAINE - LE LAVOIR | B6: 40724 | C6: =DATE(YEAR(B6)+5,MONTH(B6),DAY(B6)) -> 42551 | D6: 41613 | E6: 70000 | I6: =SUM(I7:I9) -> 70000 | L6: =SUM(L7:L9) -> 0 | M6: =SUM(M7:M9) -> 0 | O6: =E6-(I6+L6+M6) -> 0
A7: LA FONTAINE - LE LAVOIR | E7: =F7/$E$6 -> 0.4 | F7: 28000 | G7: 1 | H7: 41010 | I7: 28000 | J7: 41010 | K7: =IF(J7="",$M$2-H7,J7-H7) -> 0 | L7: =IF(I7="en attente",F7,"") | M7: =IF(H7="",F7-I7,0) -> 0
A8: LA FONTAINE - LE LAVOIR | E8: 0.7 | F8: 21000 | G8: 2 | H8: 41456 | I8: 21000 | J8: 41522 | L8: =IF(I8="en attente",F8,"") | M8: =IF(H8="",F8-I8,0) -> 0
A9: LA FONTAINE - LE LAVOIR | E9: 1 | F9: 21000 | G9: 3 | H9: 42123 | I9: =F9 -> 21000 | J9: 42188 | L9: =IF(I9="en attente",F9,"") | M9: =IF(H9="",F9-I9,0) -> 0
A10: LAURENCY | B10: 40988 | C10: 42735 | D10: 42326 | E10: 110000 | I10: =SUM(I11:I13) -> 110000 | L10: =SUM(L11:L13) -> 0 | M10: =SUM(M11:M13) -> 0 | O10: =E10-(I10+L10+M10) -> 0
A11: LAURENCY | E11: =F11/$E$10 -> 0.4 | F11: 44000 | G11: 1 | H11: 41275 | I11: 44000 | J11: 41360 | L11: =IF(I11="en attente",F11,"") | M11: =IF(H11="",F11-I11,0) -> 0
A12: LAURENCY | E12: 0.7 | F12: 33000 | G12: 2 | H12: 41884 | K12: =IF(J12="",$M$2-H12,J12-H12) -> 1709 | L12: =IF(I12="en attente",F12,"") | M12: =IF(H12="",F12-I12,0) -> 0 | O12: Pas de suite à dde acpte 2 donc demande de solde de 66000 €
A13: LAURENCY | E13: 1 | F13: 33000 | G13: 3 | H13: 42454 | I13: 66000 | J13: 42502 | L13: =IF(I13="en attente",F13,"") | M13: =IF(H13="",F13-I13,0) -> 0
A14: LES AUBEPINES | B14: 40988 | C14: 42735 | D14: 43100 | E14: 85000 | I14: =SUM(I15:I17) -> 85000 | L14: =SUM(L15:L17) -> 0 | M14: =SUM(M15:M17) -> 0 | O14: =E14-(I14+L14+M14) -> 0
A15: LES AUBEPINES | B15: ok | C15: ok | D15: Prorogation | E15: =F15/$E$14 -> 0.4 | F15: 34000 | G15: 1 | H15: 41276 | I15: 34000 | J15: 41358 | L15: =IF(I15="en attente",F15,"") | M15: =IF(H15="",F15-I15,0) -> 0
A16: LES AUBEPINES | E16: 0.7 | F16: 25500 | G16: 2 | H16: 42215 | I16: 25500 | J16: 42282 | L16: =IF(I16="en attente",F16,"") | M16: =IF(H16="",F16-I16,0) -> 0
A17: LES AUBEPINES | E17: 1 | F17: 25500 | G17: 3 | H17: 42830 | I17: 25500 | J17: 42878 | L17: =IF(I17="en attente",F17,"") | M17: =IF(H17="",F17-I17,0) -> 0
A18: TAMARINIERS | B18: 41450 | C18: =DATE(YEAR(B18)+4,MONTH(B18),DAY(B18)) -> 42911 | D18: 42726 | E18: 220000 | I18: =SUM(I19:I21) -> 220000 | L18: =SUM(L19:L21) -> 0 | M18: =SUM(M19:M21) -> 0 | O18: =E18-(I18+L18+M18) -> 0
A19: TAMARINIERS | B19: ok | C19: ok | E19: =F19/$E$18 -> 0.4 | F19: 88000 | G19: 1 | H19: 41715 | I19: 88000 | J19: 41754 | K19: =IF(J19="",$M$2-H19,J19-H19) -> 39 | L19: =IF(I19="en attente",F19,"") | M19: =IF(H19="",F19-I19,0) -> 0
A20: TAMARINIERS | E20: 0.7 | F20: =0.3*E18 -> 66000 | G20: 2 | H20: 42503 | I20: 66000 | J20: 42543 | L20: =IF(I20="en attente",F20,"") | M20: =IF(H20="",F20-I20,0) -> 0
A21: TAMARINIERS | E21: 1 | F21: 66000 | G21: 3 | H21: 42781 | I21: 66000 | J21: 42808 | L21: =IF(I21="en attente",F21,"") | M21: =IF(H21="",F21-I21,0) -> 0
A22: RAYMOND BARRE | B22: 40988 | C22: 42735 | D22: 41943 | E22: 70000 | I22: =SUM(I23:I25) -> 70000 | L22: =SUM(L23:L24) -> 0 | M22: =SUM(M23:M25) -> 0 | O22: =E22-(I22+L22+M22) -> 0
A23: RAYMOND BARRE | E23: =F23/$E$22 -> 0.4 | F23: 28000 | G23: 1 | H23: 41276 | I23: 28000 | J23: 41358 | L23: =IF(I23="en attente",F23,"") | M23: =IF(H23="",F23-I23,0) -> 0
A24: RAYMOND BARRE | E24: 0.7 | F24: 21000 | G24: 2 | H24: 41884 | I24: =F24 -> 21000 | J24: 42188 | K24: =IF(J24="",$M$2-H24,J24-H24) -> 304 | L24: =IF(I24="en attente",F24,"") | M24: =IF(H24="",F24-I24,0) -> 0 | N24: Demande du 2ème acompte du 02/9/14 annulée pour un montant de 21000 € donc demande de solde d'un montant de 42000
A25: RAYMOND BARRE | E25: 1 | F25: 21000 | G25: 3 | H25: 42136 | I25: =F25 -> 21000 | J25: 42188 | M25: =IF(H25="",F25-I25,0) -> 0
A26: LE CAP | B26: 40988 | C26: 42735 | D26: 42633 | E26: 120000 | I26: =SUM(I27:I29) -> 120000 | L26: =SUM(L27:L29) -> 0 | M26: =SUM(M27:M29) -> 0 | O26: =E26-(I26+L26+M26) -> 0
A27: LE CAP | B27: ok | C27: ok | E27: =F27/$E$26 -> 0.4 | F27: 48000 | G27: 1 | H27: 41276 | I27: 48000 | J27: 41358 | L27: =IF(I27="en attente",F27,"") | M27: =IF(H27="",F27-I27,0) -> 0
A28: LE CAP | E28: 0.7 | F28: 36000 | G28: 2 | H28: 42206 | I28: 36000 | J28: 42228 | L28: =IF(I28="en attente",F28,"") | M28: =IF(H28="",F28-I28,0) -> 0
A29: LE CAP | E29: 1 | F29: 36000 | G29: 3 | H29: 42873 | I29: 36000 | J29: 42900 | L29: =IF(I29="en attente",F29,"") | M29: =IF(H29="",F29-I29,0) -> 0
A30: BARRAGE | B30: 41534 | C30: 42916 | D30: 43075 | E30: 415000 | I30: =SUM(I31:I33) -> 415000 | L30: =SUM(L31:L33) -> 0 | M30: =SUM(M31:M33) -> 0 | O30: =E30-(I30+L30+M30) -> 0
A31: BARRAGE | B31: ok | C31: Dde de prorogation faite | E31: =F31/$E$30 -> 0.4 | F31: 166000 | G31: 1 | H31: 42188 | I31: 166000 | J31: 42228 | K31: =IF(J31="",$M$2-H31,J31-H31) -> 40 | L31: =IF(I31="en attente",F31,"") | M31: =IF(H31="",F31-I31,0) -> 0
A32: BARRAGE | E32: 0.7 | F32: =0.3*E30 -> 124500 | G32: 2 | H32: 42780 | I32: 124500 | J32: 42808 | L32: =IF(I32="en attente",F32,"") | M32: =IF(H32="",F32-I32,0) -> 0
A33: BARRAGE | E33: 1 | F33: =0.3*E30 -> 124500 | G33: 3 | H33: 43171 | I33: 124500 | J33: 43242 | L33: =IF(I33="en attente",F33,"") | M33: =IF(H33="",F33-I33,0) -> 0
A34: FANFAN | B34: 41534 | C34: 42916 | D34: 43161 | E34: 120000 | I34: =SUM(I35:I37) -> 120000 | L34: =SUM(L35:L37) -> 0 | M34: =SUM(M35:M37) -> 0 | O34: =E34-(I34+L34+M34) -> 0
A35: GRANDE RAVINE LES HAUTS | B35: ok | C35: ok | E35: =F35/$E$34 -> 0.4 | F35: 48000 | G35: 1 | H35: 41641 | I35: 48000 | J35: 41758 | L35: =IF(I35="en attente",F35,"") | M35: =IF(H35="",F35-I35,0) -> 0
A36: GRANDE RAVINE LES HAUTS | E36: 0.7 | F36: 36000 | G36: 2 | H36: 42606 | I36: 36000 | J36: 42655 | L36: =IF(I36="en attente",F36,"") | M36: =IF(H36="",F36-I36,0) -> 0
A37: GRANDE RAVINE LES HAUTS | E37: 1 | F37: 36000 | G37: 3 | H37: 42803 | I37: 36000 | J37: 42831 | L37: =IF(I37="en attente",F37,"") | M37: =IF(H37="",F37-I37,0) -> 0
A38: VEFA CAP OUEST | B38: 42004 | C38: 43465 | E38: 160000 | I38: =SUM(I39:I41) -> 0 | L38: =SUM(L39:L41) -> 0 | M38: =SUM(M39:M41) -> 160000
A39: VEFA CAP OUEST | E39: 0.4 | F39: =E38*E39 -> 64000 | G39: 1 | M39: =IF(H39="",F39-I39,0) -> 64000
A40: VEFA CAP OUEST | E40: 0.7 | F40: 48000 | G40: 2 | M40: =IF(H40="",F40-I40,0) -> 48000 | O40: ANNULE
A41: VEFA CAP OUEST | E41: 1 | F41: =E38*30% -> 48000 | G41: 3 | M41: =IF(H41="",F41-I41,0) -> 48000
E42: =E6+E10+E14+E18+E22+E26+E30+E34+E38 -> 1370000 | F42: =SUMPRODUCT((DateAF_CAF<>"")*MontantAF_CAF) -> 1210000 | I42: =I6+I10+I14+I18+I22+I26+I30+I34 -> 1210000 | L42: =L6+L10+L14+L18+L22+L26+L30+L34+L38 -> 0 | M42: =M6+M10+M14+M18+M22+M26+M30+M34+M38 -> 160000 | O42: =E42-(I42+L42+M42) -> 0
L43: =SUM(L42:M42) -> 160000
A45: < à 30 000 € : on a 2 ans pour demander l'ensemble des appels de fonds
A47: > 30 000 € : au démarrage chantier (2ans) puis le solde, 4 ans à la date du 1er paiement AF. | F47: APPELE | I47: PAYE | L47: APPELE | M47: PAYE
E48: 41000 | F48: =SUMPRODUCT((DateAF_CAF<>"")*(MONTH(DateAF_CAF)=MONTH(E48))*(YEAR(DateAF_CAF)=YEAR(E48))*MontantAF_CAF) -> 28000 | H48: 41000 | I48: =SUMPRODUCT((DatePmt_caf<>"")*(DatePmt_caf<>"en attente")*(MONTH(DatePmt_caf)=MONTH(H48))*(YEAR(DatePmt_caf)=YEAR(H48))*(ISNUMBER(MtntPaye_CAF)),MtntPaye_CAF) -> 28000 | K48: 2012 | L48: =SUMPRODUCT((YEAR($E$48:$E$77)=K48)*($F$48:$F$77)) -> 28000 | M48: =SUMPRODUCT((YEAR($H$48:$H$77)=K48)*($I$48:$I$77)) -> 28000
E49: 41275 | F49: =SUMPRODUCT((DateAF_CAF<>"")*(MONTH(DateAF_CAF)=MONTH(E49))*(YEAR(DateAF_CAF)=YEAR(E49))*MontantAF_CAF) -> 154000 | H49: 41275 | I49: =SUMPRODUCT((DatePmt_caf<>"")*(DatePmt_caf<>"en attente")*(MONTH(DatePmt_caf)=MONTH(H49))*(YEAR(DatePmt_caf)=YEAR(H49))*(ISNUMBER(MtntPaye_CAF)),MtntPaye_CAF) -> 0 | K49: 2013 | L49: =SUMPRODUCT((YEAR($E$48:$E$77)=K49)*($F$48:$F$77)) -> 175000 | M49: =SUMPRODUCT((YEAR($H$48:$H$77)=K49)*($I$48:$I$77)) -> 175000
E50: 41334 | F50: =SUMPRODUCT((DateAF_CAF<>"")*(MONTH(DateAF_CAF)=MONTH(E50))*(YEAR(DateAF_CAF)=YEAR(E50))*MontantAF_CAF) -> 0 | H50: 41334 | I50: =SUMPRODUCT((DatePmt_caf<>"")*(DatePmt_caf<>"en attente")*(MONTH(DatePmt_caf)=MONTH(H50))*(YEAR(DatePmt_caf)=YEAR(H50))*(ISNUMBER(MtntPaye_CAF)),MtntPaye_CAF) -> 154000 | K50: 2014 | L50: =SUMPRODUCT((YEAR($E$48:$E$77)=K50)*($F$48:$F$77)) -> 190000 | M50: =SUMPRODUCT((YEAR($H$48:$H$77)=K50)*($I$48:$I$77)) -> 136000
E51: 41456 | F51: =SUMPRODUCT((DateAF_CAF<>"")*(MONTH(DateAF_CAF)=MONTH(E51))*(YEAR(DateAF_CAF)=YEAR(E51))*MontantAF_CAF) -> 21000 | H51: 41456 | I51: =SUMPRODUCT((DatePmt_caf<>"")*(DatePmt_caf<>"en attente")*(MONTH(DatePmt_caf)=MONTH(H51))*(YEAR(DatePmt_caf)=YEAR(H51))*(ISNUMBER(MtntPaye_CAF)),MtntPaye_CAF) -> 0 | K51: 2015 | L51: =SUMPRODUCT((YEAR($E$48:$E$77)=K51)*($F$48:$F$77)) -> 269500 | M51: =SUMPRODUCT((YEAR($H$48:$H$77)=K51)*($I$48:$I$77)) -> 290500
E52: 41518 | F52: =SUMPRODUCT((DateAF_CAF<>"")*(MONTH(DateAF_CAF)=MONTH(E52))*(YEAR(DateAF_CAF)=YEAR(E52))*MontantAF_CAF) -> 0 | H52: 41518 | I52: =SUMPRODUCT((DatePmt_caf<>"")*(DatePmt_caf<>"en attente")*(MONTH(DatePmt_caf)=MONTH(H52))*(YEAR(DatePmt_caf)=YEAR(H52))*(ISNUMBER(MtntPaye_CAF)),MtntPaye_CAF) -> 21000 | K52: 2016 | L52: =SUMPRODUCT((YEAR($E$48:$E$77)=K52)*($F$48:$F$77)) -> 135000 | M52: =SUMPRODUCT((YEAR($H$48:$H$77)=K52)*($I$48:$I$77)) -> 168000
E53: 41640 | F53: =SUMPRODUCT((DateAF_CAF<>"")*(MONTH(DateAF_CAF)=MONTH(E53))*(YEAR(DateAF_CAF)=YEAR(E53))*MontantAF_CAF) -> 48000 | H53: 41640 | I53: =SUMPRODUCT((DatePmt_caf<>"")*(DatePmt_caf<>"en attente")*(MONTH(DatePmt_caf)=MONTH(H53))*(YEAR(DatePmt_caf)=YEAR(H53))*(ISNUMBER(MtntPaye_CAF)),MtntPaye_CAF) -> 0 | K53: 2017 | L53: =SUMPRODUCT((YEAR($E$48:$E$77)=K53)*($F$48:$F$77)) -> 288000 | M53: =SUMPRODUCT((YEAR($H$48:$H$77)=K53)*($I$48:$I$77)) -> 288000
E54: 41699 | F54: =SUMPRODUCT((DateAF_CAF<>"")*(MONTH(DateAF_CAF)=MONTH(E54))*(YEAR(DateAF_CAF)=YEAR(E54))*MontantAF_CAF) -> 88000 | H54: 41699 | I54: =SUMPRODUCT((DatePmt_caf<>"")*(DatePmt_caf<>"en attente")*(MONTH(DatePmt_caf)=MONTH(H54))*(YEAR(DatePmt_caf)=YEAR(H54))*(ISNUMBER(MtntPaye_CAF)),MtntPaye_CAF) -> 0 | K54: 2018 | L54: =SUMPRODUCT((YEAR($E$48:$E$89)=K54)*($F$48:$F$89)) -> 124500 | M54: =SUMPRODUCT((YEAR($H$48:$H$89)=K54)*($I$48:$I$89)) -> 124500
E55: 41730 | F55: =SUMPRODUCT((DateAF_CAF<>"")*(MONTH(DateAF_CAF)=MONTH(E55))*(YEAR(DateAF_CAF)=YEAR(E55))*MontantAF_CAF) -> 0 | H55: 41730 | I55: =SUMPRODUCT((DatePmt_caf<>"")*(DatePmt_caf<>"en attente")*(MONTH(DatePmt_caf)=MONTH(H55))*(YEAR(DatePmt_caf)=YEAR(H55))*(ISNUMBER(MtntPaye_CAF)),MtntPaye_CAF) -> 136000 | L55: =SUM(L48:L54) -> 1210000 | M55: =SUM(M48:M54) -> 1210000
E56: 41883 | F56: =SUMPRODUCT((DateAF_CAF<>"")*(MONTH(DateAF_CAF)=MONTH(E56))*(YEAR(DateAF_CAF)=YEAR(E56))*MontantAF_CAF) -> 54000 | H56: 41883 | I56: =SUMPRODUCT((DatePmt_caf<>"")*(DatePmt_caf<>"en attente")*(MONTH(DatePmt_caf)=MONTH(H56))*(YEAR(DatePmt_caf)=YEAR(H56))*(ISNUMBER(MtntPaye_CAF)),MtntPaye_CAF) -> 0 | L56: =+L55-F90 -> 0 | M56: =+M55-I90 -> 0
E57: 42095 | F57: =SUMPRODUCT((DateAF_CAF<>"")*(MONTH(DateAF_CAF)=MONTH(E57))*(YEAR(DateAF_CAF)=YEAR(E57))*MontantAF_CAF) -> 21000 | H57: 42095 | I57: =SUMPRODUCT((DatePmt_caf<>"")*(DatePmt_caf<>"en attente")*(MONTH(DatePmt_caf)=MONTH(H57))*(YEAR(DatePmt_caf)=YEAR(H57))*(ISNUMBER(MtntPaye_CAF)),MtntPaye_CAF) -> 0
E58: 42125 | F58: =SUMPRODUCT((DateAF_CAF<>"")*(MONTH(DateAF_CAF)=MONTH(E58))*(YEAR(DateAF_CAF)=YEAR(E58))*MontantAF_CAF) -> 21000 | H58: 42125 | I58: =SUMPRODUCT((DatePmt_caf<>"")*(DatePmt_caf<>"en attente")*(MONTH(DatePmt_caf)=MONTH(H58))*(YEAR(DatePmt_caf)=YEAR(H58))*(ISNUMBER(MtntPaye_CAF)),MtntPaye_CAF) -> 0
E59: 42186 | F59: =SUMPRODUCT((DateAF_CAF<>"")*(MONTH(DateAF_CAF)=MONTH(E59))*(YEAR(DateAF_CAF)=YEAR(E59))*MontantAF_CAF) -> 227500 | H59: 42186 | I59: =SUMPRODUCT((DatePmt_caf<>"")*(DatePmt_caf<>"en attente")*(MONTH(DatePmt_caf)=MONTH(H59))*(YEAR(DatePmt_caf)=YEAR(H59))*(ISNUMBER(MtntPaye_CAF)),MtntPaye_CAF) -> 63000
E60: 42217 | F60: =SUMPRODUCT((DateAF_CAF<>"")*(MONTH(DateAF_CAF)=MONTH(E60))*(YEAR(DateAF_CAF)=YEAR(E60))*MontantAF_CAF) -> 0 | H60: 42217 | I60: =SUMPRODUCT((DatePmt_caf<>"")*(DatePmt_caf<>"en attente")*(MONTH(DatePmt_caf)=MONTH(H60))*(YEAR(DatePmt_caf)=YEAR(H60))*(ISNUMBER(MtntPaye_CAF)),MtntPaye_CAF) -> 202000
E61: 42278 | F61: =SUMPRODUCT((DateAF_CAF<>"")*(MONTH(DateAF_CAF)=MONTH(E61))*(YEAR(DateAF_CAF)=YEAR(E61))*MontantAF_CAF) -> 0 | H61: 42278 | I61: =SUMPRODUCT((DatePmt_caf<>"")*(DatePmt_caf<>"en attente")*(MONTH(DatePmt_caf)=MONTH(H61))*(YEAR(DatePmt_caf)=YEAR(H61))*(ISNUMBER(MtntPaye_CAF)),MtntPaye_CAF) -> 25500
E62: 42430 | F62: =SUMPRODUCT((DateAF_CAF<>"")*(MONTH(DateAF_CAF)=MONTH(E62))*(YEAR(DateAF_CAF)=YEAR(E62))*MontantAF_CAF) -> 33000 | H62: 42430 | I62: =SUMPRODUCT((DatePmt_caf<>"")*(DatePmt_caf<>"en attente")*(MONTH(DatePmt_caf)=MONTH(H62))*(YEAR(DatePmt_caf)=YEAR(H62))*(ISNUMBER(MtntPaye_CAF)),MtntPaye_CAF) -> 0
E63: 42491 | F63: =SUMPRODUCT((DateAF_CAF<>"")*(MONTH(DateAF_CAF)=MONTH(E63))*(YEAR(DateAF_CAF)=YEAR(E63))*MontantAF_CAF) -> 66000 | H63: 42491 | I63: =SUMPRODUCT((DatePmt_caf<>"")*(DatePmt_caf<>"en attente")*(MONTH(DatePmt_caf)=MONTH(H63))*(YEAR(DatePmt_caf)=YEAR(H63))*(ISNUMBER(MtntPaye_CAF)),MtntPaye_CAF) -> 66000
E64: 42522 | F64: =SUMPRODUCT((DateAF_CAF<>"")*(MONTH(DateAF_CAF)=MONTH(E64))*(YEAR(DateAF_CAF)=YEAR(E64))*MontantAF_CAF) -> 0 | H64: 42522 | I64: =SUMPRODUCT((DatePmt_caf<>"")*(DatePmt_caf<>"en attente")*(MONTH(DatePmt_caf)=MONTH(H64))*(YEAR(DatePmt_caf)=YEAR(H64))*(ISNUMBER(MtntPaye_CAF)),MtntPaye_CAF) -> 66000
E65: 42583 | F65: =SUMPRODUCT((DateAF_CAF<>"")*(MONTH(DateAF_CAF)=MONTH(E65))*(YEAR(DateAF_CAF)=YEAR(E65))*MontantAF_CAF) -> 36000 | H65: 42583 | I65: =SUMPRODUCT((DatePmt_caf<>"")*(DatePmt_caf<>"en attente")*(MONTH(DatePmt_caf)=MONTH(H65))*(YEAR(DatePmt_caf)=YEAR(H65))*(ISNUMBER(MtntPaye_CAF)),MtntPaye_CAF) -> 0
E66: 42644 | F66: =SUMPRODUCT((DateAF_CAF<>"")*(MONTH(DateAF_CAF)=MONTH(E66))*(YEAR(DateAF_CAF)=YEAR(E66))*MontantAF_CAF) -> 0 | H66: 42644 | I66: =SUMPRODUCT((DatePmt_caf<>"")*(DatePmt_caf<>"en attente")*(MONTH(DatePmt_caf)=MONTH(H66))*(YEAR(DatePmt_caf)=YEAR(H66))*(ISNUMBER(MtntPaye_CAF)),MtntPaye_CAF) -> 36000
E67: 42767 | F67: =SUMPRODUCT((DateAF_CAF<>"")*(MONTH(DateAF_CAF)=MONTH(E67))*(YEAR(DateAF_CAF)=YEAR(E67))*MontantAF_CAF) -> 190500 | H67: 42767 | I67: =SUMPRODUCT((DatePmt_caf<>"")*(DatePmt_caf<>"en attente")*(MONTH(DatePmt_caf)=MONTH(H67))*(YEAR(DatePmt_caf)=YEAR(H67))*(ISNUMBER(MtntPaye_CAF)),MtntPaye_CAF) -> 0
E68: 42795 | F68: =SUMPRODUCT((DateAF_CAF<>"")*(MONTH(DateAF_CAF)=MONTH(E68))*(YEAR(DateAF_CAF)=YEAR(E68))*MontantAF_CAF) -> 36000 | H68: 42795 | I68: =SUMPRODUCT((DatePmt_caf<>"")*(DatePmt_caf<>"en attente")*(MONTH(DatePmt_caf)=MONTH(H68))*(YEAR(DatePmt_caf)=YEAR(H68))*(ISNUMBER(MtntPaye_CAF)),MtntPaye_CAF) -> 190500
... E89: 43435 | F89: =SUMPRODUCT((DateAF_CAF<>"")*(MONTH(DateAF_CAF)=MONTH(E89))*(YEAR(DateAF_CAF)=YEAR(E89))*MontantAF_CAF) -> 0 | H89: 43435 | I89: =SUMPRODUCT((DatePmt_caf<>"")*(DatePmt_caf<>"en attente")*(MONTH(DatePmt_caf)=MONTH(H89))*(YEAR(DatePmt_caf)=YEAR(H89))*(ISNUMBER(MtntPaye_CAF)),MtntPaye_CAF) -> 0
F90: =SUM(F48:F89) -> 1210000 | I90: =SUM(I48:I89) -> 1210000
F91: =+F90-F42 -> 0 | I91: =+I90-I42 -> 0

Sheet REGION
A2: ETAT DES CREANCES : REGION | O2: =TODAY() -> 43593
A4: Opération | B4: Libellé | C4: Signature | D4: Eligibilité dépenses | E4: Fin convention | F4: DAT | G4: BUDGET | H4: APPELS DE FONDS | N4: RESTE A PERCEVOIR | P4: observations
H5: Montant | I5: N° | J5: Date | K5: Payé | L5: Date | M5: Nbre js d'impayés | N5: A payer | O5: Non appelé
A6: CRESSONNIERE | C6: 41547 | G6: 44565.76 | K6: =SUM(K7:K8) -> 38067.93 | N6: =SUM(N7) -> 0 | O6: =SUM(O7) -> 0 | Q6: =G6-(K6+N6+O6) -> 6497.83
A7: CRESSONNIERE | H7: 44565.76 | I7: 1 | J7: 42246 | K7: 38067.93 | L7: 42284 | N7: =IF(K7="en attente",H7,"")
L8: 42369 | N8: -6497.83 | Q8: arrêté de minoration
A9: RESERVOIRS DE STELLA | C9: 41091 | G9: 20808.98 | K9: =SUM(K10) -> 20808.98 | N9: =SUM(N10) -> 0 | O9: =SUM(O10) -> 0
A10: RESERVOIRS DE STELLA | H10: 20808.98 | I10: 1 | J10: 41668 | K10: 20808.98 | L10: 42158 | M10: =$L$10-J10 -> 490 | N10: =IF(K10="en attente",H10,"") | O10: =IF(J10="",H10-K10,0) -> 0
A11: AVENUE RAYMOND BARRE | B11: DADT / 2012 0706 FRAFU | C11: 41149 | D11: 41044 | E11: =DATE(YEAR(C11)+2,MONTH(C11),DAY(C11)) -> 41879 | F11: 41983 | G11: 210000 | K11: =SUM(K12:K13) -> 210000 | N11: =SUM(N12:N13) -> 0 | O11: =SUM(O12:O13) -> 0 | Q11: =G11-(K11+N11+O11) -> 0
G12: =H12/$G$11 -> 0.5 | H12: 105000 | I12: 1 | J12: 41485 | K12: 105000 | L12: 41522 | M12: =$L$12-J12 -> 37 | N12: =IF(K12="en attente",H12,"") | O12: =IF(J12="",H12-K12,0) -> 0
G13: =H13/$G$11+G12 -> 1 | H13: 105000 | I13: 2 | J13: 42411 | K13: 105000 | L13: 42723 | N13: =IF(K13="en attente",H13,"") | O13: =IF(J13="",H13-K13,0) -> 0
A14: CHALOUPE | B14: DADT / 2012 1065 FRAFU | C14: 41334 | D14: 41025 | E14: =DATE(YEAR(C14)+2,MONTH(C14),DAY(C14)) -> 42064 | F14: 42275 | G14: 200000 | K14: =SUM(K15:K16) -> 200000 | N14: =SUM(N15:N16) -> 0 | O14: =SUM(O15:O16) -> 0 | Q14: =G14-(K14+N14+O14) -> 0
G15: =H15/$G$14 -> 0.5 | H15: 100000 | I15: 1 | J15: 41485 | K15: 100000 | L15: 41522 | M15: =$L$15-J15 -> 37 | N15: =IF(K15="en attente",H15,"") | O15: =IF(J15="",H15-K15,0) -> 0
G16: =H16/$G$14+G15 -> 1 | H16: 100000 | I16: 2 | J16: 42710 | K16: 100000 | L16: 42788 | N16: =IF(K16="en attente",H16,"") | O16: =IF(J16="",H16-K16,0) -> 0
A17: PEPINIERE | B17: DAE1/2011-1446 | C17: 40892 | D17: 40613 | E17: 42277 | F17: 41890 | G17: 1470807.7 | K17: =SUM(K18:K21) -> 1290562.7 | N17: =SUM(N18:N21) -> 18394.2 | O17: =SUM(O18:O21) -> 0 | Q17: =G17-(K17+N17+O17) -> 161850.81 | R17: Base éligible non atteinte ?
D18: solde à demander avant | E18: 42338 | G18: =H18/$G$17 -> 0.50000004 | H18: 735403.9 | I18: 1 | J18: 40816 | K18: 735403.9 | L18: 40907 | M18: =$L$15-J18 -> 706 | N18: =IF(K18="en attente",H18,"") | O18: =IF(J18="",H18-K18,0) -> 0
G19: =H19/$G$17+G18 -> 0.550227 | H19: 73874.2 | I19: 2 | J19: 41977 | M19: =$O$2-J19 -> 1616 | N19: =IF(K19="en attente",H19,"") | O19: =IF(J19="",H19-K19,0) -> 0 | P19: Règlement de 555 158,77 au lieu de 573 552,97
G20: =H20/$G$17+G19 -> 0.88995787 | H20: 499678.77 | I20: 3 | J20: 42334 | K20: 555158.77 | L20: 42355 | N20: =(H20+H19)-K20 -> 18394.2 | O20: =IF(J20="",H20-K20,0) -> 0 | P20: Différence de : 18 394,20
N21: =IF(K21="en attente",H21,"") | O21: =IF(J21="",H21-K21,0) -> 0
A22: CROUS ST PIERRE | B22: DIRED/20180248 | C22: 43255 | D22: 44104 | E22: 44196 | G22: 1227844 | K22: =SUM(K23:K25) -> 613922 | N22: =SUM(N23:N25) -> 0 | O22: =SUM(O23:O25) -> 613922
E23: Solde à demander avant | F23: Fondations | G23: 0.5 | H23: =G22*50% -> 613922 | I23: 1 | J23: 43305 | K23: 613922 | L23: 43321 | N23: =IF(K23="en attente",H23,"") | O23: =IF(J23="",H23-K23,0) -> 0
F24: Mise hors d'air | G24: 0.25 | H24: =+G22*G24 -> 306961 | I24: 2 | N24: =IF(K24="en attente",H24,"") | O24: =IF(J24="",H24-K24,0) -> 306961
F25: remise des clés | G25: 0.25 | H25: =+G22*G25 -> 306961 | I25: 3 | N25: =IF(K25="en attente",H25,"") | O25: =IF(J25="",H25-K25,0) -> 306961
A26: CROUS TAMPON | B26: DIRED/20180457 | C26: 43285 | D26: 44104 | E26: 44195 | G26: 655125 | K26: =SUM(K27:K29) -> 327562.5 | N26: =SUM(N27:N29) -> 0 | O26: =SUM(O27:O29) -> 327562.5
E27: Solde à demander avant | F27: Fondations | G27: 0.5 | H27: =+G26*G27 -> 327562.5 | I27: 1 | J27: 43381 | K27: 327562.5 | L27: 43433 | N27: =IF(K27="en attente",H27,"") | O27: =IF(J27="",H27-K27,0) -> 0
F28: Mise hors d'air | G28: 0.25 | H28: =+G26*G28 -> 163781.25 | I28: 2 | N28: =IF(K28="en attente",H28,"") | O28: =IF(J28="",H28-K28,0) -> 163781.25
F29: remise des clés | G29: 0.25 | H29: =+G26*G29 -> 163781.25 | I29: 3 | N29: =IF(K29="en attente",H29,"") | O29: =IF(J29="",H29-K29,0) -> 163781.25
G30: =G6+G9+G11+G14+G17+G22+G26 -> 3829151.4 | H30: =SUMPRODUCT((DateAF_Region<>"")*MontantAF_Region) -> 2725816.1 | K30: =K6+K9+K11+K14+K17+K22+K26 -> 2700924.1 | N30: =N6+N9+N11+N14+N17+N22+N26 -> 18394.2 | O30: =O6+O9+O11+O14+O17+O22+O26 -> 941484.5 | Q30: =G30-(K30+N30+O30) -> 168348.64
N31: =SUM(N30:O30) -> 959878.7
H33: APPELE | K33: PAYE
G34: 2011 | H34: =SUMPRODUCT((YEAR($G$49:$G$97)=G34)*($H$49:$H$97)) -> 735403.9 | K34: =SUMPRODUCT((YEAR($J$49:$J$97)=G34)*($K$49:$K$97)) -> 735403.9
G35: 2012 | H35: =SUMPRODUCT((YEAR($G$49:$G$97)=G35)*($H$49:$H$97)) -> 0 | K35: =SUMPRODUCT((YEAR($J$49:$J$97)=G35)*($K$49:$K$97)) -> 0
G36: 2013 | H36: =SUMPRODUCT((YEAR($G$49:$G$97)=G36)*($H$49:$H$97)) -> 205000 | K36: =SUMPRODUCT((YEAR($J$49:$J$97)=G36)*($K$49:$K$97)) -> 205000
G37: 2014 | H37: =SUMPRODUCT((YEAR($G$49:$G$97)=G37)*($H$49:$H$97)) -> 94683.18 | K37: =SUMPRODUCT((YEAR($J$49:$J$97)=G37)*($K$49:$K$97)) -> 0
G38: 2015 | H38: =SUMPRODUCT((YEAR($G$49:$G$97)=G38)*($H$49:$H$97)) -> 544244.53 | K38: =SUMPRODUCT((YEAR($J$49:$J$97)=G38)*($K$49:$K$97)) -> 614035.68
G39: 2016 | H39: =SUMPRODUCT((YEAR($G$49:$G$97)=G39)*($H$49:$H$97)) -> 205000 | K39: =SUMPRODUCT((YEAR($J$49:$J$97)=G39)*($K$49:$K$97)) -> 105000
G40: 2017 | H40: =SUMPRODUCT((YEAR($G$49:$G$97)=G40)*($H$49:$H$97)) -> 0 | K40: =SUMPRODUCT((YEAR($J$49:$J$97)=G40)*($K$49:$K$97)) -> 100000
G41: 2018 | H41: =SUMPRODUCT((YEAR($G$49:$G$97)=G41)*($H$49:$H$97)) -> 941484.5 | K41: =SUMPRODUCT((YEAR($J$49:$J$97)=G41)*($K$49:$K$97)) -> 941484.5
G42: 2019 | H42: =SUMPRODUCT((YEAR($G$49:$G$97)=G42)*($H$49:$H$97)) -> 0 | K42: =SUMPRODUCT((YEAR($J$49:$J$97)=G42)*($K$49:$K$97)) -> 0
H43: =SUM(H34:H42) -> 2725816.1 | K43: =SUM(K34:K42) -> 2700924.1
H44: =H43-H98 -> 0 | K44: =K43-K98 -> 0
H48: APPELE | K48: PAYE
G49: 40787 | H49: =SUMPRODUCT((DateAF_Region<>"")*(MONTH(DateAF_Region)=MONTH(G49))*(YEAR(DateAF_Region)=YEAR(G49))*MontantAF_Region) -> 735403.9 | J49: 40787 | K49: =SUMPRODUCT((DatePmt_Region<>"")*(DatePmt_Region<>"en attente")*(MONTH(DatePmt_Region)=MONTH(J49))*(YEAR(DatePmt_Region)=YEAR(J49))*(ISNUMBER(MtntPaye_Region)),MtntPaye_Region) -> 0
G50: 40878 | H50: =SUMPRODUCT((DateAF_Region<>"")*(MONTH(DateAF_Region)=MONTH(G50))*(YEAR(DateAF_Region)=YEAR(G50))*MontantAF_Region) -> 0 | J50: 40878 | K50: =SUMPRODUCT((DatePmt_Region<>"")*(DatePmt_Region<>"en attente")*(MONTH(DatePmt_Region)=MONTH(J50))*(YEAR(DatePmt_Region)=YEAR(J50))*(ISNUMBER(MtntPaye_Region)),MtntPaye_Region) -> 735403.9
G51: 41456 | H51: =SUMPRODUCT((DateAF_Region<>"")*(MONTH(DateAF_Region)=MONTH(G51))*(YEAR(DateAF_Region)=YEAR(G51))*MontantAF_Region) -> 205000 | J51: 41456 | K51: =SUMPRODUCT((DatePmt_Region<>"")*(DatePmt_Region<>"en attente")*(MONTH(DatePmt_Region)=MONTH(J51))*(YEAR(DatePmt_Region)=YEAR(J51))*(ISNUMBER(MtntPaye_Region)),MtntPaye_Region) -> 0
G52: 41518 | H52: =SUMPRODUCT((DateAF_Region<>"")*(MONTH(DateAF_Region)=MONTH(G52))*(YEAR(DateAF_Region)=YEAR(G52))*MontantAF_Region) -> 0 | J52: 41518 | K52: =SUMPRODUCT((DatePmt_Region<>"")*(DatePmt_Region<>"en attente")*(MONTH(DatePmt_Region)=MONTH(J52))*(YEAR(DatePmt_Region)=YEAR(J52))*(ISNUMBER(MtntPaye_Region)),MtntPaye_Region) -> 205000
G53: 41640 | H53: =SUMPRODUCT((DateAF_Region<>"")*(MONTH(DateAF_Region)=MONTH(G53))*(YEAR(DateAF_Region)=YEAR(G53))*MontantAF_Region) -> 20808.98 | J53: 41640 | K53: =SUMPRODUCT((DatePmt_Region<>"")*(DatePmt_Region<>"en attente")*(MONTH(DatePmt_Region)=MONTH(J53))*(YEAR(DatePmt_Region)=YEAR(J53))*(ISNUMBER(MtntPaye_Region)),MtntPaye_Region) -> 0
G54: 41974 | H54: =SUMPRODUCT((DateAF_Region<>"")*(MONTH(DateAF_Region)=MONTH(G54))*(YEAR(DateAF_Region)=YEAR(G54))*MontantAF_Region) -> 73874.2 | J54: 41974 | K54: =SUMPRODUCT((DatePmt_Region<>"")*(DatePmt_Region<>"en attente")*(MONTH(DatePmt_Region)=MONTH(J54))*(YEAR(DatePmt_Region)=YEAR(J54))*(ISNUMBER(MtntPaye_Region)),MtntPaye_Region) -> 0
G55: 42156 | H55: =SUMPRODUCT((DateAF_Region<>"")*(MONTH(DateAF_Region)=MONTH(G55))*(YEAR(DateAF_Region)=YEAR(G55))*MontantAF_Region) -> 0 | J55: 42156 | K55: =SUMPRODUCT((DatePmt_Region<>"")*(DatePmt_Region<>"en attente")*(MONTH(DatePmt_Region)=MONTH(J55))*(YEAR(DatePmt_Region)=YEAR(J55))*(ISNUMBER(MtntPaye_Region)),MtntPaye_Region) -> 20808.98
G56: 42217 | H56: =SUMPRODUCT((DateAF_Region<>"")*(MONTH(DateAF_Region)=MONTH(G56))*(YEAR(DateAF_Region)=YEAR(G56))*MontantAF_Region) -> 44565.76 | J56: 42217 | K56: =SUMPRODUCT((DatePmt_Region<>"")*(DatePmt_Region<>"en attente")*(MONTH(DatePmt_Region)=MONTH(J56))*(YEAR(DatePmt_Region)=YEAR(J56))*(ISNUMBER(MtntPaye_Region)),MtntPaye_Region) -> 0
G57: 42278 | H57: =SUMPRODUCT((DateAF_Region<>"")*(MONTH(DateAF_Region)=MONTH(G57))*(YEAR(DateAF_Region)=YEAR(G57))*MontantAF_Region) -> 0 | J57: 42278 | K57: =SUMPRODUCT((DatePmt_Region<>"")*(DatePmt_Region<>"en attente")*(MONTH(DatePmt_Region)=MONTH(J57))*(YEAR(DatePmt_Region)=YEAR(J57))*(ISNUMBER(MtntPaye_Region)),MtntPaye_Region) -> 38067.93
G58: 42309 | H58: =SUMPRODUCT((DateAF_Region<>"")*(MONTH(DateAF_Region)=MONTH(G58))*(YEAR(DateAF_Region)=YEAR(G58))*MontantAF_Region) -> 499678.77 | J58: 42309 | K58: =SUMPRODUCT((DatePmt_Region<>"")*(DatePmt_Region<>"en attente")*(MONTH(DatePmt_Region)=MONTH(J58))*(YEAR(DatePmt_Region)=YEAR(J58))*(ISNUMBER(MtntPaye_Region)),MtntPaye_Region) -> 0
G59: 42339 | H59: =SUMPRODUCT((DateAF_Region<>"")*(MONTH(DateAF_Region)=MONTH(G59))*(YEAR(DateAF_Region)=YEAR(G59))*MontantAF_Region) -> 0 | J59: 42339 | K59: =SUMPRODUCT((DatePmt_Region<>"")*(DatePmt_Region<>"en attente")*(MONTH(DatePmt_Region)=MONTH(J59))*(YEAR(DatePmt_Region)=YEAR(J59))*(ISNUMBER(MtntPaye_Region)),MtntPaye_Region) -> 555158.77
G60: 42401 | H60: =SUMPRODUCT((DateAF_Region<>"")*(MONTH(DateAF_Region)=MONTH(G60))*(YEAR(DateAF_Region)=YEAR(G60))*MontantAF_Region) -> 105000 | J60: 42401 | K60: =SUMPRODUCT((DatePmt_Region<>"")*(DatePmt_Region<>"en attente")*(MONTH(DatePmt_Region)=MONTH(J60))*(YEAR(DatePmt_Region)=YEAR(J60))*(ISNUMBER(MtntPaye_Region)),MtntPaye_Region) -> 0
... G97: 43800 | H97: =SUMPRODUCT((DateAF_Region<>"")*(MONTH(DateAF_Region)=MONTH(G97))*(YEAR(DateAF_Region)=YEAR(G97))*MontantAF_Region) -> 0 | J97: 43800 | K97: =SUMPRODUCT((DatePmt_Region<>"")*(DatePmt_Region<>"en attente")*(MONTH(DatePmt_Region)=MONTH(J97))*(YEAR(DatePmt_Region)=YEAR(J97))*(ISNUMBER(MtntPaye_Region)),MtntPaye_Region) -> 0
H98: =SUM(H49:H97) -> 2725816.1 | K98: =SUM(K49:K97) -> 2700924.1
H99: =H98-H30 -> 0 | K99: =K98-K30 -> 0

Sheet RECTORAT
A2: ETAT DES CREANCES : RECTORAT | O2: =TODAY() -> 43593
A4: Opération | B4: Libellé | C4: Signature | D4: Eligibilité dépenses | E4: Fin convention | F4: DAT | G4: BUDGET | H4: APPELS DE FONDS | N4: RESTE A PERCEVOIR | P4: observations
H5: Montant | I5: N° | J5: Date | K5: Payé | L5: Date | M5: Nbre js d'impayés | N5: A payer | O5: Non appelé
A6: CROUS ST PIERRE | B6: CPER 2015-2020 VOLET 1 Mesure 1-1-3 | C6: 43283 | D6: 44104 | E6: 44196 | G6: 1227844 | K6: =SUM(K7:K9) -> 613922 | N6: =SUM(N7:N9) -> 0 | O6: =SUM(O7:O9) -> 613922
E7: Solde à demander avant | F7: Fondations | G7: 0.5 | H7: =G6*50% -> 613922 | I7: 1 | J7: 43305 | K7: 613922 | L7: 43342 | N7: =IF(K7="en attente",H7,"")
F8: Mise hors d'air | G8: 0.25 | H8: =+G6*G8 -> 306961 | I8: 2 | N8: =IF(K8="en attente",H8,"") | O8: =+H8 -> 306961
F9: Remise des clés | G9: 0.25 | H9: =+G6*G9 -> 306961 | I9: 3 | N9: =IF(K9="en attente",H9,"") | O9: =+H9 -> 306961
A10: CROUS TAMPON | B10: CPER 2015-2020 VOLET 1 Mesure 1-1-3 | C10: 43283 | D10: 44104 | E10: 44196 | G10: 655125 | K10: =SUM(K11:K13) -> 327562.5 | N10: =SUM(N11:N13) -> 0 | O10: =SUM(O11:O13) -> 327562.5
E11: Solde à demander avant | F11: Fondations | G11: 0.5 | H11: =+G10*G11 -> 327562.5 | I11: 1 | J11: 43381 | K11: 327562.5 | L11: 43440 | N11: =IF(K11="en attente",H11,"")
F12: Mise hors d'air | G12: 0.25 | H12: =+G10*G12 -> 163781.25 | I12: 2 | N12: =IF(K12="en attente",H12,"") | O12: =H12 -> 163781.25
F13: Remise des clés | G13: 0.25 | H13: =+G10*G13 -> 163781.25 | I13: 3 | N13: =IF(K13="en attente",H13,"") | O13: =H13 -> 163781.25
G14: =+G6+G10 -> 1882969 | H14: =SUM(H7:H9) -> 1227844 | K14: =+K6+K10 -> 941484.5 | N14: =N10+N6 -> 0 | O14: =+O6+O10 -> 941484.5 | Q14: =G14-(K14+N14+O14) -> 0
N15: =SUM(N14:O14) -> 941484.5

Sheet DIECCTE
A2: ETAT DES CREANCES : DIECCTE | L2: =TODAY() -> 43593
A4: Opération | B4: Libellé | C4: Signature | D4: BUDGET | E4: APPELS DE FONDS | K4: RESTE A PERCEVOIR
E5: Montant | F5: N° | G5: Date | H5: Payé | I5: Date | J5: Nbre js d'impayés | K5: A payer | L5: Non appelé
A6: CRESSONIERE | C6: 41607 | D6: 66848.64
D7: -9746.75 | E7: 66848.64 | F7: 1 | H7: 57101.89 | I7: 42192
A8: CRESSONIERE | I8: 42369 | M8: Arrêté de minoration
A9: P'TIT CANAL | C9: 41091 | D9: 38400 | K9: =+IF(G9="",0,E9-H9) -> 0 | L9: =IF(G9="",E9-H9,0) -> 0
A10: P'TIT CANAL | D10: ANNULE | E10: 38400 | F10: 1 | G10: 41984 | J10: =$L$2-G10 -> 1609 | K10: =+IF(G10="",0,E10-H10) -> 38400 | L10: =IF(G10="",E10-H10,0) -> 0
D11: =SUM(D6:D10) -> 95501.89 | E11: =SUM(E7) -> 66848.64 | H11: =SUM(H6:H10) -> 57101.89 | K11: =SUM(K6:K8) -> 0 | L11: =SUM(L6:L10) -> 0
K12: =SUM(K11:L11) -> 0

Sheet FEDER
A2: ETAT DES CREANCES : FEDER | O2: =TODAY() -> 43593
A4: Opération | B4: Libellé | C4: Signature | D4: Eligibilité dépenses | E4: Fin convention | F4: DAT | G4: BUDGET | H4: APPELS DE FONDS | N4: RESTE A PERCEVOIR | P4: OBSERVATIONS
H5: Montant | I5: N° | J5: Date | K5: Payé | L5: Date | M5: Nbre js d'impayés | N5: A payer | O5: Non appelé
A6: RHI BUTTE CITRONNELLE | B6: Dossier présage 30279 / Réseau AEU | C6: 41010 | E6: 42004 | G6: 241997.58 | K6: =SUM(K7:K9) -> 201959.73 | N6: =SUM(N7:N9) -> 0 | O6: =SUM(O7:O9) -> 0 | Q6: =G6-(K6+N6+O6) -> 40037.85
A7: RHI BUTTE CITRONNELLE | E7: vérifier si prorog faite | G7: =H7/$G$6 -> 0.51293058 | H7: 124127.96 | I7: 1 | J7: 40800 | K7: 124157.04 | L7: 40842 | M7: =$L$7-J7 -> 42 | N7: =IF(K7="en attente",H7,"") | O7: =IF(J7="",H7-K7,0) -> 0 | P7: dépenses acquittées entre 01/01/07 et 31/12/14 éligibles
A8: RHI BUTTE CITRONNELLE | G8: =H8/$G$6+G7 -> 0.51293058 | N8: =IF(K8="en attente",H8,"") | O8: =IF(J8="",H8-K8,0) -> 0 | P8: Demande de 26 394,54 € (Acpte 2)annulée le 30/07/13
A9: RHI BUTTE CITRONNELLE | G9: 0.8346 | H9: 117869.62 | I9: 2 | J9: 41171 | K9: 77802.69 | L9: 42324 | N9: =IF(K9="en attente",H9,"") | O9: =IF(J9="",H9-K9,0) -> 0 | P9: Solde à réalisation de fin travx à 83,46 %
A10: PEPINIERE D'ENTREPRISE | B10: SGAR / 2012 31966 | C10: 40892 | D10: 40823 | E10: 42277 | F10: 41890 | G10: 1470807.7 | K10: =SUM(K11:K13) -> 1290562.7 | N10: =SUM(N11:N13) -> 0 | O10: =SUM(O11:O13) -> 0 | Q10: =G10-(K10+N10+O10) -> 180245.01
A11: PEPINIERE D'ENTREPRISE | E11: 42338 | G11: =H11/$G$10 -> 0.55022639 | H11: 809277.2 | I11: 1 | J11: 41947 | M11: =$O$2-J11 -> 1646 | N11: =IF(K11="en attente",H11,"") | O11: =IF(J11="",H11-K11,0) -> 0 | P11: Règlement de 1 290 562,67 € au lieu de 1 308 955,97
A12: PEPINIERE D'ENTREPRISE | G12: =H12/$G$10+G11 -> 0.88995726 | H12: 499678.77 | I12: 2 | J12: 42334 | K12: 1290562.7 | L12: 42381 | N12: =IF(K12="en attente",H12,"") | O12: =IF(J12="",H12-K12,0) -> 0 | P12: Différence de 18 393,30 €
O13: =IF(J13="",H13-K13,0) -> 0 | Q13: =G13-(K13+N13+O13) -> 0
G14: =G6+G10 -> 1712805.3 | H14: =SUMPRODUCT((DateAF_FEDER<>"")*MontantAF_FEDER) -> 1550953.6 | K14: =K6+K10 -> 1492522.4 | N14: =N6+N10 -> 0 | O14: =O6+O10 -> 0 | Q14: =G14-(K14+N14+O14) -> 220282.86
N15: =SUM(N14:O14) -> 0
H17: APPELE | K17: PAYE | N17: APPELE | O17: PAYE
G18: 40787 | H18: =SUMPRODUCT((DateAF_FEDER<>"")*(MONTH(DateAF_FEDER)=MONTH(G18))*(YEAR(DateAF_FEDER)=YEAR(G18))*MontantAF_FEDER) -> 124127.96 | J18: 40787 | K18: =SUMPRODUCT((DatePmt_FEDER<>"")*(DatePmt_FEDER<>"en attente")*(MONTH(DatePmt_FEDER)=MONTH(J18))*(YEAR(DatePmt_FEDER)=YEAR(J18))*(ISNUMBER(MtntPaye_FEDER)),MtntPaye_FEDER) -> 0 | M18: 2011 | N18: =SUMPRODUCT((YEAR($G$18:$G$23)=M18)*($H$18:$H$23)) -> 124127.96 | O18: =SUMPRODUCT((YEAR($J$18:$J$23)=M18)*($K$18:$K$23)) -> 124157.04
G19: 40817 | H19: =SUMPRODUCT((DateAF_FEDER<>"")*(MONTH(DateAF_FEDER)=MONTH(G19))*(YEAR(DateAF_FEDER)=YEAR(G19))*MontantAF_FEDER) -> 0 | J19: 40817 | K19: =SUMPRODUCT((DatePmt_FEDER<>"")*(DatePmt_FEDER<>"en attente")*(MONTH(DatePmt_FEDER)=MONTH(J19))*(YEAR(DatePmt_FEDER)=YEAR(J19))*(ISNUMBER(MtntPaye_FEDER)),MtntPaye_FEDER) -> 124157.04 | M19: 2012 | N19: =SUMPRODUCT((YEAR($G$18:$G$23)=M19)*($H$18:$H$23)) -> 117869.62 | O19: =SUMPRODUCT((YEAR($J$18:$J$23)=M19)*($K$18:$K$23)) -> 0
G20: 41153 | H20: =SUMPRODUCT((DateAF_FEDER<>"")*(MONTH(DateAF_FEDER)=MONTH(G20))*(YEAR(DateAF_FEDER)=YEAR(G20))*MontantAF_FEDER) -> 117869.62 | J20: 41153 | K20: =SUMPRODUCT((DatePmt_FEDER<>"")*(DatePmt_FEDER<>"en attente")*(MONTH(DatePmt_FEDER)=MONTH(J20))*(YEAR(DatePmt_FEDER)=YEAR(J20))*(ISNUMBER(MtntPaye_FEDER)),MtntPaye_FEDER) -> 0 | M20: 2014 | N20: =SUMPRODUCT((YEAR($G$18:$G$23)=M20)*($H$18:$H$23)) -> 809277.2 | O20: =SUMPRODUCT((YEAR($J$18:$J$23)=M20)*($K$18:$K$23)) -> 0
G21: 41944 | H21: =SUMPRODUCT((DateAF_FEDER<>"")*(MONTH(DateAF_FEDER)=MONTH(G21))*(YEAR(DateAF_FEDER)=YEAR(G21))*MontantAF_FEDER) -> 809277.2 | J21: 41944 | K21: =SUMPRODUCT((DatePmt_FEDER<>"")*(DatePmt_FEDER<>"en attente")*(MONTH(DatePmt_FEDER)=MONTH(J21))*(YEAR(DatePmt_FEDER)=YEAR(J21))*(ISNUMBER(MtntPaye_FEDER)),MtntPaye_FEDER) -> 0 | M21: 2015 | N21: =SUMPRODUCT((YEAR($G$18:$G$23)=M21)*($H$18:$H$23)) -> 499678.77 | O21: =SUMPRODUCT((YEAR($J$18:$J$23)=M21)*($K$18:$K$23)) -> 77802.69
G22: 42309 | H22: =SUMPRODUCT((DateAF_FEDER<>"")*(MONTH(DateAF_FEDER)=MONTH(G22))*(YEAR(DateAF_FEDER)=YEAR(G22))*MontantAF_FEDER) -> 499678.77 | J22: 42309 | K22: =SUMPRODUCT((DatePmt_FEDER<>"")*(DatePmt_FEDER<>"en attente")*(MONTH(DatePmt_FEDER)=MONTH(J22))*(YEAR(DatePmt_FEDER)=YEAR(J22))*(ISNUMBER(MtntPaye_FEDER)),MtntPaye_FEDER) -> 77802.69 | M22: 2016 | N22: =SUMPRODUCT((YEAR($G$18:$G$23)=M22)*($H$18:$H$23)) -> 0 | O22: =SUMPRODUCT((YEAR($J$18:$J$23)=M22)*($K$18:$K$23)) -> 1290562.7
G23: 42370 | H23: =SUMPRODUCT((DateAF_FEDER<>"")*(MONTH(DateAF_FEDER)=MONTH(G23))*(YEAR(DateAF_FEDER)=YEAR(G23))*MontantAF_FEDER) -> 0 | J23: 42370 | K23: =SUMPRODUCT((DatePmt_FEDER<>"")*(DatePmt_FEDER<>"en attente")*(MONTH(DatePmt_FEDER)=MONTH(J23))*(YEAR(DatePmt_FEDER)=YEAR(J23))*(ISNUMBER(MtntPaye_FEDER)),MtntPaye_FEDER) -> 1290562.7 | M23: 2017 | N23: =SUMPRODUCT((YEAR($G$18:$G$23)=M23)*($H$18:$H$23)) -> 0 | O23: =SUMPRODUCT((YEAR($J$18:$J$23)=M23)*($K$18:$K$23)) -> 0
H24: =SUM(H18:H23) -> 1550953.6 | K24: =SUM(K18:K23) -> 1492522.4 | N24: =SUM(N18:N23) -> 1550953.6 | O24: =SUM(O18:O23) -> 1492522.4
H25: =+H24-H14 -> 0 | K25: =+K24-K14 -> 0 | N25: =+N24-H24 -> 0 | O25: =+O24-K24 -> 0

Sheet TCO
A2: ETAT DES CREANCES : TCO | M2: =TODAY() -> 43593
A4: Opération | B4: Signature | C4: Fin convention | D4: Clôture TCO | E4: BUDGET | F4: APPELS DE FONDS | L4: RESTE A PERCEVOIR | N4: Observations
F5: Montant | G5: N° | H5: Date | I5: Payé | J5: Date | K5: Nbre js d'impayés | L5: A payer | M5: Non appelé
A6: RESERVOIRS DE STELLA | B6: 40452 | E6: 340000 | I6: =SUM(I7:I10) -> 289788.59 | L6: =SUM(L7:L10) -> 0 | M6: =SUM(M7:M10) -> 50211.41 | O6: =E6-(I6+L6+M6) -> 0
A7: RESERVOIRS DE STELLA | E7: =F7/$E$6 -> 0.2 | F7: 68000 | G7: 1 | H7: 40453 | I7: 68000 | J7: 40514 | L7: =IF(I7="en attente",F7,"") | M7: =IF(H7="",F7-I7,0) -> 0
A8: RESERVOIRS DE STELLA | E8: =F8/$E$6+E7 -> 0.8 | F8: 204000 | H8: 40981 | I8: 204000 | J8: 41267 | L8: =IF(I8="en attente",F8,"") | M8: =IF(H8="",F8-I8,0) -> 0
A9: RESERVOIRS DE STELLA | E9: =F9/$E$6+E8 -> 0.85231938 | F9: 17788.59 | H9: 41290 | I9: 17788.59 | J9: 41349 | L9: =IF(I9="en attente",F9,"") | M9: =IF(H9="",F9-I9,0) -> 0
A10: RESERVOIRS DE STELLA | E10: =F10/$E$6+E9 -> 1 | F10: 50211.41 | L10: =IF(I10="en attente",F10,"") | M10: =IF(H10="",F10-I10,0) -> 50211.41 | O10: Diminution du montant des dépenses --> TCO n' pas voulu payer
A11: FRAFU P'TIT CANAL | B11: 41091 | E11: 20808.98 | I11: =SUM(I12) -> 0 | L11: =SUM(L12) -> 20808.98 | M11: =SUM(M12) -> 0 | O11: =E11-(I11+L11+M11) -> 0
A12: FRAFU P'TIT CANAL | E12: =F12/E11 -> 1 | F12: 20808.98 | G12: 1 | H12: 41668 | I12: en attente | K12: =$M$2-H12 -> 1925 | L12: =IF(I12="en attente",F12,"") -> 20808.98 | M12: =IF(H12="",F12-I12,0) -> 0
A13: FRAFU LAVOIR | B13: 40578 | C13: =DATE(YEAR(B13),MONTH(B110)+18,DAY(B13)) -> 41094 | D13: =DATE(YEAR(C13),MONTH(C13),DAY(C13)-20) -> 41074 | E13: 140000 | I13: =SUM(I14:I15) -> 70000 | L13: =SUM(L14:L15) -> 70000 | M13: =SUM(M14:M15) -> 0 | O13: =E13-(I13+L13+M13) -> 0
A14: FRAFU LAVOIR | E14: =F14/$E$13 -> 0.5 | F14: 70000 | G14: 1 | H14: 41485 | I14: 70000 | J14: 41522 | L14: =IF(I14="en attente",F14,"") | M14: =IF(H14="",F14-I14,0) -> 0
A15: FRAFU LAVOIR | E15: =F15/$E$13+E14 -> 1 | F15: 70000 | G15: 2 | H15: 42034 | I15: en attente | L15: =IF(I15="en attente",F15,"") -> 70000 | M15: =IF(H15="",F15-I15,0) -> 0
E16: =SUM(E6:E15) -> 500814.33 | F16: =SUMPRODUCT((DateAF_TCO<>"")*MontantAF_TCO) -> 450597.57 | I16: =I6+I11+I13 -> 359788.59 | L16: =L6+L11+L13 -> 90808.98 | M16: =M6+M11+M13 -> 50211.41 | O16: =E16-(I16+L16+M16) -> 5.3523194
L17: =SUM(L16:M16) -> 141020.39
I18: apparemment réglé - Voir Cathriana
F20: APPELE | I20: PAYE | L20: APPELE | M20: PAYE
E21: 40453 | F21: =SUMPRODUCT((DateAF_TCO<>"")*(MONTH(DateAF_TCO)=MONTH(E21))*(YEAR(DateAF_TCO)=YEAR(E21))*MontantAF_TCO) -> 68000 | H21: 40453 | I21: =SUMPRODUCT((DatePmt_TCO<>"")*(DatePmt_TCO<>"en attente")*(MONTH(DatePmt_TCO)=MONTH(H21))*(YEAR(DatePmt_TCO)=YEAR(H21))*(ISNUMBER(MtntPaye_TCO)),MtntPaye_TCO) -> 0 | K21: 2010 | L21: =SUMPRODUCT((YEAR($E$21:$E$30)=K21)*($F$21:$F$30)) -> 68000 | M21: =SUMPRODUCT((YEAR($H$21:$H$30)=K21)*($I$21:$I$30)) -> 68000
E22: 40514 | F22: =SUMPRODUCT((DateAF_TCO<>"")*(MONTH(DateAF_TCO)=MONTH(E22))*(YEAR(DateAF_TCO)=YEAR(E22))*MontantAF_TCO) -> 0 | H22: 40514 | I22: =SUMPRODUCT((DatePmt_TCO<>"")*(DatePmt_TCO<>"en attente")*(MONTH(DatePmt_TCO)=MONTH(H22))*(YEAR(DatePmt_TCO)=YEAR(H22))*(ISNUMBER(MtntPaye_TCO)),MtntPaye_TCO) -> 68000 | K22: 2012 | L22: =SUMPRODUCT((YEAR($E$21:$E$30)=K22)*($F$21:$F$30)) -> 204000 | M22: =SUMPRODUCT((YEAR($H$21:$H$30)=K22)*($I$21:$I$30)) -> 204000
E23: 40981 | F23: =SUMPRODUCT((DateAF_TCO<>"")*(MONTH(DateAF_TCO)=MONTH(E23))*(YEAR(DateAF_TCO)=YEAR(E23))*MontantAF_TCO) -> 204000 | H23: 40981 | I23: =SUMPRODUCT((DatePmt_TCO<>"")*(DatePmt_TCO<>"en attente")*(MONTH(DatePmt_TCO)=MONTH(H23))*(YEAR(DatePmt_TCO)=YEAR(H23))*(ISNUMBER(MtntPaye_TCO)),MtntPaye_TCO) -> 0 | K23: 2013 | L23: =SUMPRODUCT((YEAR($E$21:$E$30)=K23)*($F$21:$F$30)) -> 87788.59 | M23: =SUMPRODUCT((YEAR($H$21:$H$30)=K23)*($I$21:$I$30)) -> 87788.59
E24: 41267 | F24: =SUMPRODUCT((DateAF_TCO<>"")*(MONTH(DateAF_TCO)=MONTH(E24))*(YEAR(DateAF_TCO)=YEAR(E24))*MontantAF_TCO) -> 0 | H24: 41267 | I24: =SUMPRODUCT((DatePmt_TCO<>"")*(DatePmt_TCO<>"en attente")*(MONTH(DatePmt_TCO)=MONTH(H24))*(YEAR(DatePmt_TCO)=YEAR(H24))*(ISNUMBER(MtntPaye_TCO)),MtntPaye_TCO) -> 204000 | K24: 2014 | L24: =SUMPRODUCT((YEAR($E$21:$E$30)=K24)*($F$21:$F$30)) -> 20808.98 | M24: =SUMPRODUCT((YEAR($H$21:$H$30)=K24)*($I$21:$I$30)) -> 0
E25: 41290 | F25: =SUMPRODUCT((DateAF_TCO<>"")*(MONTH(DateAF_TCO)=MONTH(E25))*(YEAR(DateAF_TCO)=YEAR(E25))*MontantAF_TCO) -> 17788.59 | H25: 41290 | I25: =SUMPRODUCT((DatePmt_TCO<>"")*(DatePmt_TCO<>"en attente")*(MONTH(DatePmt_TCO)=MONTH(H25))*(YEAR(DatePmt_TCO)=YEAR(H25))*(ISNUMBER(MtntPaye_TCO)),MtntPaye_TCO) -> 0 | K25: 2015 | L25: =SUMPRODUCT((YEAR($E$21:$E$30)=K25)*($F$21:$F$30)) -> 70000 | M25: =SUMPRODUCT((YEAR($H$21:$H$30)=K25)*($I$21:$I$30)) -> 0
E26: 41349 | F26: =SUMPRODUCT((DateAF_TCO<>"")*(MONTH(DateAF_TCO)=MONTH(E26))*(YEAR(DateAF_TCO)=YEAR(E26))*MontantAF_TCO) -> 0 | H26: 41349 | I26: =SUMPRODUCT((DatePmt_TCO<>"")*(DatePmt_TCO<>"en attente")*(MONTH(DatePmt_TCO)=MONTH(H26))*(YEAR(DatePmt_TCO)=YEAR(H26))*(ISNUMBER(MtntPaye_TCO)),MtntPaye_TCO) -> 17788.59 | L26: =SUM(L21:L25) -> 450597.57 | M26: =SUM(M21:M25) -> 359788.59
E27: 41485 | F27: =SUMPRODUCT((DateAF_TCO<>"")*(MONTH(DateAF_TCO)=MONTH(E27))*(YEAR(DateAF_TCO)=YEAR(E27))*MontantAF_TCO) -> 70000 | H27: 41485 | I27: =SUMPRODUCT((DatePmt_TCO<>"")*(DatePmt_TCO<>"en attente")*(MONTH(DatePmt_TCO)=MONTH(H27))*(YEAR(DatePmt_TCO)=YEAR(H27))*(ISNUMBER(MtntPaye_TCO)),MtntPaye_TCO) -> 0 | L27: =+L26-F31 -> 0 | M27: =+M26-I31 -> 0
E28: 41522 | F28: =SUMPRODUCT((DateAF_TCO<>"")*(MONTH(DateAF_TCO)=MONTH(E28))*(YEAR(DateAF_TCO)=YEAR(E28))*MontantAF_TCO) -> 0 | H28: 41522 | I28: =SUMPRODUCT((DatePmt_TCO<>"")*(DatePmt_TCO<>"en attente")*(MONTH(DatePmt_TCO)=MONTH(H28))*(YEAR(DatePmt_TCO)=YEAR(H28))*(ISNUMBER(MtntPaye_TCO)),MtntPaye_TCO) -> 70000
E29: 41668 | F29: =SUMPRODUCT((DateAF_TCO<>"")*(MONTH(DateAF_TCO)=MONTH(E29))*(YEAR(DateAF_TCO)=YEAR(E29))*MontantAF_TCO) -> 20808.98 | H29: 41668 | I29: =SUMPRODUCT((DatePmt_TCO<>"")*(DatePmt_TCO<>"en attente")*(MONTH(DatePmt_TCO)=MONTH(H29))*(YEAR(DatePmt_TCO)=YEAR(H29))*(ISNUMBER(MtntPaye_TCO)),MtntPaye_TCO) -> 0
E30: 42034 | F30: =SUMPRODUCT((DateAF_TCO<>"")*(MONTH(DateAF_TCO)=MONTH(E30))*(YEAR(DateAF_TCO)=YEAR(E30))*MontantAF_TCO) -> 70000 | H30: 42034 | I30: =SUMPRODUCT((DatePmt_TCO<>"")*(DatePmt_TCO<>"en attente")*(MONTH(DatePmt_TCO)=MONTH(H30))*(YEAR(DatePmt_TCO)=YEAR(H30))*(ISNUMBER(MtntPaye_TCO)),MtntPaye_TCO) -> 0
F31: =SUM(F21:F30) -> 450597.57 | I31: =SUM(I21:I30) -> 359788.59
F32: =+F31-F16 -> 0 | I32: =+I31-I16 -> 0

Sheet ADEME
A2: ETAT DES CREANCES : ADEME | M2: =TODAY() -> 43593
A4: Opération | B4: Libellé | C4: Signature | D4: Fin de la convention | E4: BUDGET | F4: APPELS DE FONDS | L4: RESTE A PERCEVOIR
F5: Montant | G5: N° | H5: Date | I5: Payé | J5: Date | K5: Nbre js d'impayés | L5: A payer | M5: Non appelé
A6: P'TIT CANAL | C6: 40817 | E6: 25600
F7: 12800 | G7: 1 | H7: 40841 | I7: 12800 | J7: 40882 | K7: =J7-H7 -> 41 | L7: =+IF(H7="",0,F7-I7) -> 0 | M7: =IF(H7="",F7-I7,0) -> 0
F8: 7680 | G8: 2 | H8: 41849 | I8: 7680 | J8: 41891 | K8: =J8-H8 -> 42 | L8: =+IF(H8="",0,F8-I8) -> 0 | M8: =IF(H8="",F8-I8,0) -> 0
F9: 5120 | G9: 3 | H9: 42005 | I9: 5120 | J9: 42129 | L9: =+IF(H9="",0,F9-I9) -> 0 | M9: =IF(H9="",F9-I9,0) -> 0
F10: =SUM(F6:F9)-L7 -> 25600 | I10: =SUM(I6:I9) -> 25600 | L10: =SUM(L6:L9)-L7 -> 0 | M10: =SUM(M6:M9) -> 0
A11: CD 61 | B11: N° 1546C0070 | C11: 42181 | D11: 44008 | E11: 9355 | M11: =IF(H11="",F11-I11,0) -> 0 | O11: + 60 mois de prorogation
D12: suite à prorogat° 2 | F12: 9355 | L12: =IF(I12="en attente",F12,"") | M12: =IF(H12="",F12-I12,0) -> 9355
A14: OPALE (17 LLS) | B14: N° 17REC0128 | C14: 42923 | D14: 43288 | E14: 4200
F15: 4200 | G15: 1 | H15: 43147 | I15: 4200 | J15: 43266
A16: CH. GALET 1 & 2/LA CHAPELLE | B16: N° 17REC0121 | C16: 42923 | D16: 43288 | E16: 13720 | F16: 13720 | G16: 1 | I16: 13720 | J16: 43340
A17: CASABIANCA/ORCHIDEES/
A18: CHOKA BLEU/LA CURE2
A20: PT BANANES & TAMARINS | B20: N° 17REC0124 | C20: 42923 | D20: 43288 | E20: 7700 | F20: 7700 | H20: 43087 | I20: 7700 | J20: 43150
A21: REHAB
A23: PAPYRUS & CANNELLE E/SALE | B23: N° 17REC0185 | C23: 43055 | D23: 43420 | E23: 6860
F24: 6860 | G24: 1 | H24: 43355 | I24: 6860 | J24: 43462
A25: Cocos TURPIN | B25: N°18REC0030 | C25: 43206 | D25: 43481 | E25: 5600
F26: 5600 | G26: 1 | H26: 43328 | I26: 5600 | J26: 43462
A28: LA SERRE | B28: N° 18REC0063 | C28: 43272 | D28: 43637 | E28: 1575
F29: 1575 | H29: 43571 | I29: En attente | L29: =IF(I29="en attente",F29,"") -> 1575 | M29: =IF(H29="",F29-I29,0) -> 0
E31: =SUM(E6:E30) -> 74610 | F31: =SUMPRODUCT((DateAF_ADEME<>"")*MontantAF_ADEME) -> 51535 | I31: =I10+I15+I16+I20+I24+I26 -> 63680 | L31: =SUM(L6:L30) -> 1575 | M31: =SUM(M6:M30) -> 9355
F33: APPELE | I33: PAYE
E34: 2011 | F34: =SUMPRODUCT((YEAR($E$47:$E$80)=E34)*($F$47:$F$80)) -> 12800 | I34: =SUMPRODUCT((YEAR($E$47:$E$80)=E34)*($I$47:$I$80)) -> 12800
E35: 2012 | F35: =SUMPRODUCT((YEAR($E$47:$E$80)=E35)*($F$47:$F$80)) -> 0 | I35: =SUMPRODUCT((YEAR($E$47:$E$80)=E35)*($I$47:$I$80)) -> 0
E36: 2013 | F36: =SUMPRODUCT((YEAR($E$47:$E$80)=E36)*($F$47:$F$80)) -> 0 | I36: =SUMPRODUCT((YEAR($E$47:$E$80)=E36)*($I$47:$I$80)) -> 0
E37: 2014 | F37: =SUMPRODUCT((YEAR($E$47:$E$80)=E37)*($F$47:$F$80)) -> 7680 | I37: =SUMPRODUCT((YEAR($E$47:$E$80)=E37)*($I$47:$I$80)) -> 7680
E38: 2015 | F38: =SUMPRODUCT((YEAR($E$47:$E$80)=E38)*($F$47:$F$80)) -> 5120 | I38: =SUMPRODUCT((YEAR($E$47:$E$80)=E38)*($I$47:$I$80)) -> 5120
E39: 2016 | F39: =SUMPRODUCT((YEAR($E$47:$E$80)=E39)*($F$47:$F$80)) -> 0 | I39: =SUMPRODUCT((YEAR($E$47:$E$80)=E39)*($I$47:$I$80)) -> 0
E40: 2017 | F40: =SUMPRODUCT((YEAR($E$47:$E$80)=E40)*($F$47:$F$80)) -> 7700 | I40: =SUMPRODUCT((YEAR($E$47:$E$80)=E40)*($I$47:$I$80)) -> 0
E41: 2018 | F41: =SUMPRODUCT((YEAR($E$47:$E$80)=E41)*($F$47:$F$80)) -> 16660 | I41: =SUMPRODUCT((YEAR($E$47:$E$80)=E41)*($I$47:$I$80)) -> 38080
E42: 2019 | F42: =SUMPRODUCT((YEAR($E$47:$E$80)=E42)*($F$47:$F$80)) -> 1575 | I42: =SUMPRODUCT((YEAR($E$47:$E$80)=E42)*($I$47:$I$80)) -> 0
F43: =SUM(F34:F42) -> 51535 | I43: =SUM(I34:I41) -> 63680
F44: =F43-F81 -> 0 | I44: =I43-I81 -> 0
F46: APPELE | I46: PAYE
E47: 40817 | F47: =SUMPRODUCT((DateAF_ADEME<>"")*(MONTH(DateAF_ADEME)=MONTH(E47))*(YEAR(DateAF_ADEME)=YEAR(E47))*MontantAF_ADEME) -> 12800 | I47: =SUMPRODUCT((DatePmt_ADEME<>"")*(DatePmt_ADEME<>"en attente")*(MONTH(DatePmt_ADEME)=MONTH(E47))*(YEAR(DatePmt_ADEME)=YEAR(E47))*(ISNUMBER(MtntPaye_ADEME)),MtntPaye_ADEME) -> 0
E48: 40848 | F48: =SUMPRODUCT((DateAF_ADEME<>"")*(MONTH(DateAF_ADEME)=MONTH(E48))*(YEAR(DateAF_ADEME)=YEAR(E48))*MontantAF_ADEME) -> 0 | I48: =SUMPRODUCT((DatePmt_ADEME<>"")*(DatePmt_ADEME<>"en attente")*(MONTH(DatePmt_ADEME)=MONTH(E48))*(YEAR(DatePmt_ADEME)=YEAR(E48))*(ISNUMBER(MtntPaye_ADEME)),MtntPaye_ADEME) -> 0
E49: 40878 | F49: =SUMPRODUCT((DateAF_ADEME<>"")*(MONTH(DateAF_ADEME)=MONTH(E49))*(YEAR(DateAF_ADEME)=YEAR(E49))*MontantAF_ADEME) -> 0 | I49: =SUMPRODUCT((DatePmt_ADEME<>"")*(DatePmt_ADEME<>"en attente")*(MONTH(DatePmt_ADEME)=MONTH(E49))*(YEAR(DatePmt_ADEME)=YEAR(E49))*(ISNUMBER(MtntPaye_ADEME)),MtntPaye_ADEME) -> 12800
E50: 40909 | F50: =SUMPRODUCT((DateAF_ADEME<>"")*(MONTH(DateAF_ADEME)=MONTH(E50))*(YEAR(DateAF_ADEME)=YEAR(E50))*MontantAF_ADEME) -> 0 | I50: =SUMPRODUCT((DatePmt_ADEME<>"")*(DatePmt_ADEME<>"en attente")*(MONTH(DatePmt_ADEME)=MONTH(E50))*(YEAR(DatePmt_ADEME)=YEAR(E50))*(ISNUMBER(MtntPaye_ADEME)),MtntPaye_ADEME) -> 0
E51: 41640 | F51: =SUMPRODUCT((DateAF_ADEME<>"")*(MONTH(DateAF_ADEME)=MONTH(E51))*(YEAR(DateAF_ADEME)=YEAR(E51))*MontantAF_ADEME) -> 0 | I51: =SUMPRODUCT((DatePmt_ADEME<>"")*(DatePmt_ADEME<>"en attente")*(MONTH(DatePmt_ADEME)=MONTH(E51))*(YEAR(DatePmt_ADEME)=YEAR(E51))*(ISNUMBER(MtntPaye_ADEME)),MtntPaye_ADEME) -> 0
E52: 41821 | F52: =SUMPRODUCT((DateAF_ADEME<>"")*(MONTH(DateAF_ADEME)=MONTH(E52))*(YEAR(DateAF_ADEME)=YEAR(E52))*MontantAF_ADEME) -> 7680 | I52: =SUMPRODUCT((DatePmt_ADEME<>"")*(DatePmt_ADEME<>"en attente")*(MONTH(DatePmt_ADEME)=MONTH(E52))*(YEAR(DatePmt_ADEME)=YEAR(E52))*(ISNUMBER(MtntPaye_ADEME)),MtntPaye_ADEME) -> 0
E53: 41883 | F53: =SUMPRODUCT((DateAF_ADEME<>"")*(MONTH(DateAF_ADEME)=MONTH(E53))*(YEAR(DateAF_ADEME)=YEAR(E53))*MontantAF_ADEME) -> 0 | I53: =SUMPRODUCT((DatePmt_ADEME<>"")*(DatePmt_ADEME<>"en attente")*(MONTH(DatePmt_ADEME)=MONTH(E53))*(YEAR(DatePmt_ADEME)=YEAR(E53))*(ISNUMBER(MtntPaye_ADEME)),MtntPaye_ADEME) -> 7680
E54: 42005 | F54: =SUMPRODUCT((DateAF_ADEME<>"")*(MONTH(DateAF_ADEME)=MONTH(E54))*(YEAR(DateAF_ADEME)=YEAR(E54))*MontantAF_ADEME) -> 5120 | I54: =SUMPRODUCT((DatePmt_ADEME<>"")*(DatePmt_ADEME<>"en attente")*(MONTH(DatePmt_ADEME)=MONTH(E54))*(YEAR(DatePmt_ADEME)=YEAR(E54))*(ISNUMBER(MtntPaye_ADEME)),MtntPaye_ADEME) -> 0
E55: 42125 | F55: =SUMPRODUCT((DateAF_ADEME<>"")*(MONTH(DateAF_ADEME)=MONTH(E55))*(YEAR(DateAF_ADEME)=YEAR(E55))*MontantAF_ADEME) -> 0 | I55: =SUMPRODUCT((DatePmt_ADEME<>"")*(DatePmt_ADEME<>"en attente")*(MONTH(DatePmt_ADEME)=MONTH(E55))*(YEAR(DatePmt_ADEME)=YEAR(E55))*(ISNUMBER(MtntPaye_ADEME)),MtntPaye_ADEME) -> 5120
E56: 43070 | F56: =SUMPRODUCT((DateAF_ADEME<>"")*(MONTH(DateAF_ADEME)=MONTH(E56))*(YEAR(DateAF_ADEME)=YEAR(E56))*MontantAF_ADEME) -> 7700 | I56: =SUMPRODUCT((DatePmt_ADEME<>"")*(DatePmt_ADEME<>"en attente")*(MONTH(DatePmt_ADEME)=MONTH(E56))*(YEAR(DatePmt_ADEME)=YEAR(E56))*(ISNUMBER(MtntPaye_ADEME)),MtntPaye_ADEME) -> 0
E57: 43101 | F57: =SUMPRODUCT((DateAF_ADEME<>"")*(MONTH(DateAF_ADEME)=MONTH(E57))*(YEAR(DateAF_ADEME)=YEAR(E57))*MontantAF_ADEME) -> 0 | I57: =SUMPRODUCT((DatePmt_ADEME<>"")*(DatePmt_ADEME<>"en attente")*(MONTH(DatePmt_ADEME)=MONTH(E57))*(YEAR(DatePmt_ADEME)=YEAR(E57))*(ISNUMBER(MtntPaye_ADEME)),MtntPaye_ADEME) -> 0
E58: 43132 | F58: =SUMPRODUCT((DateAF_ADEME<>"")*(MONTH(DateAF_ADEME)=MONTH(E58))*(YEAR(DateAF_ADEME)=YEAR(E58))*MontantAF_ADEME) -> 4200 | I58: =SUMPRODUCT((DatePmt_ADEME<>"")*(DatePmt_ADEME<>"en attente")*(MONTH(DatePmt_ADEME)=MONTH(E58))*(YEAR(DatePmt_ADEME)=YEAR(E58))*(ISNUMBER(MtntPaye_ADEME)),MtntPaye_ADEME) -> 7700
... E80: 43800 | F80: =SUMPRODUCT((DateAF_ADEME<>"")*(MONTH(DateAF_ADEME)=MONTH(E80))*(YEAR(DateAF_ADEME)=YEAR(E80))*MontantAF_ADEME) -> 0 | I80: =SUMPRODUCT((DatePmt_ADEME<>"")*(DatePmt_ADEME<>"en attente")*(MONTH(DatePmt_ADEME)=MONTH(E80))*(YEAR(DatePmt_ADEME)=YEAR(E80))*(ISNUMBER(MtntPaye_ADEME)),MtntPaye_ADEME) -> 0
F81: =SUM(F47:F80) -> 51535 | I81: =SUM(I47:I80) -> 63680
F82: =F81-F31 -> 0 | I82: =I81-I31 -> 0

Sheet PETITE ILE
A2: ETAT DES CREANCES : PETITE ILE | K2: =TODAY() -> 43593
A4: Opération | B4: Signature | C4: BUDGET | D4: APPELS DE FONDS | J4: RESTE A PERCEVOIR
D5: Montant | E5: N° | F5: Date | G5: Payé | H5: Date | I5: Nbre js d'impayés | J5: A payer | K5: Non appelé
A6: FRAFU JULES VIENNE | B6: 40449 | C6: 1125260 | G6: =SUM(G7:G9) -> 1125260 | J6: =SUM(J7:J9) -> 0 | K6: =SUM(K7:K9) -> 0 | L6: =C6-(G6+J6+K6) -> 0
A7: FRAFU JULES VIENNE | C7: =D7/$C$6 -> 0.3288129 | D7: 370000 | E7: 1 | F7: 40666 | G7: 370000 | H7: 40710 | I7: =IF(H7="",$K$2-F7,H7-F7) -> 44 | J7: =IF(G7="en attente",F7,"") | K7: =IF(F7="",D7-G7,0) -> 0
A8: FRAFU JULES VIENNE | C8: =D8/$C$6+C7 -> 0.65499973 | D8: 367045 | E8: 2 | F8: 41003 | G8: 367045 | H8: 41247 | I8: =IF(H8="",$K$2-F8,H8-F8) -> 244 | J8: =IF(G8="en attente",F8,"") | K8: =IF(F8="",D8-G8,0) -> 0
A9: FRAFU JULES VIENNE | C9: =D9/$C$6+C8 -> 1 | D9: 388215 | E9: 3 | F9: 42206 | G9: 388215 | H9: 42380 | I9: =IF(H9="",$K$2-F9,H9-F9) -> 174 | J9: =IF(G9="en attente",D9,"") | K9: =IF(F9="",D9-G9,0) -> 0
A10: FRAFU DESIRE | B10: 40449 | C10: =706937 -> 706937 | G10: =SUM(G11:G13) -> 701154 | J10: =SUM(J11:J13) -> 0 | K10: =SUM(K11:K13) -> 0 | L10: =C10-(G10+J10+K10) -> 5783
A11: FRAFU DESIRE | C11: =D11/$C$10 -> 0.3536383 | D11: 250000 | E11: 1 | F11: 40666 | G11: 250000 | H11: 40710 | I11: =IF(H11="",$K$2-F11,H11-F11) -> 44 | J11: =IF(G11="en attente",F11,"") | K11: =IF(F11="",D11-G11,0) -> 0
A12: FRAFU DESIRE | C12: =D12/$C$10+C11 -> 0.70000014 | D12: 244856 | E12: 2 | F12: 41003 | G12: 244856 | H12: 41247 | I12: =IF(H12="",$K$2-F12,H12-F12) -> 244 | J12: =IF(G12="en attente",F12,"")
A13: FRAFU DESIRE | C13: =D13/$C$10+C12 -> 0.99181964 | D13: 206298 | E13: 3 | F13: 42208 | G13: 206298 | H13: 42353 | I13: =IF(H13="",$K$2-F13,H13-F13) -> 145 | J13: =IF(G13="en attente",D13,"") | K13: =IF(F13="",D13-G13,0) -> 0 | L13: Montant corrigé : anciennt 212 081,00
A14: LES PLATANES (28 LLTS) | B14: 42650 | C14: 92042.64 | G14: =SUM(G15:G16) -> 46021.32 | J14: =SUM(J15:J16) -> 0 | K14: =SUM(K15:K16) -> 46021.32
C15: 0.5 | D15: =+C14*C15 -> 46021.32 | E15: 1 | F15: 43264 | G15: 46021.32 | H15: 43370 | J15: =IF(G15="en attente",F15,"") | K15: =IF(F15="",D15-G15,0) -> 0
C16: 0.5 | D16: =+C14*C16 -> 46021.32 | E16: 2 | J16: =IF(G16="en attente",F16,"") | K16: =IF(F16="",D16-G16,0) -> 46021.32
C17: =C6+C10+C14 -> 1924239.6 | D17: =SUMPRODUCT((DateAF_P_ILE<>"")*MontantAF_P_ILE) -> 1872435.3 | G17: =G6+G10+G14 -> 1872435.3 | J17: =J6+J10+J14 -> 0 | K17: =K6+K10+K14 -> 46021.32 | L17: =C17-(G17+J17+K17) -> 5783
J18: =SUM(J17:K17) -> 46021.32
D21: APPELE | G21: PAYE | J21: APPELE | K21: PAYE
C22: 40666 | D22: =SUMPRODUCT((DateAF_P_ILE<>"")*(MONTH(DateAF_P_ILE)=MONTH(C22))*(YEAR(DateAF_P_ILE)=YEAR(C22))*MontantAF_P_ILE) -> 620000 | F22: 40666 | G22: =SUMPRODUCT((DatePmt_P_ILE<>"")*(DatePmt_P_ILE<>"en attente")*(MONTH(DatePmt_P_ILE)=MONTH(F22))*(YEAR(DatePmt_P_ILE)=YEAR(F22))*(ISNUMBER(MtntPaye_P_ILE)),MtntPaye_P_ILE) -> 0 | I22: 2011 | J22: =SUMPRODUCT((YEAR($C$22:$C$28)=I22)*($D$22:$D$28)) -> 620000 | K22: =SUMPRODUCT((YEAR($F$22:$F$28)=I22)*($G$22:$G$28)) -> 620000
C23: 40710 | D23: =SUMPRODUCT((DateAF_P_ILE<>"")*(MONTH(DateAF_P_ILE)=MONTH(C23))*(YEAR(DateAF_P_ILE)=YEAR(C23))*MontantAF_P_ILE) -> 0 | F23: 40710 | G23: =SUMPRODUCT((DatePmt_P_ILE<>"")*(DatePmt_P_ILE<>"en attente")*(MONTH(DatePmt_P_ILE)=MONTH(F23))*(YEAR(DatePmt_P_ILE)=YEAR(F23))*(ISNUMBER(MtntPaye_P_ILE)),MtntPaye_P_ILE) -> 620000 | I23: 2012 | J23: =SUMPRODUCT((YEAR($C$22:$C$28)=I23)*($D$22:$D$28)) -> 611901 | K23: =SUMPRODUCT((YEAR($F$22:$F$28)=I23)*($G$22:$G$28)) -> 611901
C24: 41003 | D24: =SUMPRODUCT((DateAF_P_ILE<>"")*(MONTH(DateAF_P_ILE)=MONTH(C24))*(YEAR(DateAF_P_ILE)=YEAR(C24))*MontantAF_P_ILE) -> 611901 | F24: 41003 | G24: =SUMPRODUCT((DatePmt_P_ILE<>"")*(DatePmt_P_ILE<>"en attente")*(MONTH(DatePmt_P_ILE)=MONTH(F24))*(YEAR(DatePmt_P_ILE)=YEAR(F24))*(ISNUMBER(MtntPaye_P_ILE)),MtntPaye_P_ILE) -> 0 | I24: 2015 | J24: =SUMPRODUCT((YEAR($C$22:$C$28)=I24)*($D$22:$D$28)) -> 594513 | K24: =SUMPRODUCT((YEAR($F$22:$F$28)=I24)*($G$22:$G$28)) -> 206298
C25: 41247 | D25: =SUMPRODUCT((DateAF_P_ILE<>"")*(MONTH(DateAF_P_ILE)=MONTH(C25))*(YEAR(DateAF_P_ILE)=YEAR(C25))*MontantAF_P_ILE) -> 0 | F25: 41247 | G25: =SUMPRODUCT((DatePmt_P_ILE<>"")*(DatePmt_P_ILE<>"en attente")*(MONTH(DatePmt_P_ILE)=MONTH(F25))*(YEAR(DatePmt_P_ILE)=YEAR(F25))*(ISNUMBER(MtntPaye_P_ILE)),MtntPaye_P_ILE) -> 611901 | I25: 2016 | J25: =SUMPRODUCT((YEAR($C$22:$C$28)=I25)*($D$22:$D$28)) -> 0 | K25: =SUMPRODUCT((YEAR($F$22:$F$28)=I25)*($G$22:$G$28)) -> 388215
C26: 42206 | D26: =SUMPRODUCT((DateAF_P_ILE<>"")*(MONTH(DateAF_P_ILE)=MONTH(C26))*(YEAR(DateAF_P_ILE)=YEAR(C26))*MontantAF_P_ILE) -> 594513 | F26: 42206 | G26: =SUMPRODUCT((DatePmt_P_ILE<>"")*(DatePmt_P_ILE<>"en attente")*(MONTH(DatePmt_P_ILE)=MONTH(F26))*(YEAR(DatePmt_P_ILE)=YEAR(F26))*(ISNUMBER(MtntPaye_P_ILE)),MtntPaye_P_ILE) -> 0 | I26: 2018 | J26: =SUMPRODUCT((YEAR($C$22:$C$40)=I26)*($D$22:$D$40)) -> 46021.32 | K26: =SUMPRODUCT((YEAR($F$22:$F$40)=I26)*($G$22:$G$40)) -> 46021.32
C27: 42353 | D27: =SUMPRODUCT((DateAF_P_ILE<>"")*(MONTH(DateAF_P_ILE)=MONTH(C27))*(YEAR(DateAF_P_ILE)=YEAR(C27))*MontantAF_P_ILE) -> 0 | F27: 42353 | G27: =SUMPRODUCT((DatePmt_P_ILE<>"")*(DatePmt_P_ILE<>"en attente")*(MONTH(DatePmt_P_ILE)=MONTH(F27))*(YEAR(DatePmt_P_ILE)=YEAR(F27))*(ISNUMBER(MtntPaye_P_ILE)),MtntPaye_P_ILE) -> 206298 | I27: 2019 | J27: =SUMPRODUCT((YEAR($C$22:$C$52)=I27)*($D$22:$D$52)) -> 0 | K27: =SUMPRODUCT((YEAR($F$22:$F$52)=I27)*($G$22:$G$52)) -> 0
C28: 42380 | D28: =SUMPRODUCT((DateAF_P_ILE<>"")*(MONTH(DateAF_P_ILE)=MONTH(C28))*(YEAR(DateAF_P_ILE)=YEAR(C28))*MontantAF_P_ILE) -> 0 | F28: 42380 | G28: =SUMPRODUCT((DatePmt_P_ILE<>"")*(DatePmt_P_ILE<>"en attente")*(MONTH(DatePmt_P_ILE)=MONTH(F28))*(YEAR(DatePmt_P_ILE)=YEAR(F28))*(ISNUMBER(MtntPaye_P_ILE)),MtntPaye_P_ILE) -> 388215 | J28: =SUM(J22:J27) -> 1872435.3 | K28: =SUM(K22:K27) -> 1872435.3
C29: 43101 | D29: =SUMPRODUCT((DateAF_P_ILE<>"")*(MONTH(DateAF_P_ILE)=MONTH(C29))*(YEAR(DateAF_P_ILE)=YEAR(C29))*MontantAF_P_ILE) -> 0 | F29: 43101 | G29: =SUMPRODUCT((DatePmt_P_ILE<>"")*(DatePmt_P_ILE<>"en attente")*(MONTH(DatePmt_P_ILE)=MONTH(F29))*(YEAR(DatePmt_P_ILE)=YEAR(F29))*(ISNUMBER(MtntPaye_P_ILE)),MtntPaye_P_ILE) -> 0 | J29: =+J28-D53 -> 0 | K29: =+K28-G53 -> 0
C30: 43132 | D30: =SUMPRODUCT((DateAF_P_ILE<>"")*(MONTH(DateAF_P_ILE)=MONTH(C30))*(YEAR(DateAF_P_ILE)=YEAR(C30))*MontantAF_P_ILE) -> 0 | F30: 43132 | G30: =SUMPRODUCT((DatePmt_P_ILE<>"")*(DatePmt_P_ILE<>"en attente")*(MONTH(DatePmt_P_ILE)=MONTH(F30))*(YEAR(DatePmt_P_ILE)=YEAR(F30))*(ISNUMBER(MtntPaye_P_ILE)),MtntPaye_P_ILE) -> 0
C31: 43160 | D31: =SUMPRODUCT((DateAF_P_ILE<>"")*(MONTH(DateAF_P_ILE)=MONTH(C31))*(YEAR(DateAF_P_ILE)=YEAR(C31))*MontantAF_P_ILE) -> 0 | F31: 43160 | G31: =SUMPRODUCT((DatePmt_P_ILE<>"")*(DatePmt_P_ILE<>"en attente")*(MONTH(DatePmt_P_ILE)=MONTH(F31))*(YEAR(DatePmt_P_ILE)=YEAR(F31))*(ISNUMBER(MtntPaye_P_ILE)),MtntPaye_P_ILE) -> 0
C32: 43191 | D32: =SUMPRODUCT((DateAF_P_ILE<>"")*(MONTH(DateAF_P_ILE)=MONTH(C32))*(YEAR(DateAF_P_ILE)=YEAR(C32))*MontantAF_P_ILE) -> 0 | F32: 43191 | G32: =SUMPRODUCT((DatePmt_P_ILE<>"")*(DatePmt_P_ILE<>"en attente")*(MONTH(DatePmt_P_ILE)=MONTH(F32))*(YEAR(DatePmt_P_ILE)=YEAR(F32))*(ISNUMBER(MtntPaye_P_ILE)),MtntPaye_P_ILE) -> 0
C33: 43221 | D33: =SUMPRODUCT((DateAF_P_ILE<>"")*(MONTH(DateAF_P_ILE)=MONTH(C33))*(YEAR(DateAF_P_ILE)=YEAR(C33))*MontantAF_P_ILE) -> 0 | F33: 43221 | G33: =SUMPRODUCT((DatePmt_P_ILE<>"")*(DatePmt_P_ILE<>"en attente")*(MONTH(DatePmt_P_ILE)=MONTH(F33))*(YEAR(DatePmt_P_ILE)=YEAR(F33))*(ISNUMBER(MtntPaye_P_ILE)),MtntPaye_P_ILE) -> 0
C34: 43252 | D34: =SUMPRODUCT((DateAF_P_ILE<>"")*(MONTH(DateAF_P_ILE)=MONTH(C34))*(YEAR(DateAF_P_ILE)=YEAR(C34))*MontantAF_P_ILE) -> 46021.32 | F34: 43252 | G34: =SUMPRODUCT((DatePmt_P_ILE<>"")*(DatePmt_P_ILE<>"en attente")*(MONTH(DatePmt_P_ILE)=MONTH(F34))*(YEAR(DatePmt_P_ILE)=YEAR(F34))*(ISNUMBER(MtntPaye_P_ILE)),MtntPaye_P_ILE) -> 0
C35: 43282 | D35: =SUMPRODUCT((DateAF_P_ILE<>"")*(MONTH(DateAF_P_ILE)=MONTH(C35))*(YEAR(DateAF_P_ILE)=YEAR(C35))*MontantAF_P_ILE) -> 0 | F35: 43282 | G35: =SUMPRODUCT((DatePmt_P_ILE<>"")*(DatePmt_P_ILE<>"en attente")*(MONTH(DatePmt_P_ILE)=MONTH(F35))*(YEAR(DatePmt_P_ILE)=YEAR(F35))*(ISNUMBER(MtntPaye_P_ILE)),MtntPaye_P_ILE) -> 0
C36: 43313 | D36: =SUMPRODUCT((DateAF_P_ILE<>"")*(MONTH(DateAF_P_ILE)=MONTH(C36))*(YEAR(DateAF_P_ILE)=YEAR(C36))*MontantAF_P_ILE) -> 0 | F36: 43313 | G36: =SUMPRODUCT((DatePmt_P_ILE<>"")*(DatePmt_P_ILE<>"en attente")*(MONTH(DatePmt_P_ILE)=MONTH(F36))*(YEAR(DatePmt_P_ILE)=YEAR(F36))*(ISNUMBER(MtntPaye_P_ILE)),MtntPaye_P_ILE) -> 0
C37: 43344 | D37: =SUMPRODUCT((DateAF_P_ILE<>"")*(MONTH(DateAF_P_ILE)=MONTH(C37))*(YEAR(DateAF_P_ILE)=YEAR(C37))*MontantAF_P_ILE) -> 0 | F37: 43344 | G37: =SUMPRODUCT((DatePmt_P_ILE<>"")*(DatePmt_P_ILE<>"en attente")*(MONTH(DatePmt_P_ILE)=MONTH(F37))*(YEAR(DatePmt_P_ILE)=YEAR(F37))*(ISNUMBER(MtntPaye_P_ILE)),MtntPaye_P_ILE) -> 46021.32
C38: 43374 | D38: =SUMPRODUCT((DateAF_P_ILE<>"")*(MONTH(DateAF_P_ILE)=MONTH(C38))*(YEAR(DateAF_P_ILE)=YEAR(C38))*MontantAF_P_ILE) -> 0 | F38: 43374 | G38: =SUMPRODUCT((DatePmt_P_ILE<>"")*(DatePmt_P_ILE<>"en attente")*(MONTH(DatePmt_P_ILE)=MONTH(F38))*(YEAR(DatePmt_P_ILE)=YEAR(F38))*(ISNUMBER(MtntPaye_P_ILE)),MtntPaye_P_ILE) -> 0
C39: 43405 | D39: =SUMPRODUCT((DateAF_P_ILE<>"")*(MONTH(DateAF_P_ILE)=MONTH(C39))*(YEAR(DateAF_P_ILE)=YEAR(C39))*MontantAF_P_ILE) -> 0 | F39: 43405 | G39: =SUMPRODUCT((DatePmt_P_ILE<>"")*(DatePmt_P_ILE<>"en attente")*(MONTH(DatePmt_P_ILE)=MONTH(F39))*(YEAR(DatePmt_P_ILE)=YEAR(F39))*(ISNUMBER(MtntPaye_P_ILE)),MtntPaye_P_ILE) -> 0
C40: 43435 | D40: =SUMPRODUCT((DateAF_P_ILE<>"")*(MONTH(DateAF_P_ILE)=MONTH(C40))*(YEAR(DateAF_P_ILE)=YEAR(C40))*MontantAF_P_ILE) -> 0 | F40: 43435 | G40: =SUMPRODUCT((DatePmt_P_ILE<>"")*(DatePmt_P_ILE<>"en attente")*(MONTH(DatePmt_P_ILE)=MONTH(F40))*(YEAR(DatePmt_P_ILE)=YEAR(F40))*(ISNUMBER(MtntPaye_P_ILE)),MtntPaye_P_ILE) -> 0
C41: 43466 | D41: =SUMPRODUCT((DateAF_P_ILE<>"")*(MONTH(DateAF_P_ILE)=MONTH(C41))*(YEAR(DateAF_P_ILE)=YEAR(C41))*MontantAF_P_ILE) -> 0 | F41: 43466 | G41: =SUMPRODUCT((DatePmt_P_ILE<>"")*(DatePmt_P_ILE<>"en attente")*(MONTH(DatePmt_P_ILE)=MONTH(F41))*(YEAR(DatePmt_P_ILE)=YEAR(F41))*(ISNUMBER(MtntPaye_P_ILE)),MtntPaye_P_ILE) -> 0
... C52: 43800 | D52: =SUMPRODUCT((DateAF_P_ILE<>"")*(MONTH(DateAF_P_ILE)=MONTH(C52))*(YEAR(DateAF_P_ILE)=YEAR(C52))*MontantAF_P_ILE) -> 0 | F52: 43800 | G52: =SUMPRODUCT((DatePmt_P_ILE<>"")*(DatePmt_P_ILE<>"en attente")*(MONTH(DatePmt_P_ILE)=MONTH(F52))*(YEAR(DatePmt_P_ILE)=YEAR(F52))*(ISNUMBER(MtntPaye_P_ILE)),MtntPaye_P_ILE) -> 0
D53: =SUM(D22:D40) -> 1872435.3 | G53: =SUM(G22:G40) -> 1872435.3
D54: =+D53-D17 -> 0 | G54: =+G53-G17 -> 0

Sheet EDF
A2: ETAT DES CREANCES : EDF | M2: =TODAY() -> 43593
A4: Opération | B4: TYPE SUBVENTION | C4: Signature | D4: Modalités | E4: BUDGET TTC | F4: APPELS DE FONDS | L4: RESTE A PERCEVOIR
F5: Montant | G5: N° | H5: Date | I5: Payé | J5: Date | K5: Nbre js d'impayés | L5: A payer | M5: Non appelé
A6: Avenue Raymond Barre | B6: MOD | E6: 17204.37 | F6: 17204.37 | H6: 43551 | I6: 17204.37 | J6: 43573 | L6: =IF(I6="en attente",F6,"") | M6: =IF(H6="",F6-I6,0) -> 0
A7: P'TIT CANAL | B7: MOD | E7: 24360.32 | F7: 24360.32 | H7: 43481 | I7: 24360.32 | J7: 43539 | K7: =IF(J7="",$M$2-H7,J7-H7) -> 58 | L7: =IF(I7="en attente",F7,"") | M7: =IF(H7="",F7-I7,0) -> 0
A8: LE LAVOIR | B8: MOD | C8: 41094 | E8: 9449.1 | F8: 9449.1 | H8: 43481 | I8: 9449.13 | J8: 43539 | K8: =IF(J8="",$M$2-H8,J8-H8) -> 58 | L8: =IF(I8="en attente",F8,"") | M8: =IF(H8="",F8-I8,0) -> 0
A9: ALAMANDAS | B9: MOD | E9: 51875.6 | F9: 51875.6 | H9: 42452 | I9: 51875.6 | J9: 42513 | K9: =IF(J9="",$M$2-H9,J9-H9) -> 61 | L9: =IF(I9="en attente",F9,"") | M9: =IF(H9="",F9-I9,0) -> 0
A10: LE CAP | B10: MOD | E10: 42015.88 | F10: 42015.88 | H10: 42660 | I10: 42015.88 | J10: 42836 | K10: =IF(J10="",$M$2-H10,J10-H10) -> 176 | L10: =IF(I10="en attente",F10,"") | M10: =IF(H10="",F10-I10,0) -> 0
A11: LAURENCY | B11: MOD | E11: 46495.98 | F11: 46495.98 | H11: 42660 | I11: 46495.48 | J11: 43542 | K11: =IF(J11="",$M$2-H11,J11-H11) -> 882 | L11: =IF(I11="en attente",F11,"") | M11: =IF(H11="",F11-I11,0) -> 0
A12: POKER D'AS 1 | B12: MOD | E12: 37827.35 | F12: 37827.35 | H12: 42660 | I12: 37825.35 | J12: 42989 | K12: =IF(J12="",$M$2-H12,J12-H12) -> 329 | L12: =IF(I12="en attente",F12,"") | M12: =IF(H12="",F12-I12,0) -> 0
A13: BOUTONS D'OR | B13: MOD | E13: 93111.2 | F13: 93111.2 | H13: 42829 | I13: 93111.2 | J13: 42892 | K13: =IF(J13="",$M$2-H13,J13-H13) -> 63 | L13: =IF(I13="en attente",F13,"") | M13: =IF(H13="",F13-I13,0) -> 0
A14: AUBEPINES | B14: MOD | E14: 17009.03 | F14: 17009.03 | H14: 42803 | I14: 17009.03 | J14: 42877 | K14: =IF(J14="",$M$2-H14,J14-H14) -> 74 | L14: =IF(I14="en attente",F14,"") | M14: =IF(H14="",F14-I14,0) -> 0
A15: AMARYLLIS | B15: MOD | E15: 28319.18 | F15: 28319.18 | H15: 42660 | I15: 28319.18 | J15: 42797 | K15: =IF(J15="",$M$2-H15,J15-H15) -> 137 | L15: =IF(I15="en attente",F15,"") | M15: =IF(H15="",F15-I15,0) -> 0
A16: TAMARINIERS | B16: MOD | E16: 58548.7 | F16: 58548.7 | H16: 42781 | I16: 58548.68 | J16: 43542 | K16: =IF(J16="",$M$2-H16,J16-H16) -> 761 | L16: =IF(I16="en attente",F16,"") | M16: =IF(H16="",F16-I16,0) -> 0
A17: PARC A MOUTON | B17: MOD | E17: 120804.55 | F17: 120804.55 | H17: 43060 | I17: 120804.55 | J17: 43406 | K17: =IF(J17="",$M$2-H17,J17-H17) -> 346 | L17: =IF(I17="en attente",F17,"") | M17: =IF(H17="",F17-I17,0) -> 0
A18: JOSEPHA FONTAINE | B18: MOD | E18: 34402.42 | F18: 34402.42 | H18: 42761 | I18: 34402.41 | J18: 42838 | K18: =IF(J18="",$M$2-H18,J18-H18) -> 77 | L18: =IF(I18="en attente",F18,"") | M18: =IF(H18="",F18-I18,0) -> 0
A19: POKER D'AS 2 | B19: MOD | E19: =26523.95*1.085 -> 28778.486 | F19: 28778.49 | H19: 42765 | I19: 28778.48 | J19: 42983 | K19: =IF(J19="",$M$2-H19,J19-H19) -> 218 | L19: =IF(I19="en attente",F19,"") | M19: =IF(H19="",F19-I19,0) -> 0
A20: SALINE BARRAGE | B20: MOD | E20: =99805.82*1.085 -> 108289.31 | F20: 108289.31 | H20: 43171 | I20: 108289.31 | J20: 43475 | K20: =IF(J20="",$M$2-H20,J20-H20) -> 304 | L20: =IF(I20="en attente",F20,"") | M20: =IF(H20="",F20-I20,0) -> 0
A21: PIVET VELIN | B21: MOD | E21: =37161.21*1.085 -> 40319.913 | F21: 40319.91 | H21: 43076 | I21: 40319.91 | J21: 43258 | K21: =IF(J21="",$M$2-H21,J21-H21) -> 182 | L21: =IF(I21="en attente",F21,"") | M21: =IF(H21="",F21-I21,0) -> 0
A22: RUE DE L'EGLISE | B22: MOD | E22: =17785.2*1.085 -> 19296.942 | F22: 19296.94 | H22: 43062 | I22: 19296.94 | J22: 43326 | K22: =IF(J22="",$M$2-H22,J22-H22) -> 264 | L22: =IF(I22="en attente",F22,"") | M22: =IF(H22="",F22-I22,0) -> 0
A23: FANFAN | B23: MOD | E23: =29590.37 -> 29590.37 | F23: 29590.37 | H23: 42717 | I23: 29590.37 | J23: 43266 | K23: =IF(J23="",$M$2-H23,J23-H23) -> 549 | L23: =IF(I23="en attente",F23,"") | M23: =IF(H23="",F23-I23,0) -> 0
A24: FANFAN TR 2 / 8 LOTS | B24: MOD | E24: 18729.66 | F24: 18729.66 | H24: 42949 | I24: en attente | K24: =IF(J24="",$M$2-H24,J24-H24) -> 644 | L24: =IF(I24="en attente",F24,"") -> 18729.66 | M24: =IF(H24="",F24-I24,0) -> 0
A25: RPA CHALOUPE | B25: MOD | E25: 15338 | F25: 15338 | K25: =IF(J25="",$M$2-H25,J25-H25) -> 43593 | L25: =IF(I25="en attente",F25,"") | M25: =IF(H25="",F25-I25,0) -> 15338
A26: VERVEINES DES INDES (ILOT 5.1) | B26: MOD | E26: 18573.52 | F26: 18573.52 | H26: 42969 | I26: 18573.52 | J26: 43224 | K26: =IF(J26="",$M$2-H26,J26-H26) -> 255 | L26: =IF(I26="en attente",F26,"") | M26: =IF(H26="",F26-I26,0) -> 0
A27: Z'AMBAVILLE | B27: MOD | E27: =25031.85*1.085 -> 27159.557 | F27: 27159.56 | H27: 43179 | I27: 27159.56 | J27: 43448 | K27: =IF(J27="",$M$2-H27,J27-H27) -> 269 | L27: =IF(I27="en attente",F27,"") | M27: =IF(H27="",F27-I27,0) -> 0
A28: ILOT 6.1 (FLEURS JAUNES) | B28: MOD | E28: 29077.75 | F28: 29077.75 | H28: 43272 | I28: en attente | K28: =IF(J28="",$M$2-H28,J28-H28) -> 321 | L28: =IF(I28="en attente",F28,"") -> 29077.75
A29: CD61 & 515 | B29: MOD | E29: =81795.02*1.085 -> 88747.597 | F29: 88747.597 | K29: =IF(J29="",$M$2-H29,J29-H29) -> 43593 | L29: =IF(I29="en attente",F29,"") | M29: =IF(H29="",F29-I29,0) -> 88747.597
A30: LACAUSSADE 3 | B30: MOD | E30: 18371 | F30: 18371 | H30: 43336 | I30: 18371 | J30: 43395 | K30: =IF(J30="",$M$2-H30,J30-H30) -> 59 | L30: =IF(I30="en attente",F30,"") | M30: =IF(H30="",F30-I30,0) -> 0
A31: FAHAM | B31: MOD | E31: 36226.06 | F31: 36226.06 | H31: 43354 | I31: 36226.06 | J31: 43409 | K31: =IF(J31="",$M$2-H31,J31-H31) -> 55 | L31: =IF(I31="en attente",F31,"") | M31: =IF(H31="",F31-I31,0) -> 0
A32: PLAINE ST PAUL (18 LLTS) | B32: MOD | E32: =14221.78*1.085 -> 15430.631 | F32: 15430.63 | H32: 43397 | I32: en attente | K32: =IF(J32="",$M$2-H32,J32-H32) -> 196 | L32: =IF(I32="en attente",F32,"") -> 15430.63 | M32: =IF(H32="",F32-I32,0) -> 0
A33: AMATA | B33: MOD | E33: 92098.45 | F33: 92098.45 | H33: 43514 | I33: 92098.45 | J33: 43570 | K33: =IF(J33="",$M$2-H33,J33-H33) -> 56 | L33: =IF(I33="en attente",F33,"") | M33: =IF(H33="",F33-I33,0) -> 0
A34: RPA ST PHILIPPE | B34: MOD | E34: =45234.05*1.085 -> 49078.944 | F34: 49078.944 | H34: 43425 | I34: en attente | K34: =IF(J34="",$M$2-H34,J34-H34) -> 168 | L34: =IF(I34="en attente",F34,"") -> 49078.944 | M34: =IF(H34="",F34-I34,0) -> 0
A35: ILOT 6.2 (18 LLTS) | B35: MOD | E35: =12035.96*1.085 -> 13059.017 | F35: =E35 -> 13059.017 | K35: =IF(J35="",$M$2-H35,J35-H35) -> 43593 | L35: =IF(I35="en attente",F35,"") | M35: =IF(H35="",F35-I35,0) -> 13059.017
A36: MANAPANY LES BAINS | B36: MOD | E36: =72447.32*1.085 -> 78605.342 | F36: 78605.342 | H36: 43425 | I36: en attente | K36: =IF(J36="",$M$2-H36,J36-H36) -> 168 | L36: =IF(I36="en attente",F36,"") -> 78605.342 | M36: =IF(H36="",F36-I36,0) -> 0
A37: MANAPANY LES BAINS | B37: MOD | E37: 21718.06 | F37: 21718.06 | H37: 43425 | I37: 21718.06 | J37: 43479 | K37: =IF(J37="",$M$2-H37,J37-H37) -> 54 | L37: =IF(I37="en attente",F37,"") | M37: =IF(H37="",F37-I37,0) -> 0
A38: LES KAKIS (35 LLTS) | B38: MOD | E38: =61533.1*1.085 -> 66763.413 | F38: 66763.41 | N38: en cours de signature
A39: PALISSANDRE (30 LLS) | B39: MOD | E39: =16717.31*1.085 -> 18138.281 | F39: =E39 -> 18138.281
A40: RPA DU PARC (40 LLTS) | B40: MOD | E40: =23733.45*1.085 -> 25750.793 | F40: =+E40 -> 25750.793
A41: LES FOURRAGERES (21 LLTS) | B41: MOD | E41: =44959.45*1.085 -> 48781.003 | F41: =E41 -> 48781.003 | N41: en cours de signature
I42: =SUM(I43) -> 0 | K42: =IF(J42="",$M$2-H42,J42-H42) -> 43593 | M42: =SUM(M43) -> 0
K43: =IF(J43="",$M$2-H43,J43-H43) -> 43593
K44: =IF(J44="",$M$2-H44,J44-H44) -> 43593
A45: POKER D'AS 2 | B45: Maîtrise de l'énergie | E45: 15485 | F45: 15485 | H45: 42761 | I45: en attente | K45: =IF(J45="",$M$2-H45,J45-H45) -> 832 | L45: =IF(I45="en attente",F45,"") -> 15485 | M45: =IF(H45="",F45-I45,0) -> 0
A46: FANFAN | B46: Maîtrise de l'énergie | E46: 24894 | F46: 24894 | H46: 42830 | I46: en attente | K46: =IF(J46="",$M$2-H46,J46-H46) -> 763 | L46: =IF(I46="en attente",F46,"") -> 24894 | M46: =IF(H46="",F46-I46,0) -> 0
A47: PIVET VELIN | B47: Maîtrise de l'énergie | E47: 17350 | F47: 17350 | H47: 43188 | I47: en attente | K47: =IF(J47="",$M$2-H47,J47-H47) -> 405 | L47: =IF(I47="en attente",F47,"") -> 17350 | M47: =IF(H47="",F47-I47,0) -> 0
A48: ILOT 5.6 (FAHAM) | B48: Maîtrise de l'énergie | E48: =12414 -> 12414 | F48: =+E48 -> 12414 | H48: 43453 | I48: en attente | K48: =IF(J48="",$M$2-H48,J48-H48) -> 140 | L48: =IF(I48="en attente",F48,"") -> 12414 | M48: =IF(H48="",F48-I48,0) -> 0
A49: ILOT 6.1 (FLEURS JAUNES) | B49: Maîtrise de l'énergie | E49: 9265 | F49: =+E49 -> 9265 | H49: 43451 | I49: en attente | K49: =IF(J49="",$M$2-H49,J49-H49) -> 142 | L49: =IF(I49="en attente",F49,"") -> 9265 | M49: =IF(H49="",F49-I49,0) -> 0 | N49: manque DGD Hoareau Plafond / pb épaisseur isolant
A50: VERVEINES DES INDES (ILOT 5.1) | B50: Maîtrise de l'énergie | E50: =5055*1.085 -> 5484.675 | F50: 5484.675 | H50: 43060 | I50: 4438 | J50: 43474 | K50: =IF(J50="",$M$2-H50,J50-H50) -> 414 | L50: =IF(I50="en attente",F50,"") | M50: =IF(H50="",F50-I50,0) -> 0 | N50: Payé au pororata des travaux réalisés | P50: =F50-I50 -> 1046.675
A51: ILOT 6.2 (18 LLTS) | B51: Maîtrise de l'énergie | E51: =8336*1.085 -> 9044.56 | F51: 9044.56 | K51: =IF(J51="",$M$2-H51,J51-H51) -> 43593 | L51: =IF(I51="en attente",F51,"") | M51: =IF(H51="",F51-I51,0) -> 9044.56
A52: PLAINE ST PAUL (18 LLTS) | B52: Maîtrise de l'énergie | E52: =11840*1.085 -> 12846.4 | F52: 12846.4 | H52: 43411 | I52: en attente | K52: =IF(J52="",$M$2-H52,J52-H52) -> 182 | L52: =IF(I52="en attente",F52,"") -> 12846.4 | M52: =IF(H52="",F52-I52,0) -> 0 | N52: manque DGD SMOI
A53: MANAPANY LES BAINS | B53: Maîtrise de l'énergie | E53: =20936*1.085 -> 22715.56 | F53: 22715.56 | K53: =IF(J53="",$M$2-H53,J53-H53) -> 43593 | L53: =IF(I53="en attente",F53,"") | M53: =IF(H53="",F53-I53,0) -> 22715.56
A54: AMATA | B54: Maîtrise de l'énergie | E54: =66468*1.085 -> 72117.78 | F54: 72117.78 | K54: =IF(J54="",$M$2-H54,J54-H54) -> 43593 | L54: =IF(I54="en attente",F54,"") | M54: =IF(H54="",F54-I54,0) -> 72117.78
A55: LACAUSSADE 3 | B55: Maîtrise de l'énergie | E55: =10836*1.085 -> 11757.06 | F55: 11757.06 | H55: 43516 | I55: en attente | K55: =IF(J55="",$M$2-H55,J55-H55) -> 77 | L55: =IF(I55="en attente",F55,"") -> 11757.06 | M55: =IF(H55="",F55-I55,0) -> 0 | N55: manque DGD SOREPLAC / PG ROBERT / DOE SOREPLAC / levée de réserves
A56: CD 61 | B56: Maîtrise de l'énergie | E56: =60104*1.085 -> 65212.84 | F56: 65212.84 | K56: =IF(J56="",$M$2-H56,J56-H56) -> 43593 | L56: =IF(I56="en attente",F56,"") | M56: =IF(H56="",F56-I56,0) -> 65212.84
A57: RPA ST PHILIPPE | B57: Maîtrise de l'énergie | E57: =21616*1.085 -> 23453.36 | F57: 23453.36 | K57: =IF(J57="",$M$2-H57,J57-H57) -> 43593 | L57: =IF(I57="en attente",F57,"") | M57: =IF(H57="",F57-I57,0) -> 23453.36
A58: LES PLATANES (28 LLTS) | B58: Maîtrise de l'énergie | E58: =68840*1.085 -> 74691.4 | F58: =E58 -> 74691.4 | K58: =IF(J58="",$M$2-H58,J58-H58) -> 43593 | L58: =IF(I58="en attente",F58,"") | M58: =IF(H58="",F58-I58,0) -> 74691.4
A59: HORTENSIAS (22 LLTS) | B59: Maîtrise de l'énergie | E59: =14823*1.085 -> 16082.955 | F59: =E59 -> 16082.955 | K59: =IF(J59="",$M$2-H59,J59-H59) -> 43593 | L59: =IF(I59="en attente",F59,"") | M59: =IF(H59="",F59-I59,0) -> 16082.955 | N59: ANNULE
A60: PALISSANDRE (30 LLS) | B60: Maîtrise de l'énergie | E60: =47790*1.085 -> 51852.15 | F60: =E60 -> 51852.15 | L60: =IF(I60="en attente",F60,"") | M60: =IF(H60="",F60-I60,0) -> 51852.15
A61: LES FOURRAGERES (21 LLTS) | B61: Partenariat Efficacité Energétique | E61: =49964*1.085 -> 54210.94 | F61: =E61 -> 54210.94 | L61: =IF(I61="en attente",F61,"") | M61: =IF(H61="",F61-I61,0) -> 54210.94
A62: LES KAKIS (35 LLTS) | B62: convention signée SODEGIS | E62: =98780*1.085 -> 107176.3 | F62: =E62 -> 107176.3 | L62: =IF(I62="en attente",F62,"") | M62: =IF(H62="",F62-I62,0) -> 107176.3
A63: CALIFORNIE (24 LLTS) | B63: convention signée SODEGIS | E63: =43630*1.085 -> 47338.55 | F63: =E63 -> 47338.55 | L63: =IF(I63="en attente",F63,"") | M63: =IF(H63="",F63-I63,0) -> 47338.55
A64: OPALE (17 LLS)
A65: COCO TURPIN (39 LLS) | B65: envoyer éléments
A66: INDIGO TR.1 (84 LLTS)
A67: INDIGO TR.2 (22 LLS)
A68: DAKOTA (26 LLTS)
A69: RPA DU PARC (40 LLTS)
A70: BRAS DE LA PLAINE
A72: REHABILITATION
A73: HUBERT DELISLE (74 LLS) | B73: Maîtrise de l'énergie | E73: =50436*1.085 -> 54723.06 | F73: =E73 -> 54723.06 | L73: =IF(I73="en attente",F73,"") | M73: =IF(H73="",F73-I73,0) -> 54723.06
A74: CARAMBOLES (6 LLS)
A75: BRAS DES ETANGS (31 LLS)
A76: 100 MARCHES (10 LLS)
A77: CITRONNELLES (45 LLS)
A78: POINSETIAS (31 LLS)
A79: BELLEVUE (128 LLS)
A80: CANAL LILIS (23 LLS)
A81: LA CURE 1
A82: LA CURE 2
E84: =SUM(E6:E81) -> 2197461.4 | F84: =SUMPRODUCT((DateAF_EDF<>"")*MontantAF_EDF) -> 1305059.4 | I84: =SUM(MtntPaye_EDF) -> 1009076.5 | L84: =SUM(L6:L81) -> 294933.79 | M84: =SUM(M6:M81) -> 715764.07
L85: =SUM(L84:M84) -> 1010697.9
F87: APPELE | I87: PAYE | L87: APPELE | M87: PAYE
E88: 42430 | F88: =SUMPRODUCT((DateAF_EDF<>"")*(MONTH(DateAF_EDF)=MONTH(E88))*(YEAR(DateAF_EDF)=YEAR(E88))*MontantAF_EDF) -> 51875.6 | H88: 42430 | I88: =SUMPRODUCT((DatePmt_EDF<>"")*(DatePmt_EDF<>"en attente")*(MONTH(DatePmt_EDF)=MONTH(H88))*(YEAR(DatePmt_EDF)=YEAR(H88))*(ISNUMBER(MtntPaye_EDF)),MtntPaye_EDF) -> 0 | K88: 2016 | L88: =SUMPRODUCT((YEAR($E$88:$E$103)=K88)*($F$88:$F$103)) -> 236124.36 | M88: =SUMPRODUCT((YEAR($H$88:$H$103)=K88)*($I$88:$I$103)) -> 51875.6
E89: 42491 | F89: =SUMPRODUCT((DateAF_EDF<>"")*(MONTH(DateAF_EDF)=MONTH(E89))*(YEAR(DateAF_EDF)=YEAR(E89))*MontantAF_EDF) -> 0 | H89: 42491 | I89: =SUMPRODUCT((DatePmt_EDF<>"")*(DatePmt_EDF<>"en attente")*(MONTH(DatePmt_EDF)=MONTH(H89))*(YEAR(DatePmt_EDF)=YEAR(H89))*(ISNUMBER(MtntPaye_EDF)),MtntPaye_EDF) -> 51875.6 | K89: 2017 | L89: =SUMPRODUCT((YEAR($E$88:$E$103)=K89)*($F$88:$F$103)) -> 495438.09 | M89: =SUMPRODUCT((YEAR($H$88:$H$103)=K89)*($I$88:$I$103)) -> 281461.53
E90: 42644 | F90: =SUMPRODUCT((DateAF_EDF<>"")*(MONTH(DateAF_EDF)=MONTH(E90))*(YEAR(DateAF_EDF)=YEAR(E90))*MontantAF_EDF) -> 154658.39 | H90: 42644 | I90: =SUMPRODUCT((DatePmt_EDF<>"")*(DatePmt_EDF<>"en attente")*(MONTH(DatePmt_EDF)=MONTH(H90))*(YEAR(DatePmt_EDF)=YEAR(H90))*(ISNUMBER(MtntPaye_EDF)),MtntPaye_EDF) -> 0 | K90: 2018 | L90: =SUMPRODUCT((YEAR($E$88:$E$127)=K90)*($F$88:$F$127)) -> 435832.06 | M90: =SUMPRODUCT((YEAR($H$88:$H$127)=K90)*($I$88:$I$127)) -> 310341.91
E91: 42705 | F91: =SUMPRODUCT((DateAF_EDF<>"")*(MONTH(DateAF_EDF)=MONTH(E91))*(YEAR(DateAF_EDF)=YEAR(E91))*MontantAF_EDF) -> 29590.37 | H91: 42705 | I91: =SUMPRODUCT((DatePmt_EDF<>"")*(DatePmt_EDF<>"en attente")*(MONTH(DatePmt_EDF)=MONTH(H91))*(YEAR(DatePmt_EDF)=YEAR(H91))*(ISNUMBER(MtntPaye_EDF)),MtntPaye_EDF) -> 0 | K91: 2019 | L91: =SUMPRODUCT((YEAR($E$88:$E$127)=K91)*($F$88:$F$127)) -> 137664.93 | M91: =SUMPRODUCT((YEAR($H$88:$H$127)=K91)*($I$88:$I$127)) -> 365397.43
E92: 42736 | F92: =SUMPRODUCT((DateAF_EDF<>"")*(MONTH(DateAF_EDF)=MONTH(E92))*(YEAR(DateAF_EDF)=YEAR(E92))*MontantAF_EDF) -> 78665.91 | H92: 42736 | I92: =SUMPRODUCT((DatePmt_EDF<>"")*(DatePmt_EDF<>"en attente")*(MONTH(DatePmt_EDF)=MONTH(H92))*(YEAR(DatePmt_EDF)=YEAR(H92))*(ISNUMBER(MtntPaye_EDF)),MtntPaye_EDF) -> 0 | L92: =SUM(L88:L91) -> 1305059.4 | M92: =SUM(M88:M91) -> 1009076.5
E93: 42767 | F93: =SUMPRODUCT((DateAF_EDF<>"")*(MONTH(DateAF_EDF)=MONTH(E93))*(YEAR(DateAF_EDF)=YEAR(E93))*MontantAF_EDF) -> 58548.7 | H93: 42767 | I93: =SUMPRODUCT((DatePmt_EDF<>"")*(DatePmt_EDF<>"en attente")*(MONTH(DatePmt_EDF)=MONTH(H93))*(YEAR(DatePmt_EDF)=YEAR(H93))*(ISNUMBER(MtntPaye_EDF)),MtntPaye_EDF) -> 0 | L93: =+L92-F128 -> 0 | M93: =+M92-I128 -> 0
E94: 42795 | F94: =SUMPRODUCT((DateAF_EDF<>"")*(MONTH(DateAF_EDF)=MONTH(E94))*(YEAR(DateAF_EDF)=YEAR(E94))*MontantAF_EDF) -> 17009.03 | H94: 42795 | I94: =SUMPRODUCT((DatePmt_EDF<>"")*(DatePmt_EDF<>"en attente")*(MONTH(DatePmt_EDF)=MONTH(H94))*(YEAR(DatePmt_EDF)=YEAR(H94))*(ISNUMBER(MtntPaye_EDF)),MtntPaye_EDF) -> 28319.18
E95: 42826 | F95: =SUMPRODUCT((DateAF_EDF<>"")*(MONTH(DateAF_EDF)=MONTH(E95))*(YEAR(DateAF_EDF)=YEAR(E95))*MontantAF_EDF) -> 118005.2 | H95: 42826 | I95: =SUMPRODUCT((DatePmt_EDF<>"")*(DatePmt_EDF<>"en attente")*(MONTH(DatePmt_EDF)=MONTH(H95))*(YEAR(DatePmt_EDF)=YEAR(H95))*(ISNUMBER(MtntPaye_EDF)),MtntPaye_EDF) -> 76418.29
E96: 42856 | F96: =SUMPRODUCT((DateAF_EDF<>"")*(MONTH(DateAF_EDF)=MONTH(E96))*(YEAR(DateAF_EDF)=YEAR(E96))*MontantAF_EDF) -> 0 | H96: 42856 | I96: =SUMPRODUCT((DatePmt_EDF<>"")*(DatePmt_EDF<>"en attente")*(MONTH(DatePmt_EDF)=MONTH(H96))*(YEAR(DatePmt_EDF)=YEAR(H96))*(ISNUMBER(MtntPaye_EDF)),MtntPaye_EDF) -> 17009.03
E97: 42887 | F97: =SUMPRODUCT((DateAF_EDF<>"")*(MONTH(DateAF_EDF)=MONTH(E97))*(YEAR(DateAF_EDF)=YEAR(E97))*MontantAF_EDF) -> 0 | H97: 42887 | I97: =SUMPRODUCT((DatePmt_EDF<>"")*(DatePmt_EDF<>"en attente")*(MONTH(DatePmt_EDF)=MONTH(H97))*(YEAR(DatePmt_EDF)=YEAR(H97))*(ISNUMBER(MtntPaye_EDF)),MtntPaye_EDF) -> 93111.2
E98: 42917 | F98: =SUMPRODUCT((DateAF_EDF<>"")*(MONTH(DateAF_EDF)=MONTH(E98))*(YEAR(DateAF_EDF)=YEAR(E98))*MontantAF_EDF) -> 0 | H98: 42917 | I98: =SUMPRODUCT((DatePmt_EDF<>"")*(DatePmt_EDF<>"en attente")*(MONTH(DatePmt_EDF)=MONTH(H98))*(YEAR(DatePmt_EDF)=YEAR(H98))*(ISNUMBER(MtntPaye_EDF)),MtntPaye_EDF) -> 0
E99: 42948 | F99: =SUMPRODUCT((DateAF_EDF<>"")*(MONTH(DateAF_EDF)=MONTH(E99))*(YEAR(DateAF_EDF)=YEAR(E99))*MontantAF_EDF) -> 37303.18 | H99: 42948 | I99: =SUMPRODUCT((DatePmt_EDF<>"")*(DatePmt_EDF<>"en attente")*(MONTH(DatePmt_EDF)=MONTH(H99))*(YEAR(DatePmt_EDF)=YEAR(H99))*(ISNUMBER(MtntPaye_EDF)),MtntPaye_EDF) -> 0
E100: 42979 | F100: =SUMPRODUCT((DateAF_EDF<>"")*(MONTH(DateAF_EDF)=MONTH(E100))*(YEAR(DateAF_EDF)=YEAR(E100))*MontantAF_EDF) -> 0 | H100: 42979 | I100: =SUMPRODUCT((DatePmt_EDF<>"")*(DatePmt_EDF<>"en attente")*(MONTH(DatePmt_EDF)=MONTH(H100))*(YEAR(DatePmt_EDF)=YEAR(H100))*(ISNUMBER(MtntPaye_EDF)),MtntPaye_EDF) -> 66603.83
E101: 43009 | F101: =SUMPRODUCT((DateAF_EDF<>"")*(MONTH(DateAF_EDF)=MONTH(E101))*(YEAR(DateAF_EDF)=YEAR(E101))*MontantAF_EDF) -> 0 | H101: 43009 | I101: =SUMPRODUCT((DatePmt_EDF<>"")*(DatePmt_EDF<>"en attente")*(MONTH(DatePmt_EDF)=MONTH(H101))*(YEAR(DatePmt_EDF)=YEAR(H101))*(ISNUMBER(MtntPaye_EDF)),MtntPaye_EDF) -> 0
E102: 43040 | F102: =SUMPRODUCT((DateAF_EDF<>"")*(MONTH(DateAF_EDF)=MONTH(E102))*(YEAR(DateAF_EDF)=YEAR(E102))*MontantAF_EDF) -> 145586.16 | H102: 43040 | I102: =SUMPRODUCT((DatePmt_EDF<>"")*(DatePmt_EDF<>"en attente")*(MONTH(DatePmt_EDF)=MONTH(H102))*(YEAR(DatePmt_EDF)=YEAR(H102))*(ISNUMBER(MtntPaye_EDF)),MtntPaye_EDF) -> 0
E103: 43070 | F103: =SUMPRODUCT((DateAF_EDF<>"")*(MONTH(DateAF_EDF)=MONTH(E103))*(YEAR(DateAF_EDF)=YEAR(E103))*MontantAF_EDF) -> 40319.91 | H103: 43070 | I103: =SUMPRODUCT((DatePmt_EDF<>"")*(DatePmt_EDF<>"en attente")*(MONTH(DatePmt_EDF)=MONTH(H103))*(YEAR(DatePmt_EDF)=YEAR(H103))*(ISNUMBER(MtntPaye_EDF)),MtntPaye_EDF) -> 0
E104: 43101 | F104: =SUMPRODUCT((DateAF_EDF<>"")*(MONTH(DateAF_EDF)=MONTH(E104))*(YEAR(DateAF_EDF)=YEAR(E104))*MontantAF_EDF) -> 0 | H104: 43101 | I104: =SUMPRODUCT((DatePmt_EDF<>"")*(DatePmt_EDF<>"en attente")*(MONTH(DatePmt_EDF)=MONTH(H104))*(YEAR(DatePmt_EDF)=YEAR(H104))*(ISNUMBER(MtntPaye_EDF)),MtntPaye_EDF) -> 0
E105: 43132 | F105: =SUMPRODUCT((DateAF_EDF<>"")*(MONTH(DateAF_EDF)=MONTH(E105))*(YEAR(DateAF_EDF)=YEAR(E105))*MontantAF_EDF) -> 0 | H105: 43132 | I105: =SUMPRODUCT((DatePmt_EDF<>"")*(DatePmt_EDF<>"en attente")*(MONTH(DatePmt_EDF)=MONTH(H105))*(YEAR(DatePmt_EDF)=YEAR(H105))*(ISNUMBER(MtntPaye_EDF)),MtntPaye_EDF) -> 0
...

Sheet OFFICE DE L'EAU
A2: ETAT DES CREANCES : OFFICE DE L'EAU | L2: 42785
A4: Opération | B4: Libellé | C4: Signature | D4: BUDGET | E4: APPELS DE FONDS | K4: RESTE A PERCEVOIR
E5: Montant | F5: N° | G5: Date | H5: Payé | I5: Date | J5: Nbre js d'impayés | K5: A payer | L5: Non appelé
A6: RHI BUTTE CITRONNELLE | C6: 40203 | D6: 161331.72
A7: Eaux Usées | E7: 32266.34 | F7: 1 | G7: 40408 | H7: =+E7 -> 32266.34 | I7: 40449 | J7: =IF(I7="",$L$2-G7,I7-G7) -> 41 | K7: =IF(H7="en attente",E7,"") | L7: =IF(G7="",E7-H7,0) -> 0
E8: 129065.38 | F8: 2 | G8: 42292 | H8: 102373.48 | I8: 42341 | J8: =IF(I8="",$L$2-G8,I8-G8) -> 49 | K8: =+E8-H8 -> 26691.9 | L8: =IF(G8="",E8-H8,0) -> 0
K9: =IF(H9="en attente",E9,"") | L9: =IF(G9="",E9-H9,0) -> 0
A10: RHI BUTTE CITRONNELLE | C10: 40329 | D10: 189240.94 | K10: =IF(H10="en attente",E10,"") | L10: =IF(G10="",E10-H10,0) -> 0
A11: AEP | E11: 37848.19 | F11: 1 | G11: 40408 | H11: =+E11 -> 37848.19 | I11: 40449 | J11: =IF(I11="",$L$2-G11,I11-G11) -> 41 | K11: =IF(H11="en attente",E11,"") | L11: =IF(G11="",E11-H11,0) -> 0
E12: 151392.75 | F12: 2 | G12: 42292 | H12: 52579.55 | I12: 42353 | J12: =IF(I12="",$L$2-G12,I12-G12) -> 61 | K12: =+E12-H12 -> 98813.2 | L12: =IF(G12="",E12-H12,0) -> 0
K13: =IF(H13="en attente",E13,"") | L13: =IF(G13="",E13-H13,0) -> 0
K14: =IF(H14="en attente",E14,"") | L14: =IF(G14="",E14-H14,0) -> 0
D15: =SUM(D6:D14) -> 350572.66 | E15: =SUM(E7:E14) -> 350572.66 | H15: =SUM(H6:H14) -> 225067.56 | K15: =SUM(K6:K14) -> 125505.1 | L15: =SUM(L6:L14) -> 0
K16: =SUM(K15:L15) -> 125505.1
E18: APPELE | H18: PAYE | K18: APPELE | L18: PAYE
D19: 40408 | E19: =SUMPRODUCT((DateAF_EAU<>"")*(MONTH(DateAF_EAU)=MONTH(D19))*(YEAR(DateAF_EAU)=YEAR(D19))*MontantAF_EAU) -> 70114.53 | G19: 40408 | H19: =SUMPRODUCT((DatePmt_EAU<>"")*(DatePmt_EAU<>"en attente")*(MONTH(DatePmt_EAU)=MONTH(G19))*(YEAR(DatePmt_EAU)=YEAR(G19))*(ISNUMBER(MtntPaye_EAU)),MtntPaye_EAU) -> 0 | J19: 2010 | K19: =SUMPRODUCT((YEAR($D$19:$D$22)=J19)*($E$19:$E$22)) -> 70114.53 | L19: =SUMPRODUCT((YEAR($G$19:$G$22)=J19)*($H$19:$H$22)) -> 70114.53
D20: 40449 | E20: =SUMPRODUCT((DateAF_EAU<>"")*(MONTH(DateAF_EAU)=MONTH(D20))*(YEAR(DateAF_EAU)=YEAR(D20))*MontantAF_EAU) -> 0 | G20: 40449 | H20: =SUMPRODUCT((DatePmt_EAU<>"")*(DatePmt_EAU<>"en attente")*(MONTH(DatePmt_EAU)=MONTH(G20))*(YEAR(DatePmt_EAU)=YEAR(G20))*(ISNUMBER(MtntPaye_EAU)),MtntPaye_EAU) -> 70114.53 | J20: 2015 | K20: =SUMPRODUCT((YEAR($D$19:$D$22)=J20)*($E$19:$E$22)) -> 280458.13 | L20: =SUMPRODUCT((YEAR($G$19:$G$22)=J20)*($H$19:$H$22)) -> 154953.03
D21: 42292 | E21: =SUMPRODUCT((DateAF_EAU<>"")*(MONTH(DateAF_EAU)=MONTH(D21))*(YEAR(DateAF_EAU)=YEAR(D21))*MontantAF_EAU) -> 280458.13 | G21: 42292 | H21: =SUMPRODUCT((DatePmt_EAU<>"")*(DatePmt_EAU<>"en attente")*(MONTH(DatePmt_EAU)=MONTH(G21))*(YEAR(DatePmt_EAU)=YEAR(G21))*(ISNUMBER(MtntPaye_EAU)),MtntPaye_EAU) -> 0 | K21: =SUM(K19:K20) -> 350572.66 | L21: =SUM(L19:L20) -> 225067.56
D22: 42353 | E22: =SUMPRODUCT((DateAF_EAU<>"")*(MONTH(DateAF_EAU)=MONTH(D22))*(YEAR(DateAF_EAU)=YEAR(D22))*MontantAF_EAU) -> 0 | G22: 42353 | H22: =SUMPRODUCT((DatePmt_EAU<>"")*(DatePmt_EAU<>"en attente")*(MONTH(DatePmt_EAU)=MONTH(G22))*(YEAR(DatePmt_EAU)=YEAR(G22))*(ISNUMBER(MtntPaye_EAU)),MtntPaye_EAU) -> 154953.03 | K22: =+K21-E23 -> 0 | L22: =+L21-H23 -> 0
E23: =SUM(E19:E22) -> 350572.66 | H23: =SUM(H19:H22) -> 225067.56
E24: =+E23-E15 -> 0 | H24: =+H23-H15 -> 0

Sheet ETANG-SALE
A1: ETAT DES CREANCES : MAIRIE ETANG-SALE | L1: =TODAY() -> 43593
A3: Opération | B3: Libellé | C3: Signature | D3: BUDGET | E3: APPELS DE FONDS | K3: RESTE A PERCEVOIR
E4: Montant | F4: N° | G4: Date | H4: Payé | I4: Date | J4: Nbre js d'impayés | K4: A payer | L4: Non appelé
A5: RHI BUTTE CITRONNELLE | D5: 1085000
E6: 1085000 | F6: 1 | G6: 42074 | H6: 1085000 | I6: 42339 | J6: =I6-G6 -> 265 | K6: =+IF(G6="",0,E6-H6) -> 0 | L6: =IF(G6="",E6-H6,0) -> 0
K7: =+IF(G7="",0,E7-H7) -> 0 | L7: =IF(G7="",E7-H7,0) -> 0
A8: RHI BUTTE CITRONNELLE | E8: 542500 | F8: 1 | G8: 43157 | H8: en attente | K8: =+E8 -> 542500 | M8: Demandé par BBL
A9: Participat° Communale Validat° CRAC au 31/12/16
A10: RHI BUTTE CITRONNELLE | E10: 542500 | F10: 1 | G10: 43284 | H10: 542500 | I10: 43315 | K10: =+E10 -> 542500 | M10: Demandé par BBL
A11: Participat° Communale Validat° CRAC au 31/12/17
D12: =SUM(D5:D7) -> 1085000 | E12: =+E6 -> 1085000 | H12: =SUM(H5:H11) -> 1627500 | K12: =SUM(K8:K11) -> 1085000 | L12: =SUM(L5:L7) -> 0
K13: =SUM(K12:L12) -> 1085000

Sheet GLOBAL OPERATION
M1: 2018
A2: OPERATION | B2: FRAFU DEAL | C2: LBU REHAB | D2: LBU DEAL | E2: REGION | F2: RECTORAT | G2: ADEME | H2: PETITE ILE | I2: EDF | J2: ETANG-SALE | K2: ST JOSEPH | L2: TOTAL SUBVENTIONS | M2: FRAFU DEAL | N2: LBU REHAB | O2: LBU DEAL | P2: REGION | Q2: RECTORAT | R2: ADEME | S2: PETITE ILE | T2: EDF | U2: ETANG-SALE | V2: ST JOSEPH
A3: 100 MARCHES (10 LLS) | B3: =SUMPRODUCT((OP_FRAFU=A3)*(Bdgt_FRAFU)) -> 0 | C3: =SUMPRODUCT((OP_Rehab=A3)*(Bdgt_Rehab)) -> 18200 | D3: =SUMPRODUCT((OP_LBU=A3)*(Bdgt_LBU)) -> 0 | E3: =SUMPRODUCT((OP_Region=A3)*(Bdgt_Region)) -> 0 | F3: =SUMPRODUCT((OP_Rectorat=A3)*(Bdgt_Rectorat)) -> 0 | G3: =SUMPRODUCT((OP_ADEME=A3)*(Bdgt_ADEME)) -> 0 | H3: =SUMPRODUCT((OP_P_Ile=A3)*(Bdgt_P_Ile)) -> 0 | I3: =SUMPRODUCT((OP_EDF=A3)*(Bdgt_EDF)) -> 0 | J3: =SUMPRODUCT((OP_ETG_SALE=A3)*(Bdgt_ETG_SALE)) -> 0 | K3: =SUMPRODUCT((OP_ST_JO=A3)*(Bdgt_ST_JO)) -> 0 | L3: =SUM(B3:K3) -> 18200 | V3: =SUMPRODUCT((OP_ST_JO=A3)*(DatePmt_ST_JOSEPH<>"")*(DatePmt_ST_JOSEPH<>"en attente")*(YEAR(DatePmt_ST_JOSEPH)=YEAR(M1))*(ISNUMBER(MtntPaye_ST_JOSEPH)),MtntPaye_ST_JOSEPH) -> 0
A4: AMATA | B4: =SUMPRODUCT((OP_FRAFU=A4)*(Bdgt_FRAFU)) -> 0 | C4: =SUMPRODUCT((OP_Rehab=A4)*(Bdgt_Rehab)) -> 0 | D4: =SUMPRODUCT((OP_LBU=A4)*(Bdgt_LBU)) -> 672000 | E4: =SUMPRODUCT((OP_Region=A4)*(Bdgt_Region)) -> 0 | F4: =SUMPRODUCT((OP_Rectorat=A4)*(Bdgt_Rectorat)) -> 0 | G4: =SUMPRODUCT((OP_ADEME=A4)*(Bdgt_ADEME)) -> 0 | H4: =SUMPRODUCT((OP_P_Ile=A4)*(Bdgt_P_Ile)) -> 0 | I4: =SUMPRODUCT((OP_EDF=A4)*(Bdgt_EDF)) -> 164216.23 | J4: =SUMPRODUCT((OP_ETG_SALE=A4)*(Bdgt_ETG_SALE)) -> 0 | K4: =SUMPRODUCT((OP_ST_JO=A4)*(Bdgt_ST_JO)) -> 0 | L4: =SUM(B4:K4) -> 836216.23 | V4: =SUMPRODUCT((OP_ST_JO=A4)*(DatePmt_ST_JOSEPH<>"")*(DatePmt_ST_JOSEPH<>"en attente")*(YEAR(DatePmt_ST_JOSEPH)=YEAR(M2))*(ISNUMBER(MtntPaye_ST_JOSEPH)),MtntPaye_ST_JOSEPH) -> #VALUE!
A5: BARRAGE | B5: =SUMPRODUCT((OP_FRAFU=A5)*(Bdgt_FRAFU)) -> 2200000 | C5: =SUMPRODUCT((OP_Rehab=A5)*(Bdgt_Rehab)) -> 0 | D5: =SUMPRODUCT((OP_LBU=A5)*(Bdgt_LBU)) -> 1245001 | E5: =SUMPRODUCT((OP_Region=A5)*(Bdgt_Region)) -> 0 | F5: =SUMPRODUCT((OP_Rectorat=A5)*(Bdgt_Rectorat)) -> 0 | G5: =SUMPRODUCT((OP_ADEME=A5)*(Bdgt_ADEME)) -> 0 | H5: =SUMPRODUCT((OP_P_Ile=A5)*(Bdgt_P_Ile)) -> 0 | I5: =SUMPRODUCT((OP_EDF=A5)*(Bdgt_EDF)) -> 0 | J5: =SUMPRODUCT((OP_ETG_SALE=A5)*(Bdgt_ETG_SALE)) -> 0 | K5: =SUMPRODUCT((OP_ST_JO=A5)*(Bdgt_ST_JO)) -> 0 | L5: =SUM(B5:K5) -> 3445001 | V5: =SUMPRODUCT((OP_ST_JO=A5)*(DatePmt_ST_JOSEPH<>"")*(DatePmt_ST_JOSEPH<>"en attente")*(YEAR(DatePmt_ST_JOSEPH)=YEAR(M3))*(ISNUMBER(MtntPaye_ST_JOSEPH)),MtntPaye_ST_JOSEPH) -> 0
A6: BELLEVUE (128 LLS) | B6: =SUMPRODUCT((OP_FRAFU=A6)*(Bdgt_FRAFU)) -> 0 | C6: =SUMPRODUCT((OP_Rehab=A6)*(Bdgt_Rehab)) -> 655705.56 | D6: =SUMPRODUCT((OP_LBU=A6)*(Bdgt_LBU)) -> 0 | E6: =SUMPRODUCT((OP_Region=A6)*(Bdgt_Region)) -> 0 | F6: =SUMPRODUCT((OP_Rectorat=A6)*(Bdgt_Rectorat)) -> 0 | G6: =SUMPRODUCT((OP_ADEME=A6)*(Bdgt_ADEME)) -> 0 | H6: =SUMPRODUCT((OP_P_Ile=A6)*(Bdgt_P_Ile)) -> 0 | I6: =SUMPRODUCT((OP_EDF=A6)*(Bdgt_EDF)) -> 0 | J6: =SUMPRODUCT((OP_ETG_SALE=A6)*(Bdgt_ETG_SALE)) -> 0 | K6: =SUMPRODUCT((OP_ST_JO=A6)*(Bdgt_ST_JO)) -> 0 | L6: =SUM(B6:K6) -> 655705.56 | V6: =SUMPRODUCT((OP_ST_JO=A6)*(DatePmt_ST_JOSEPH<>"")*(DatePmt_ST_JOSEPH<>"en attente")*(YEAR(DatePmt_ST_JOSEPH)=YEAR(M4))*(ISNUMBER(MtntPaye_ST_JOSEPH)),MtntPaye_ST_JOSEPH) -> 0
A7: BOUGAINVILLEES ( 26 LLS) | B7: =SUMPRODUCT((OP_FRAFU=A7)*(Bdgt_FRAFU)) -> 0 | C7: =SUMPRODUCT((OP_Rehab=A7)*(Bdgt_Rehab)) -> 47320 | D7: =SUMPRODUCT((OP_LBU=A7)*(Bdgt_LBU)) -> 0 | E7: =SUMPRODUCT((OP_Region=A7)*(Bdgt_Region)) -> 0 | F7: =SUMPRODUCT((OP_Rectorat=A7)*(Bdgt_Rectorat)) -> 0 | G7: =SUMPRODUCT((OP_ADEME=A7)*(Bdgt_ADEME)) -> 0 | H7: =SUMPRODUCT((OP_P_Ile=A7)*(Bdgt_P_Ile)) -> 0 | I7: =SUMPRODUCT((OP_EDF=A7)*(Bdgt_EDF)) -> 0 | J7: =SUMPRODUCT((OP_ETG_SALE=A7)*(Bdgt_ETG_SALE)) -> 0 | K7: =SUMPRODUCT((OP_ST_JO=A7)*(Bdgt_ST_JO)) -> 0 | L7: =SUM(B7:K7) -> 47320 | V7: =SUMPRODUCT((OP_ST_JO=A7)*(DatePmt_ST_JOSEPH<>"")*(DatePmt_ST_JOSEPH<>"en attente")*(YEAR(DatePmt_ST_JOSEPH)=YEAR(M5))*(ISNUMBER(MtntPaye_ST_JOSEPH)),MtntPaye_ST_JOSEPH) -> 0
A8: BRAS DE LA PLAINE (18 LLTS) | B8: =SUMPRODUCT((OP_FRAFU=A8)*(Bdgt_FRAFU)) -> 0 | C8: =SUMPRODUCT((OP_Rehab=A8)*(Bdgt_Rehab)) -> 0 | D8: =SUMPRODUCT((OP_LBU=A8)*(Bdgt_LBU)) -> 270000 | E8: =SUMPRODUCT((OP_Region=A8)*(Bdgt_Region)) -> 0 | F8: =SUMPRODUCT((OP_Rectorat=A8)*(Bdgt_Rectorat)) -> 0 | G8: =SUMPRODUCT((OP_ADEME=A8)*(Bdgt_ADEME)) -> 0 | H8: =SUMPRODUCT((OP_P_Ile=A8)*(Bdgt_P_Ile)) -> 0 | I8: =SUMPRODUCT((OP_EDF=A8)*(Bdgt_EDF)) -> 0 | J8: =SUMPRODUCT((OP_ETG_SALE=A8)*(Bdgt_ETG_SALE)) -> 0 | K8: =SUMPRODUCT((OP_ST_JO=A8)*(Bdgt_ST_JO)) -> 0 | L8: =SUM(B8:K8) -> 270000 | V8: =SUMPRODUCT((OP_ST_JO=A8)*(DatePmt_ST_JOSEPH<>"")*(DatePmt_ST_JOSEPH<>"en attente")*(YEAR(DatePmt_ST_JOSEPH)=YEAR(M6))*(ISNUMBER(MtntPaye_ST_JOSEPH)),MtntPaye_ST_JOSEPH) -> 0
A9: BRAS DES ETANGS (31 LLS) | B9: =SUMPRODUCT((OP_FRAFU=A9)*(Bdgt_FRAFU)) -> 0 | C9: =SUMPRODUCT((OP_Rehab=A9)*(Bdgt_Rehab)) -> 401760 | D9: =SUMPRODUCT((OP_LBU=A9)*(Bdgt_LBU)) -> 0 | E9: =SUMPRODUCT((OP_Region=A9)*(Bdgt_Region)) -> 0 | F9: =SUMPRODUCT((OP_Rectorat=A9)*(Bdgt_Rectorat)) -> 0 | G9: =SUMPRODUCT((OP_ADEME=A9)*(Bdgt_ADEME)) -> 0 | H9: =SUMPRODUCT((OP_P_Ile=A9)*(Bdgt_P_Ile)) -> 0 | I9: =SUMPRODUCT((OP_EDF=A9)*(Bdgt_EDF)) -> 0 | J9: =SUMPRODUCT((OP_ETG_SALE=A9)*(Bdgt_ETG_SALE)) -> 0 | K9: =SUMPRODUCT((OP_ST_JO=A9)*(Bdgt_ST_JO)) -> 0 | L9: =SUM(B9:K9) -> 401760 | V9: =SUMPRODUCT((OP_ST_JO=A9)*(DatePmt_ST_JOSEPH<>"")*(DatePmt_ST_JOSEPH<>"en attente")*(YEAR(DatePmt_ST_JOSEPH)=YEAR(M7))*(ISNUMBER(MtntPaye_ST_JOSEPH)),MtntPaye_ST_JOSEPH) -> 0
A10: CALIFORNIE (24 LLTS) | B10: =SUMPRODUCT((OP_FRAFU=A10)*(Bdgt_FRAFU)) -> 0 | C10: =SUMPRODUCT((OP_Rehab=A10)*(Bdgt_Rehab)) -> 0 | D10: =SUMPRODUCT((OP_LBU=A10)*(Bdgt_LBU)) -> 480000 | E10: =SUMPRODUCT((OP_Region=A10)*(Bdgt_Region)) -> 0 | F10: =SUMPRODUCT((OP_Rectorat=A10)*(Bdgt_Rectorat)) -> 0 | G10: =SUMPRODUCT((OP_ADEME=A10)*(Bdgt_ADEME)) -> 0 | H10: =SUMPRODUCT((OP_P_Ile=A10)*(Bdgt_P_Ile)) -> 0 | I10: =SUMPRODUCT((OP_EDF=A10)*(Bdgt_EDF)) -> 47338.55 | J10: =SUMPRODUCT((OP_ETG_SALE=A10)*(Bdgt_ETG_SALE)) -> 0 | K10: =SUMPRODUCT((OP_ST_JO=A10)*(Bdgt_ST_JO)) -> 0 | L10: =SUM(B10:K10) -> 527338.55 | V10: =SUMPRODUCT((OP_ST_JO=A10)*(DatePmt_ST_JOSEPH<>"")*(DatePmt_ST_JOSEPH<>"en attente")*(YEAR(DatePmt_ST_JOSEPH)=YEAR(M8))*(ISNUMBER(MtntPaye_ST_JOSEPH)),MtntPaye_ST_JOSEPH) -> 0
A11: CANAL LILIS (23 LLS) | B11: =SUMPRODUCT((OP_FRAFU=A11)*(Bdgt_FRAFU)) -> 0 | C11: =SUMPRODUCT((OP_Rehab=A11)*(Bdgt_Rehab)) -> 115000 | D11: =SUMPRODUCT((OP_LBU=A11)*(Bdgt_LBU)) -> 0 | E11: =SUMPRODUCT((OP_Region=A11)*(Bdgt_Region)) -> 0 | F11: =SUMPRODUCT((OP_Rectorat=A11)*(Bdgt_Rectorat)) -> 0 | G11: =SUMPRODUCT((OP_ADEME=A11)*(Bdgt_ADEME)) -> 0 | H11: =SUMPRODUCT((OP_P_Ile=A11)*(Bdgt_P_Ile)) -> 0 | I11: =SUMPRODUCT((OP_EDF=A11)*(Bdgt_EDF)) -> 0 | J11: =SUMPRODUCT((OP_ETG_SALE=A11)*(Bdgt_ETG_SALE)) -> 0 | K11: =SUMPRODUCT((OP_ST_JO=A11)*(Bdgt_ST_JO)) -> 0 | L11: =SUM(B11:K11) -> 115000 | V11: =SUMPRODUCT((OP_ST_JO=A11)*(DatePmt_ST_JOSEPH<>"")*(DatePmt_ST_JOSEPH<>"en attente")*(YEAR(DatePmt_ST_JOSEPH)=YEAR(M9))*(ISNUMBER(MtntPaye_ST_JOSEPH)),MtntPaye_ST_JOSEPH) -> 0
A12: CANNELLE (30 LLTS) | B12: =SUMPRODUCT((OP_FRAFU=A12)*(Bdgt_FRAFU)) -> 0 | C12: =SUMPRODUCT((OP_Rehab=A12)*(Bdgt_Rehab)) -> 0 | D12: =SUMPRODUCT((OP_LBU=A12)*(Bdgt_LBU)) -> 780000 | E12: =SUMPRODUCT((OP_Region=A12)*(Bdgt_Region)) -> 0 | F12: =SUMPRODUCT((OP_Rectorat=A12)*(Bdgt_Rectorat)) -> 0 | G12: =SUMPRODUCT((OP_ADEME=A12)*(Bdgt_ADEME)) -> 0 | H12: =SUMPRODUCT((OP_P_Ile=A12)*(Bdgt_P_Ile)) -> 0 | I12: =SUMPRODUCT((OP_EDF=A12)*(Bdgt_EDF)) -> 0 | J12: =SUMPRODUCT((OP_ETG_SALE=A12)*(Bdgt_ETG_SALE)) -> 0 | K12: =SUMPRODUCT((OP_ST_JO=A12)*(Bdgt_ST_JO)) -> 0 | L12: =SUM(B12:K12) -> 780000 | V12: =SUMPRODUCT((OP_ST_JO=A12)*(DatePmt_ST_JOSEPH<>"")*(DatePmt_ST_JOSEPH<>"en attente")*(YEAR(DatePmt_ST_JOSEPH)=YEAR(M10))*(ISNUMBER(MtntPaye_ST_JOSEPH)),MtntPaye_ST_JOSEPH) -> 0
A13: CARAMBOLES (6 LLS) | B13: =SUMPRODUCT((OP_FRAFU=A13)*(Bdgt_FRAFU)) -> 0 | C13: =SUMPRODUCT((OP_Rehab=A13)*(Bdgt_Rehab)) -> 10920 | D13: =SUMPRODUCT((OP_LBU=A13)*(Bdgt_LBU)) -> 0 | E13: =SUMPRODUCT((OP_Region=A13)*(Bdgt_Region)) -> 0 | F13: =SUMPRODUCT((OP_Rectorat=A13)*(Bdgt_Rectorat)) -> 0 | G13: =SUMPRODUCT((OP_ADEME=A13)*(Bdgt_ADEME)) -> 0 | H13: =SUMPRODUCT((OP_P_Ile=A13)*(Bdgt_P_Ile)) -> 0 | I13: =SUMPRODUCT((OP_EDF=A13)*(Bdgt_EDF)) -> 0 | J13: =SUMPRODUCT((OP_ETG_SALE=A13)*(Bdgt_ETG_SALE)) -> 0 | K13: =SUMPRODUCT((OP_ST_JO=A13)*(Bdgt_ST_JO)) -> 0 | L13: =SUM(B13:K13) -> 10920 | V13: =SUMPRODUCT((OP_ST_JO=A13)*(DatePmt_ST_JOSEPH<>"")*(DatePmt_ST_JOSEPH<>"en attente")*(YEAR(DatePmt_ST_JOSEPH)=YEAR(M11))*(ISNUMBER(MtntPaye_ST_JOSEPH)),MtntPaye_ST_JOSEPH) -> 0
A14: CD 61 | B14: =SUMPRODUCT((OP_FRAFU=A14)*(Bdgt_FRAFU)) -> 0 | C14: =SUMPRODUCT((OP_Rehab=A14)*(Bdgt_Rehab)) -> 0 | D14: =SUMPRODUCT((OP_LBU=A14)*(Bdgt_LBU)) -> 900000 | E14: =SUMPRODUCT((OP_Region=A14)*(Bdgt_Region)) -> 0 | F14: =SUMPRODUCT((OP_Rectorat=A14)*(Bdgt_Rectorat)) -> 0 | G14: =SUMPRODUCT((OP_ADEME=A14)*(Bdgt_ADEME)) -> 9355 | H14: =SUMPRODUCT((OP_P_Ile=A14)*(Bdgt_P_Ile)) -> 0 | I14: =SUMPRODUCT((OP_EDF=A14)*(Bdgt_EDF)) -> 65212.84 | J14: =SUMPRODUCT((OP_ETG_SALE=A14)*(Bdgt_ETG_SALE)) -> 0 | K14: =SUMPRODUCT((OP_ST_JO=A14)*(Bdgt_ST_JO)) -> 0 | L14: =SUM(B14:K14) -> 974567.84 | V14: =SUMPRODUCT((OP_ST_JO=A14)*(DatePmt_ST_JOSEPH<>"")*(DatePmt_ST_JOSEPH<>"en attente")*(YEAR(DatePmt_ST_JOSEPH)=YEAR(M12))*(ISNUMBER(MtntPaye_ST_JOSEPH)),MtntPaye_ST_JOSEPH) -> 0
... A60: Z'AMBAVILLE | B60: =SUMPRODUCT((OP_FRAFU=A60)*(Bdgt_FRAFU)) -> 0 | C60: =SUMPRODUCT((OP_Rehab=A60)*(Bdgt_Rehab)) -> 0 | D60: =SUMPRODUCT((OP_LBU=A60)*(Bdgt_LBU)) -> 0 | E60: =SUMPRODUCT((OP_Region=A60)*(Bdgt_Region)) -> 0 | F60: =SUMPRODUCT((OP_Rectorat=A60)*(Bdgt_Rectorat)) -> 0 | G60: =SUMPRODUCT((OP_ADEME=A60)*(Bdgt_ADEME)) -> 0 | H60: =SUMPRODUCT((OP_P_Ile=A60)*(Bdgt_P_Ile)) -> 0 | I60: =SUMPRODUCT((OP_EDF=A60)*(Bdgt_EDF)) -> 27159.557 | J60: =SUMPRODUCT((OP_ETG_SALE=A60)*(Bdgt_ETG_SALE)) -> 0 | K60: =SUMPRODUCT((OP_ST_JO=A60)*(Bdgt_ST_JO)) -> 0 | L60: =SUM(B60:K60) -> 27159.557 | V60: =SUMPRODUCT((OP_ST_JO=A60)*(DatePmt_ST_JOSEPH<>"")*(DatePmt_ST_JOSEPH<>"en attente")*(YEAR(DatePmt_ST_JOSEPH)=YEAR(M58))*(ISNUMBER(MtntPaye_ST_JOSEPH)),MtntPaye_ST_JOSEPH) -> 0

Sheet ST JOSEPH
A1: ETAT DES CREANCES : MAIRIE ST JOSEPH | L1: =TODAY() -> 43593
A3: Opération | B3: Libellé | C3: Signature | D3: BUDGET | E3: APPELS DE FONDS | K3: RESTE A PERCEVOIR
E4: Montant | F4: N° | G4: Date | H4: Payé | I4: Date | J4: Nbre js d'impayés | K4: A payer | L4: Non appelé
A5: JOSEPHA FONTAINE | C5: 42068 | D5: 162750
B6: FRAFU | D6: 0.5 | E6: 81375 | F6: 1 | G6: 42401 | H6: 81375 | I6: 42415 | J6: =IF(I6="",$L$1-G6,I6-G6) -> 14 | K6: =IF(H6="en attente",E6,"") | L6: =IF(G6="",E6-H6,0) -> 0
D7: 0.5 | E7: 81375 | F7: 2 | G7: 43305 | H7: 81375 | I7: 43320 | K7: =IF(H7="en attente",E7,"") | L7: =IF(G7="",E7-H7,0) -> 0
A9: PARC A MOUTON | C9: 41338 | D9: 55743.18
B10: FRAFU | D10: 0.5 | E10: 27871.59 | F10: 1 | G10: 42599 | H10: 27871.59 | I10: 42615 | J10: =IF(I10="",$L$1-G10,I10-G10) -> 16 | K10: =IF(H10="en attente",E10,"") | L10: =IF(G10="",E10-H10,0) -> 0 | M10: 1er AF envoyé le 02/12/14.2ème envoi à la dde de la Mairie
D11: 0.5 | E11: 27871.59 | F11: 2 | G11: 43269 | H11: 27871.59 | I11: 43287 | K11: =IF(H11="en attente",E11,"") | L11: =IF(G11="",E11-H11,0) -> 0
L12: =IF(G12="",E12-H12,0) -> 0
A13: MANAPANY LES BAINS | C13: 42068 | D13: 292222.2 | L13: =IF(G13="",E13-H13,0) -> 0
B14: FRAFU | D14: 0.5 | E14: =D13/2 -> 146111.1 | F14: 1 | G14: 42935 | H14: 146111.1 | I14: 43178 | K14: =IF(H14="en attente",E14,"") | L14: =IF(G14="",E14-H14,0) -> 0
D15: 0.5 | E15: =D13/2 -> 146111.1 | F15: 2 | K15: =IF(H15="en attente",E15,"") | L15: =IF(G15="",E15-H15,0) -> 146111.1
D17: =D5+D9+D13 -> 510715.38 | E17: =SUMPRODUCT((DateAF_ST_JOSEPH<>"")*MontantAF_ST_JOSEPH) -> 364604.28 | H17: =SUM(H6:H16) -> 364604.28 | K17: =SUM(K6:K16) -> 0 | L17: =SUM(L5:L16) -> 146111.1
K18: =SUM(K17:L17) -> 146111.1
E20: APPELE | H20: PAYE | K20: APPELE | L20: PAYE
D21: 42401 | E21: =SUMPRODUCT((DateAF_ST_JOSEPH<>"")*(MONTH(DateAF_ST_JOSEPH)=MONTH(D21))*(YEAR(DateAF_ST_JOSEPH)=YEAR(D21))*MontantAF_ST_JOSEPH) -> 81375 | G21: 42401 | H21: =SUMPRODUCT((DatePmt_ST_JOSEPH<>"")*(DatePmt_ST_JOSEPH<>"en attente")*(MONTH(DatePmt_ST_JOSEPH)=MONTH(G21))*(YEAR(DatePmt_ST_JOSEPH)=YEAR(G21))*(ISNUMBER(MtntPaye_ST_JOSEPH)),MtntPaye_ST_JOSEPH) -> 81375 | J21: 2016 | K21: =SUMPRODUCT((YEAR($D$21:$D$35)=J21)*($E$21:$E$35)) -> 109246.59 | L21: =SUMPRODUCT((YEAR($G$21:$G$35)=J21)*($H$21:$H$35)) -> 109246.59
D22: 42599 | E22: =SUMPRODUCT((DateAF_ST_JOSEPH<>"")*(MONTH(DateAF_ST_JOSEPH)=MONTH(D22))*(YEAR(DateAF_ST_JOSEPH)=YEAR(D22))*MontantAF_ST_JOSEPH) -> 27871.59 | G22: 42599 | H22: =SUMPRODUCT((DatePmt_ST_JOSEPH<>"")*(DatePmt_ST_JOSEPH<>"en attente")*(MONTH(DatePmt_ST_JOSEPH)=MONTH(G22))*(YEAR(DatePmt_ST_JOSEPH)=YEAR(G22))*(ISNUMBER(MtntPaye_ST_JOSEPH)),MtntPaye_ST_JOSEPH) -> 0 | J22: 2017 | K22: =SUMPRODUCT((YEAR($D$21:$D$35)=J22)*($E$21:$E$35)) -> 146111.1 | L22: =SUMPRODUCT((YEAR($G$21:$G$35)=J22)*($H$21:$H$35)) -> 0
D23: 42615 | E23: =SUMPRODUCT((DateAF_ST_JOSEPH<>"")*(MONTH(DateAF_ST_JOSEPH)=MONTH(D23))*(YEAR(DateAF_ST_JOSEPH)=YEAR(D23))*MontantAF_ST_JOSEPH) -> 0 | G23: 42615 | H23: =SUMPRODUCT((DatePmt_ST_JOSEPH<>"")*(DatePmt_ST_JOSEPH<>"en attente")*(MONTH(DatePmt_ST_JOSEPH)=MONTH(G23))*(YEAR(DatePmt_ST_JOSEPH)=YEAR(G23))*(ISNUMBER(MtntPaye_ST_JOSEPH)),MtntPaye_ST_JOSEPH) -> 27871.59 | J23: 2018 | K23: =SUMPRODUCT((YEAR($D$21:$D$55)=J23)*($E$21:$E$55)) -> 109246.59 | L23: =SUMPRODUCT((YEAR($G$21:$G$55)=J23)*($H$21:$H$55)) -> 255357.69
D24: 42736 | E24: =SUMPRODUCT((DateAF_ST_JOSEPH<>"")*(MONTH(DateAF_ST_JOSEPH)=MONTH(D24))*(YEAR(DateAF_ST_JOSEPH)=YEAR(D24))*MontantAF_ST_JOSEPH) -> 0 | G24: 42736 | H24: =SUMPRODUCT((DatePmt_ST_JOSEPH<>"")*(DatePmt_ST_JOSEPH<>"en attente")*(MONTH(DatePmt_ST_JOSEPH)=MONTH(G24))*(YEAR(DatePmt_ST_JOSEPH)=YEAR(G24))*(ISNUMBER(MtntPaye_ST_JOSEPH)),MtntPaye_ST_JOSEPH) -> 0 | J24: 2019 | K24: =SUMPRODUCT((YEAR($D$21:$D$55)=J24)*($E$21:$E$55)) -> 0 | L24: =SUMPRODUCT((YEAR($G$21:$G$55)=J24)*($H$21:$H$55)) -> 0
D25: 42767 | E25: =SUMPRODUCT((DateAF_ST_JOSEPH<>"")*(MONTH(DateAF_ST_JOSEPH)=MONTH(D25))*(YEAR(DateAF_ST_JOSEPH)=YEAR(D25))*MontantAF_ST_JOSEPH) -> 0 | G25: 42767 | H25: =SUMPRODUCT((DatePmt_ST_JOSEPH<>"")*(DatePmt_ST_JOSEPH<>"en attente")*(MONTH(DatePmt_ST_JOSEPH)=MONTH(G25))*(YEAR(DatePmt_ST_JOSEPH)=YEAR(G25))*(ISNUMBER(MtntPaye_ST_JOSEPH)),MtntPaye_ST_JOSEPH) -> 0 | K25: =SUM(K21:K24) -> 364604.28 | L25: =SUM(L21:L24) -> 364604.28
D26: 42795 | E26: =SUMPRODUCT((DateAF_ST_JOSEPH<>"")*(MONTH(DateAF_ST_JOSEPH)=MONTH(D26))*(YEAR(DateAF_ST_JOSEPH)=YEAR(D26))*MontantAF_ST_JOSEPH) -> 0 | G26: 42795 | H26: =SUMPRODUCT((DatePmt_ST_JOSEPH<>"")*(DatePmt_ST_JOSEPH<>"en attente")*(MONTH(DatePmt_ST_JOSEPH)=MONTH(G26))*(YEAR(DatePmt_ST_JOSEPH)=YEAR(G26))*(ISNUMBER(MtntPaye_ST_JOSEPH)),MtntPaye_ST_JOSEPH) -> 0 | K26: =K25-E56 -> 0 | L26: =L25-H56 -> 0
D27: 42826 | E27: =SUMPRODUCT((DateAF_ST_JOSEPH<>"")*(MONTH(DateAF_ST_JOSEPH)=MONTH(D27))*(YEAR(DateAF_ST_JOSEPH)=YEAR(D27))*MontantAF_ST_JOSEPH) -> 0 | G27: 42826 | H27: =SUMPRODUCT((DatePmt_ST_JOSEPH<>"")*(DatePmt_ST_JOSEPH<>"en attente")*(MONTH(DatePmt_ST_JOSEPH)=MONTH(G27))*(YEAR(DatePmt_ST_JOSEPH)=YEAR(G27))*(ISNUMBER(MtntPaye_ST_JOSEPH)),MtntPaye_ST_JOSEPH) -> 0
D28: 42856 | E28: =SUMPRODUCT((DateAF_ST_JOSEPH<>"")*(MONTH(DateAF_ST_JOSEPH)=MONTH(D28))*(YEAR(DateAF_ST_JOSEPH)=YEAR(D28))*MontantAF_ST_JOSEPH) -> 0 | G28: 42856 | H28: =SUMPRODUCT((DatePmt_ST_JOSEPH<>"")*(DatePmt_ST_JOSEPH<>"en attente")*(MONTH(DatePmt_ST_JOSEPH)=MONTH(G28))*(YEAR(DatePmt_ST_JOSEPH)=YEAR(G28))*(ISNUMBER(MtntPaye_ST_JOSEPH)),MtntPaye_ST_JOSEPH) -> 0
D29: 42887 | E29: =SUMPRODUCT((DateAF_ST_JOSEPH<>"")*(MONTH(DateAF_ST_JOSEPH)=MONTH(D29))*(YEAR(DateAF_ST_JOSEPH)=YEAR(D29))*MontantAF_ST_JOSEPH) -> 0 | G29: 42887 | H29: =SUMPRODUCT((DatePmt_ST_JOSEPH<>"")*(DatePmt_ST_JOSEPH<>"en attente")*(MONTH(DatePmt_ST_JOSEPH)=MONTH(G29))*(YEAR(DatePmt_ST_JOSEPH)=YEAR(G29))*(ISNUMBER(MtntPaye_ST_JOSEPH)),MtntPaye_ST_JOSEPH) -> 0
D30: 42917 | E30: =SUMPRODUCT((DateAF_ST_JOSEPH<>"")*(MONTH(DateAF_ST_JOSEPH)=MONTH(D30))*(YEAR(DateAF_ST_JOSEPH)=YEAR(D30))*MontantAF_ST_JOSEPH) -> 146111.1 | G30: 42917 | H30: =SUMPRODUCT((DatePmt_ST_JOSEPH<>"")*(DatePmt_ST_JOSEPH<>"en attente")*(MONTH(DatePmt_ST_JOSEPH)=MONTH(G30))*(YEAR(DatePmt_ST_JOSEPH)=YEAR(G30))*(ISNUMBER(MtntPaye_ST_JOSEPH)),MtntPaye_ST_JOSEPH) -> 0
D31: 42948 | E31: =SUMPRODUCT((DateAF_ST_JOSEPH<>"")*(MONTH(DateAF_ST_JOSEPH)=MONTH(D31))*(YEAR(DateAF_ST_JOSEPH)=YEAR(D31))*MontantAF_ST_JOSEPH) -> 0 | G31: 42948 | H31: =SUMPRODUCT((DatePmt_ST_JOSEPH<>"")*(DatePmt_ST_JOSEPH<>"en attente")*(MONTH(DatePmt_ST_JOSEPH)=MONTH(G31))*(YEAR(DatePmt_ST_JOSEPH)=YEAR(G31))*(ISNUMBER(MtntPaye_ST_JOSEPH)),MtntPaye_ST_JOSEPH) -> 0
D32: 42979 | E32: =SUMPRODUCT((DateAF_ST_JOSEPH<>"")*(MONTH(DateAF_ST_JOSEPH)=MONTH(D32))*(YEAR(DateAF_ST_JOSEPH)=YEAR(D32))*MontantAF_ST_JOSEPH) -> 0 | G32: 42979 | H32: =SUMPRODUCT((DatePmt_ST_JOSEPH<>"")*(DatePmt_ST_JOSEPH<>"en attente")*(MONTH(DatePmt_ST_JOSEPH)=MONTH(G32))*(YEAR(DatePmt_ST_JOSEPH)=YEAR(G32))*(ISNUMBER(MtntPaye_ST_JOSEPH)),MtntPaye_ST_JOSEPH) -> 0
D33: 43009 | E33: =SUMPRODUCT((DateAF_ST_JOSEPH<>"")*(MONTH(DateAF_ST_JOSEPH)=MONTH(D33))*(YEAR(DateAF_ST_JOSEPH)=YEAR(D33))*MontantAF_ST_JOSEPH) -> 0 | G33: 43009 | H33: =SUMPRODUCT((DatePmt_ST_JOSEPH<>"")*(DatePmt_ST_JOSEPH<>"en attente")*(MONTH(DatePmt_ST_JOSEPH)=MONTH(G33))*(YEAR(DatePmt_ST_JOSEPH)=YEAR(G33))*(ISNUMBER(MtntPaye_ST_JOSEPH)),MtntPaye_ST_JOSEPH) -> 0
D34: 43040 | E34: =SUMPRODUCT((DateAF_ST_JOSEPH<>"")*(MONTH(DateAF_ST_JOSEPH)=MONTH(D34))*(YEAR(DateAF_ST_JOSEPH)=YEAR(D34))*MontantAF_ST_JOSEPH) -> 0 | G34: 43040 | H34: =SUMPRODUCT((DatePmt_ST_JOSEPH<>"")*(DatePmt_ST_JOSEPH<>"en attente")*(MONTH(DatePmt_ST_JOSEPH)=MONTH(G34))*(YEAR(DatePmt_ST_JOSEPH)=YEAR(G34))*(ISNUMBER(MtntPaye_ST_JOSEPH)),MtntPaye_ST_JOSEPH) -> 0
D35: 43070 | E35: =SUMPRODUCT((DateAF_ST_JOSEPH<>"")*(MONTH(DateAF_ST_JOSEPH)=MONTH(D35))*(YEAR(DateAF_ST_JOSEPH)=YEAR(D35))*MontantAF_ST_JOSEPH) -> 0 | G35: 43070 | H35: =SUMPRODUCT((DatePmt_ST_JOSEPH<>"")*(DatePmt_ST_JOSEPH<>"en attente")*(MONTH(DatePmt_ST_JOSEPH)=MONTH(G35))*(YEAR(DatePmt_ST_JOSEPH)=YEAR(G35))*(ISNUMBER(MtntPaye_ST_JOSEPH)),MtntPaye_ST_JOSEPH) -> 0
D36: 43101 | E36: =SUMPRODUCT((DateAF_ST_JOSEPH<>"")*(MONTH(DateAF_ST_JOSEPH)=MONTH(D36))*(YEAR(DateAF_ST_JOSEPH)=YEAR(D36))*MontantAF_ST_JOSEPH) -> 0 | G36: 43101 | H36: =SUMPRODUCT((DatePmt_ST_JOSEPH<>"")*(DatePmt_ST_JOSEPH<>"en attente")*(MONTH(DatePmt_ST_JOSEPH)=MONTH(G36))*(YEAR(DatePmt_ST_JOSEPH)=YEAR(G36))*(ISNUMBER(MtntPaye_ST_JOSEPH)),MtntPaye_ST_JOSEPH) -> 0
D37: 43132 | E37: =SUMPRODUCT((DateAF_ST_JOSEPH<>"")*(MONTH(DateAF_ST_JOSEPH)=MONTH(D37))*(YEAR(DateAF_ST_JOSEPH)=YEAR(D37))*MontantAF_ST_JOSEPH) -> 0 | G37: 43132 | H37: =SUMPRODUCT((DatePmt_ST_JOSEPH<>"")*(DatePmt_ST_JOSEPH<>"en attente")*(MONTH(DatePmt_ST_JOSEPH)=MONTH(G37))*(YEAR(DatePmt_ST_JOSEPH)=YEAR(G37))*(ISNUMBER(MtntPaye_ST_JOSEPH)),MtntPaye_ST_JOSEPH) -> 0
D38: 43160 | E38: =SUMPRODUCT((DateAF_ST_JOSEPH<>"")*(MONTH(DateAF_ST_JOSEPH)=MONTH(D38))*(YEAR(DateAF_ST_JOSEPH)=YEAR(D38))*MontantAF_ST_JOSEPH) -> 0 | G38: 43160 | H38: =SUMPRODUCT((DatePmt_ST_JOSEPH<>"")*(DatePmt_ST_JOSEPH<>"en attente")*(MONTH(DatePmt_ST_JOSEPH)=MONTH(G38))*(YEAR(DatePmt_ST_JOSEPH)=YEAR(G38))*(ISNUMBER(MtntPaye_ST_JOSEPH)),MtntPaye_ST_JOSEPH) -> 146111.1
... D55: 43800 | E55: =SUMPRODUCT((DateAF_ST_JOSEPH<>"")*(MONTH(DateAF_ST_JOSEPH)=MONTH(D55))*(YEAR(DateAF_ST_JOSEPH)=YEAR(D55))*MontantAF_ST_JOSEPH) -> 0 | G55: 43800 | H55: =SUMPRODUCT((DatePmt_ST_JOSEPH<>"")*(DatePmt_ST_JOSEPH<>"en attente")*(MONTH(DatePmt_ST_JOSEPH)=MONTH(G55))*(YEAR(DatePmt_ST_JOSEPH)=YEAR(G55))*(ISNUMBER(MtntPaye_ST_JOSEPH)),MtntPaye_ST_JOSEPH) -> 0
E56: =SUM(E21:E55) -> 364604.28 | H56: =SUM(H21:H55) -> 364604.28
E57: =+E56-E17 -> 0 | H57: =+H56-H17 -> 0

Sheet CILGERE
A2: ETAT DES CREANCES : CILGERE | L2: 42155
A4: Opération | B4: Libellé | C4: Signature | D4: BUDGET | E4: APPELS DE FONDS | K4: RESTE A PERCEVOIR
E5: Montant | F5: N° | G5: Date | H5: Payé | I5: Date | J5: Nbre js d'impayés | K5: A payer | L5: Non appelé
A6: P'TIT CANAL | C6: 40798 | D6: 100000
E7: 80000 | F7: 1 | H7: 80000 | I7: 40925 | K7: =+IF(G7="",0,E7-H7) -> 0 | L7: =IF(G7="",E7-H7,0) -> 0
E8: 20000 | F8: 2 | K8: =+IF(G8="",0,E8-H8) -> 0 | L8: =IF(G8="",E8-H8,0) -> 20000
A9: AVENUE RAYMOND BARRE | D9: 100000 | K9: =+IF(G9="",0,E9-H9) -> 0 | L9: =IF(G9="",E9-H9,0) -> 0
E10: 50000 | F10: 1 | G10: 41729 | H10: 50000 | I10: 41829 | K10: =+IF(G10="",0,E10-H10) -> 0 | L10: =IF(G10="",E10-H10,0) -> 0
E11: 50000 | F11: 2 | K11: =+IF(G11="",0,E11-H11) -> 0 | L11: =IF(G11="",E11-H11,0) -> 50000
A12: CHALOUPE | D12: 100000 | K12: =+IF(G12="",0,E12-H12) -> 0 | L12: =IF(G12="",E12-H12,0) -> 0
E13: 50000 | F13: 1 | G13: 41729 | H13: 50000 | I13: 41829 | K13: =+IF(G13="",0,E13-H13) -> 0 | L13: =IF(G13="",E13-H13,0) -> 0
E14: 50000 | F14: 2 | K14: =+IF(G14="",0,E14-H14) -> 0 | L14: =IF(G14="",E14-H14,0) -> 50000
D15: =SUM(D6:D14) -> 300000 | E15: =SUM(E6:E14) -> 300000 | H15: =SUM(H6:H14) -> 180000 | K15: =SUM(K6:K14) -> 0 | L15: =SUM(L6:L14) -> 120000
K16: =SUM(K15:L15) -> 120000

Sheet cilgère
A1: ETAT DES CREANCES : CILGERE | L1: =TODAY() -> 43593
A3: Opération | B3: Libellé | C3: Signature | D3: BUDGET | E3: APPELS DE FONDS | K3: RESTE A PERCEVOIR
E4: Montant | F4: N° | G4: Date | H4: Payé | I4: Date | J4: Nbre js d'impayés | K4: A payer | L4: Non appelé
A5: Avenue R. BARRE | C5: 41631 | D5: 100000
E6: 50000 | F6: 1 | G6: 41729 | H6: ? | J6: =I6-G6 -> -41729 | K6: 50000 | L6: =IF(G6="",E6-H6,0) -> 0
E7: 50000 | L7: 50000
A8: Chaloupe/Paille en Queue | C8: 41631 | D8: 100000
E9: 50000 | F9: 1 | G9: 41729 | H9: ? | K9: 50000
E10: 50000 | K10: =+IF(G10="",0,E10-H10) -> 0 | L10: =IF(G10="",E10-H10,0) -> 50000
D11: =SUM(D5:D10) -> 200000 | H11: =SUM(H5:H10) -> 0 | K11: =K6+K9 -> 100000 | L11: =SUM(L5:L10) -> 100000
K12: =SUM(K11:L11) -> 200000
